Workbook
Name _100: #REF!
Name _100: #REF!
Name _100: #REF!
Name _100: #REF!
Name _100: #REF!
Name ano_anterior: #REF!
Name ano_anterior: #REF!
Name ano_anterior: #REF!
Name ano_anterior: #REF!
Name ano_anterior: #REF!
Name ano_anterior: #REF!
Name ano_anterior: #REF!
Name language: [1]Hints!$F$1
Name language: [1]Hints!$F$1
Name language: [1]Hints!$F$1
Name language: [1]Hints!$F$1
Name language: [1]Hints!$F$1
Name language: [1]Hints!$F$1
Name language: [1]Hints!$F$1
Name Language: [2]Capa!$Q$2
Name NOI: #REF!
Name NOI: #REF!
Name NOI: #REF!
Name NOI: #REF!
Name NOI: #REF!
Name NOI: #REF!
Name NOI: #REF!
Name NOIFin: #REF!
Name NOIFin: #REF!
Name NOIFin: #REF!
Name NOIFin: #REF!
Name NOIFin: #REF!
Name NOIFin: #REF!
Name NOIFin: #REF!
Name Savassi1T07: #REF!
Name Savassi1T07: #REF!
Name Savassi1T07: #REF!
Name Savassi1T07: #REF!
Name Savassi1T07: #REF!
Name Savassi1T07: #REF!
Name Savassi1T07: #REF!
Name Unidade: '[1]P&L'!$C$4
Name xxxxxxxxxxx: #REF!
Name xxxxxxxxxxx: #REF!
Name xxxxxxxxxxx: #REF!
Name xxxxxxxxxxx: #REF!

Sheet Capa | Cover

Sheet Indicadores | Indicators
C4: IGUATEMI EMPRESA DE SHOPPING CENTERS S/A | G4: IGUATEMI EMPRESA DE SHOPPING CENTERS S/A | K4: IGUATEMI EMPRESA DE SHOPPING CENTERS S/A | O4: IGUATEMI EMPRESA DE SHOPPING CENTERS S/A | S4: IGUATEMI EMPRESA DE SHOPPING CENTERS S/A | W4: IGUATEMI EMPRESA DE SHOPPING CENTERS S/A | AA4: IGUATEMI EMPRESA DE SHOPPING CENTERS S/A | AE4: IGUATEMI EMPRESA DE SHOPPING CENTERS S/A | AI4: IGUATEMI EMPRESA DE SHOPPING CENTERS S/A | AM4: IGUATEMI EMPRESA DE SHOPPING CENTERS S/A | AQ4: IGUATEMI EMPRESA DE SHOPPING CENTERS S/A | AU4: IGUATEMI EMPRESA DE SHOPPING CENTERS S/A | AY4: IGUATEMI S.A. | BC4: IGUATEMI S.A. | BG4: IGUATEMI S.A. | BM4: IGUATEMI EMPRESA DE SHOPPING CENTERS S/A | BY4: IGUATEMI S.A.
A5: Principais Indicadores | B5: Main Indicators | C5: 1Q10 | D5: 2Q10 | E5: 3Q10 | F5: 4Q10 | G5: 1Q11 | H5: 2Q11 | I5: 3Q11 | J5: 4Q11 | K5: 1Q12 | L5: 2Q12 | M5: 3Q12 | N5: 4Q12 | O5: 1Q13 | P5: 2Q13 | Q5: 3Q13 | R5: 4Q13 | S5: 1Q14 | T5: 2Q14 | U5: 3Q14 | V5: 4Q14 | W5: 1Q15 | X5: 2Q15 | Y5: 3Q15 | Z5: 4Q15 | AA5: 1Q16 | AB5: 2Q16 | AC5: 3Q16 | AD5: 4Q16 | AE5: 1Q17 | AF5: 2Q17 | AG5: 3Q17 | AH5: 4Q17 | AI5: 1Q18 | AJ5: 2Q18 | AK5: 3Q18 | AL5: 4Q18 | AM5: 1Q19 | AN5: 2Q19 | AO5: 3Q19 | AP5: 4Q19 | AQ5: 1Q20 | AR5: 2Q20 | AS5: 3Q20 | AT5: 4Q20 | AU5: 1Q21 | AV5: 2Q21 | AW5: 3Q21 | AX5: 4Q21 | AY5: 1Q22 | AZ5: 2Q22 | BA5: 3Q22 | BB5: 4Q22 | BC5: 1Q23 | BD5: 2Q23 | BE5: 3Q23 | BF5: 4Q23 | BG5: 1Q24 | BH5: 2Q24 | BI5: 3Q24 | BJ5: 4Q24 | BK5: 1Q25 | BM5: 2010 | BN5: 2011 | BO5: 2012 | BP5: 2013 | BQ5: 2014 | BR5: 2015 | BS5: 2016 | BT5: 2017 | BU5: 2018 | BV5: 2019 | BW5: 2020 | BX5: 2021 | BY5: 2022 | BZ5: 2023 | CA5: 2024
A7: Indicadores de Performance | B7: Performance Indicators | C7: =C5 -> 1Q10 | D7: =D5 -> 2Q10 | E7: =E5 -> 3Q10 | F7: =F5 -> 4Q10 | G7: =G5 -> 1Q11 | H7: =H5 -> 2Q11 | I7: =I5 -> 3Q11 | J7: =J5 -> 4Q11 | ... BK7: =BK5 -> 1Q25 | BM7: 2010 | BN7: 2011 | BO7: 2012 | BP7: 2013 | BQ7: 2014 | BR7: 2015 | BS7: 2016 | BT7: =BT5 -> 2017 | BU7: =BU5 -> 2018 | BV7: =BV5 -> 2019 | BW7: =BW5 -> 2020 | BX7: =BX5 -> 2021 | BY7: =BY5 -> 2022 | BZ7: =BZ5 -> 2023 | CA7: 2024
A8: ABL Total Média (m²) | B8: Total GLA (sqm) | C8: 398135 | D8: 431695 | E8: 433175 | F8: 432545 | G8: 431315 | H8: 469218 | I8: 468841 | J8: 473804 | K8: 473804 | L8: 509097 | M8: 490874 | N8: 490874 | O8: 490874 | P8: 491649 | Q8: 555836 | R8: 613.010 | S8: 613577 | T8: 660500 | U8: 660500 | V8: 660500 | W8: 660500 | X8: 679671 | Y8: 714959 | Z8: 714959 | AA8: 714959 | AB8: 746027 | AC8: 746027 | AD8: 746027 | AE8: 746027 | AF8: 746027 | AG8: 746027 | AH8: 746027 | AI8: 737465.54 | AJ8: 737467.31 | AK8: 737467.31 | AL8: 757355.22 | AM8: 758335.9 | AN8: 758335.9 | AO8: 728011.9 | AP8: 709989.22 | AQ8: 710574.15 | AR8: 710509.77 | AS8: 710569.09 | AT8: 710894.76 | AU8: 711192.05 | AV8: 708485.57 | AW8: 709108.25 | AX8: 709304.42 | AY8: 709449.43 | AZ8: 709153.34 | BA8: 708944.58 | BB8: 723479.67 | BC8: 726333.13 | BD8: 727105.83 | BE8: 727121.28 | BF8: 727337.47 | BG8: 726241.63 | BH8: 726324.23 | BI8: 715720.42 | BJ8: 753035.9 | BK8: 751051.54 | BM8: 432545 | BN8: 473804 | BO8: 490874 | BP8: 613.010 | BQ8: 660500 | BR8: 714959 | BS8: 746027 | BT8: 746027 | BU8: 757355.22 | BV8: 709989.22 | BW8: 710894.76 | BX8: 709304.42 | BY8: 723479.67 | BZ8: 727337.47 | CA8: 732175.47
A9: ABL Própria Final (m²) | B9: Owned GLA (sqm) | C9: 215096 | D9: 237004 | E9: 237678 | F9: 237429 | G9: 238291 | H9: 265644 | I9: 267911 | J9: 277647 | K9: 277647 | L9: 295294 | M9: 280942 | N9: 282040 | O9: 282040 | P9: 283378 | Q9: 340393 | R9: 379805 | S9: 380221 | T9: 425163 | U9: 425163 | V9: 425282 | W9: 425282 | X9: 438702 | Y9: 440422.55 | Z9: 443273.31 | AA9: 443418.68 | AB9: 454604.17 | AC9: 454604.17 | AD9: 454604.17 | AE9: 454604.17 | AF9: 454604.17 | AG9: 454619.71 | AH9: 454624.89 | AI9: 447782.81 | AJ9: 447807.63 | AK9: 447812.52 | AL9: 458566.65 | AM9: 459101.03 | AN9: 459101.03 | AO9: 456553.81 | AP9: 452933.86 | AQ9: 470703.16 | AR9: 470663.28 | AS9: 470691.66 | AT9: 470928.48 | AU9: 471002.86 | AV9: 468858.85 | AW9: 469274.91 | AX9: 469357.54 | AY9: 469493.57 | AZ9: 469305.08 | BA9: 469183.42 | BB9: 488849.42 | BC9: 490044.75 | BD9: 490213.15 | BE9: 490214.93 | BF9: 490418.58 | BG9: 491270.06 | BH9: 491430.99 | BI9: 471897.34 | BJ9: 480968.36 | BK9: 479245.99 | BM9: 237429 | BN9: 277647 | BO9: 282040 | BP9: 379805 | BQ9: 425282 | BR9: 443273.31 | BS9: 454604.17 | BT9: 454624.89 | BU9: 458566.65 | BV9: 452933.86 | BW9: 470928.48 | BX9: 469357.54 | BY9: 488849.42 | BZ9: 490418.58 | CA9: 480968.36
A10: ABL Própria Média (m²) | B10: Average Owned GLA (sqm) | C10: - | D10: 207924 | E10: 208598 | F10: 237429 | G10: - | H10: 225694 | I10: 266778 | J10: 272779 | K10: 277647 | L10: 285203 | M10: 288118 | N10: 281491 | O10: 282040 | P10: 282721 | Q10: 302383 | R10: 353530 | S10: 380221 | T10: 423526 | U10: 425163 | V10: 425282 | W10: 425282 | X10: 434228.67 | Y10: 435375.7 | Z10: 437276.21 | AA10: 437373.12 | AB10: 452037.4 | AC10: 454603.48 | AD10: 454603.48 | AE10: 454604.17 | AF10: 454604.17 | AG10: 454614.53 | AH10: 454624.89 | AI10: 447782.81 | AJ10: 447807.63 | AK10: 447812.52 | AL10: 451397.23 | AM10: 459101.03 | AN10: 459101.03 | AO10: 457402.89 | AP10: 452933.86 | AQ10: 465799.06 | AR10: 470663.28 | AS10: 470691.66 | AT10: 470928.48 | AU10: 471002.86 | AV10: 468858.85 | AW10: 469274.91 | AX10: 469357.54 | AY10: 469493.57 | AZ10: 469305.08 | BA10: 469183.42 | BB10: 480795.94 | BC10: 490044.75 | BD10: 490213.15 | BE10: 490214.93 | BF10: 490418.58 | BG10: 489933.51 | BH10: 491430.99 | BI10: 482969.45 | BJ10: 480956.85 | BK10: 479245.99 | BM10: 224503 | BN10: 257538 | BO10: 281491 | BP10: 321404 | BQ10: 413518 | BR10: 431279.1 | BS10: 451165.84 | BT10: 454611.94 | BU10: 448700.05 | BV10: 457134.7 | BW10: 469520.62 | BX10: 469357.54 | BY10: 504924.63 | BZ10: 490418.58 | CA10: 486322.65
A11: ABL Total Média Shopping (m²) | B11: Total GLA, malls (sqm) | C11: 369055 | D11: 402615 | E11: 404095 | F11: 403465 | G11: 402235 | H11: 435263 | I11: 435292 | J11: 440255 | K11: 440255 | L11: 465548 | M11: 456919 | N11: 456919 | O11: 456919 | P11: 458100 | Q11: 522287 | R11: 579461 | S11: 580028 | T11: 626951 | U11: 626951 | V11: 626951 | W11: 626951 | X11: 646122 | Y11: 681410 | Z11: 681410 | AA11: 681410 | AB11: 701786 | AC11: 701786 | AD11: 701786 | AE11: 701786 | AF11: 701786 | AG11: 701786 | AH11: 701786 | AI11: 698594.58 | AJ11: 698596.35 | AK11: 698596.35 | AL11: 718484.26 | AM11: 719464.94 | AN11: 719464.94 | AO11: 689140.94 | AP11: 671118.26 | AQ11: 671703.19 | AR11: 671638.81 | AS11: 671698.13 | AT11: 671909.27 | AU11: 672211.88 | AV11: 669689.86 | AW11: 670312.54 | AX11: 670294.71 | AY11: 670439.43 | AZ11: 670143.34 | BA11: 669934.58 | BB11: 669969.67 | BC11: 672823.13 | BD11: 673595.83 | BE11: 673611.28 | BF11: 673827.47 | BG11: 672731.63 | BH11: 672814.23 | BI11: 662210.42 | BJ11: 699525.9 | BK11: 697541.54 | BM11: 403465 | BN11: 440255 | BO11: 456919 | BP11: 579461 | BQ11: 626951 | BR11: 681410 | BS11: 701786 | BT11: 701786 | BU11: 718484.26 | BV11: 671118.26 | BW11: 671909.27 | BX11: 670294.71 | BY11: 669969.67 | BZ11: 673827.47 | CA11: 676820.45
A12: ABL Própria Média Shopping (m²) | B12: Owned GLA, malls (sqm) | C12: 186016 | D12: 207924 | E12: 208598 | F12: 208349 | G12: 209211 | H12: 234097 | I12: 236569 | J12: 245993 | K12: 245993 | L12: 258639 | M12: 249395 | N12: 249395 | O12: 250379 | P12: 251717 | Q12: 308732 | R12: 348144 | S12: 345862 | T12: 393501 | U12: 393501 | V12: 393501 | W12: 393610 | X12: 407030 | Y12: 408744.72 | Z12: 411595.48 | AA12: 411728.34 | AB12: 419064.71 | AC12: 419064.71 | AD12: 419064.71 | AE12: 419064.71 | AF12: 419064.71 | AG12: 419078.9 | AH12: 419083.64 | AI12: 415489.61 | AJ12: 415514.42 | AK12: 415519.31 | AL12: 426273.45 | AM12: 426807.82 | AN12: 426807.82 | AO12: 424260.61 | AP12: 420640.66 | AQ12: 437733.68 | AR12: 437693.79 | AS12: 437722.18 | AT12: 437843.73 | AU12: 437923.43 | AV12: 435857.96 | AW12: 436274.02 | AX12: 436248.31 | AY12: 436384.05 | AZ12: 436195.56 | BA12: 436073.9 | BB12: 448199.9 | BC12: 449395.23 | BD12: 449563.63 | BE12: 449565.41 | BF12: 449769.05 | BG12: 450620.54 | BH12: 450781.47 | BI12: 442319.93 | BJ12: 440318.83 | BK12: 438596.47 | BM12: 208249 | BN12: 245993 | BO12: 249395 | BP12: 348144 | BQ12: 393501 | BR12: 411595.48 | BS12: 419064.71 | BT12: 419083.64 | BU12: 426273.45 | BV12: 420640.66 | BW12: 437843.73 | BX12: 436248.31 | BY12: 448199.9 | BZ12: 449769.05 | CA12: 444171.15
A13: Total Shoppings (1) | B13: Number of malls(1) | C13: 11 | D13: 12 | E13: 12 | F13: 12 | G13: 12 | H13: 13 | I13: 13 | J13: 13 | K13: 13 | L13: 14 | M13: 13 | N13: 13 | O13: 13 | P13: 13 | Q13: 15 | R13: 16 | S13: 16 | T13: 16 | U13: 16 | V13: 16 | W13: 16 | X13: 16 | Y13: 17 | Z13: 17 | AA13: 17 | AB13: 17 | AC13: 17 | AD13: 17 | AE13: 17 | AF13: 17 | AG13: 17 | AH13: 17 | AI13: 17 | AJ13: 17 | AK13: 17 | AL13: 18 | AM13: 18 | AN13: 18 | AO13: 17 | AP13: 16 | AQ13: 16 | AR13: 16 | AS13: 16 | AT13: 16 | AU13: 16 | AV13: 16 | AW13: 16 | AX13: 16 | AY13: 16 | AZ13: 16 | BA13: 16 | BB13: 16 | BC13: 16 | BD13: 16 | BE13: 16 | BF13: 16 | BG13: 16 | BH13: 16 | BI13: 15 | BJ13: 16 | BK13: 16 | BM13: 12 | BN13: 13 | BO13: 13 | BP13: 15 | BQ13: 16 | BR13: 17 | BS13: 17 | BT13: 17 | BU13: 18 | BV13: 16 | BW13: 16 | BX13: 16 | BY13: 16 | BZ13: 16 | CA13: 16
A14: Vendas Totais (R$ mil) | B14: Total sales (R$ ’000) | C14: 1273080 | D14: 1495135 | E14: 1500665 | F14: 1990692 | G14: 1507656 | H14: 1787864 | I14: 1746690 | J14: 2321075 | K14: 1775184 | L14: 1897797 | M14: 1980254 | N14: 2553032 | O14: 1965689 | P14: 2149038 | Q14: 2168132 | R14: 2932228 | S14: 2254453 | T14: 2520032 | U14: 2468993 | V14: 3299856.9 | W14: 2486165.5 | X14: 2724638.5 | Y14: 2846453.1 | Z14: 3793592.9 | AA14: 2835874 | AB14: 3085262.6 | AC14: 2901263.2 | AD14: 3896858.2 | AE14: 2910195.6 | AF14: 3248347.8 | AG14: 3097345.4 | AH14: 4018835.3 | AI14: 2973200.4 | AJ14: 3252406 | AK14: 3245305.8 | AL14: 4219623.5 | AM14: 3134792.2 | AN14: 3508228.6 | AO14: 3324207.1 | AP14: 4250371.8 | AQ14: 2633733.3 | AR14: 603633.49 | AS14: 1820455.3 | AT14: 3639343.5 | AU14: 1885292.1 | AV14: 2742934 | AW14: 3326673.5 | AX14: 4751747 | AY14: 3341466.2 | AZ14: 4280442.7 | BA14: 4084236.8 | BB14: 5259166.9 | BC14: 3903522.4 | BD14: 4624551.3 | BE14: 4462534.8 | BF14: 5875594.2 | BG14: 4306838.7 | BH14: 4949663.1 | BI14: 4896417.2 | BJ14: 7003319.4 | BK14: 5037473.9 | BM14: 6259572 | BN14: 7363285 | BO14: 8115637 | BP14: 9128208 | BQ14: 10544580 | BR14: 11850850 | BS14: 12719258 | BT14: 13272439 | BU14: 13690536 | BV14: 14217600 | BW14: 8697165.7 | BX14: 12706647 | BY14: 16968641 | BZ14: 18866203 | CA14: 21156238
A15: Vendas mesmas lojas (SSS) | B15: Same-stores sales (SSS) | C15: 0.113 | D15: 0.085 | E15: 0.096 | F15: 0.069 | G15: 0.054 | H15: 0.104 | I15: 0.075 | J15: 0.084 | K15: 0.0811 | L15: 0.073 | M15: 0.089 | N15: 0.08 | O15: 0.08 | P15: 0.068 | Q15: 0.081 | R15: 0.081 | S15: 0.074 | T15: 0.082 | U15: 0.069 | V15: 0.081 | W15: 0.072 | X15: 0.06 | Y15: 0.046 | Z15: 0.04234108 | AA15: 0.018 | AB15: 0.03 | AC15: 0.01 | AD15: 0 | AE15: 0.017 | AF15: 0.041 | AG15: 0.058759934 | AH15: 0.025 | AI15: 0.011 | AJ15: -0.018797828 | AK15: 0.028648292 | AL15: 0.034407317 | AM15: 0.030676883 | AN15: 0.069203643 | AO15: 0.030856798 | AP15: 0.057036796 | AQ15: -0.12853047 | AR15: -0.70626386 | AS15: -0.3752043 | AT15: -0.118 | AU15: -0.2561852 | AV15: 2.2301821 | AW15: 0.078194651 | AX15: 0.27519298 | AY15: 0.707 | AZ15: 0.50117292 | BA15: 0.19551138 | BB15: 0.089306138 | BC15: 0.15049134 | BD15: 0.065310999 | BE15: 0.063468813 | BF15: 0.094 | BG15: 0.072702965 | BH15: 0.040110545 | BI15: 0.089 | BJ15: 0.095 | BK15: 0.063 | BM15: 0.087 | BN15: 0.0708 | BO15: 0.0788 | BP15: 0.078 | BQ15: 0.078 | BR15: 0.05508527 | BS15: 0.011 | BT15: 0.035 | BU15: 0.015076593 | BV15: 0.047950363 | BW15: -0.28087341 | BX15: 0.34683553 | BY15: 0.30038916 | BZ15: 0.090387819 | CA15: 0.075
A16: Vendas mesma área (SAS) | B16: Same-area sales (SAS) | C16: 0.114 | D16: 0.104 | E16: 0.114 | F16: 0.095 | G16: 0.081 | H16: 0.136 | I16: 0.114 | J16: 0.102 | K16: 0.109 | L16: 0.075 | M16: 0.091 | N16: 0.081 | O16: 0.084 | P16: 0.073 | Q16: 0.082 | R16: 0.099 | S16: 0.076 | T16: 0.083 | U16: 0.071 | V16: 0.082 | W16: 0.073 | X16: 0.062 | Y16: 0.047 | Z16: 0.052 | AA16: 0.04 | AB16: 0.032 | AC16: 0.024 | AD16: 0.002 | AE16: 0.016 | AF16: 0.051 | AG16: 0.068 | AH16: 0.031 | AI16: 0.02164968 | AJ16: 0.0012493143 | AK16: 0.047770072 | AL16: 0.049961801 | AM16: 0.045465534 | AN16: 0.072096293 | AO16: 0.042298613 | AP16: 0.073915939 | AQ16: -0.095889312 | AR16: -0.81638925 | AS16: -0.42890509 | AT16: -0.14375878 | AU16: -0.28417501 | AV16: 3.5440388 | AW16: 0.04361048 | AX16: 0.30616238 | AY16: 0.772 | AZ16: 0.56167087 | BA16: 0.225 | BB16: 0.1074864 | BC16: 0.16830987 | BD16: 0.080390897 | BE16: 0.092623918 | BF16: 0.11721006 | BG16: 0.10332114 | BH16: 0.07030126 | BI16: 0.10274187 | BJ16: 0.1108556 | BK16: 0.07560582 | BM16: 0.102 | BN16: 0.0951 | BO16: 0.0813 | BP16: 0.078 | BQ16: 0.08 | BR16: 0.058 | BS16: 0.02 | BT16: 0.049 | BU16: 0.031501142 | BV16: 0.060691998 | BW16: -0.36225576 | BX16: 0.46101006 | BY16: 0.33656262 | BZ16: 0.11182756 | CA16: 0.097
A17: Aluguéis mesmas lojas (SSR) | B17: Same-store rentals (SSR) | C17: 0.063 | D17: 0.063 | E17: 0.079 | F17: 0.079 | G17: 0.072 | H17: 0.116 | I17: 0.1 | J17: 0.09 | K17: 0.1005 | L17: 0.081 | M17: 0.081 | N17: 0.088 | O17: 0.141 | P17: 0.088 | Q17: 0.084 | R17: 0.109 | S17: 0.092 | T17: 0.091 | U17: 0.086 | V17: 0.087 | W17: 0.081 | X17: 0.068 | Y17: 0.055 | Z17: 0.069028786 | AA17: 0.065 | AB17: 0.064 | AC17: 0.074 | AD17: 0.065 | AE17: 0.073 | AF17: 0.063 | AG17: 0.05776264 | AH17: 0.044 | AI17: 0.028 | AJ17: 0.018215091 | AK17: 0.017561171 | AL17: 0.04331316 | AM17: 0.06357253 | AN17: 0.10040556 | AO17: 0.087636037 | AP17: 0.052129372 | AQ17: -0.26474241 | AR17: -0.79121179 | AS17: -0.28526569 | AT17: -0.03272714 | AU17: -0.042 | AV17: 4.1085578 | AW17: 0.2287195 | AX17: 0.28 | AY17: 0.699 | AZ17: 0.57875271 | BA17: 0.357 | BB17: 0.21973459 | BC17: 0.19739854 | BD17: 0.10492064 | BE17: 0.082574348 | BF17: 0.065583486 | BG17: 0.055 | BH17: 0.029 | BI17: 0.063 | BJ17: 0.076010558 | BK17: 0.058898481 | BM17: 0.067 | BN17: 0.083 | BO17: 0.0968 | BP17: 0.105 | BQ17: 0.091 | BR17: 0.068 | BS17: 0.064 | BT17: 0.058 | BU17: 0.026955411 | BV17: 0.073430796 | BW17: -0.24520876 | BX17: 0.517 | BY17: 0.44131735 | BZ17: 0.10149328 | CA17: 0.061144127
A18: Aluguéis mesma área (SAR) | B18: Same-area rentals (SAR) | C18: 0.064 | D18: 0.064 | E18: 0.073 | F18: 0.091 | G18: 0.07 | H18: 0.129 | I18: 0.113 | J18: 0.096 | K18: 0.1142 | L18: 0.081 | M18: 0.09 | N18: 0.094 | O18: 0.145 | P18: 0.093 | Q18: 0.085 | R18: 0.114 | S18: 0.108 | T18: 0.093 | U18: 0.088 | V18: 0.089 | W18: 0.081 | X18: 0.068 | Y18: 0.054 | Z18: 0.071 | AA18: 0.074 | AB18: 0.061 | AC18: 0.064 | AD18: 0.062 | AE18: 0.069 | AF18: 0.066 | AG18: 0.061 | AH18: 0.041 | AI18: 0.043346979 | AJ18: 0.056805732 | AK18: 0.052621686 | AL18: 0.047289397 | AM18: 0.046 | AN18: 0.074428638 | AO18: 0.062379457 | AP18: 0.045917883 | AQ18: -0.27139644 | AR18: -0.79797026 | AS18: -0.32767281 | AT18: -0.10099497 | AU18: -0.128 | AV18: 3.6761305 | AW18: 0.11853374 | AX18: 0.243 | AY18: 0.722 | AZ18: 0.54697836 | BA18: 0.324 | BB18: 0.25729735 | BC18: 0.17325218 | BD18: 0.09001488 | BE18: 0.064798552 | BF18: 0.046111503 | BG18: 0.036647918 | BH18: 0.021 | BI18: 0.038 | BJ18: 0.059691717 | BK18: 0.041489034 | BM18: 0.073 | BN18: 0.088 | BO18: 0.098 | BP18: 0.108 | BQ18: 0.093 | BR18: 0.068 | BS18: 0.069 | BT18: 0.059 | BU18: 0.043737525 | BV18: 0.05680003 | BW18: -0.28479214 | BX18: 0.448 | BY18: 0.40809969 | BZ18: 0.082097604 | CA18: 0.043868843
A19: Custo de Ocupação (% das vendas) | B19: Occupancy cost (% of sales) | C19: 0.12 | D19: 0.113 | E19: 0.113 | F19: 0.107 | G19: 0.122 | H19: 0.112 | I19: 0.106 | J19: 0.101 | K19: 0.116 | L19: 0.106 | M19: 0.107 | N19: 0.106 | O19: 0.116 | P19: 0.107 | Q19: 0.108 | R19: 0.108 | S19: 0.124 | T19: 0.116 | U19: 0.119 | V19: 0.11 | W19: 0.128 | X19: 0.116 | Y19: 0.121 | Z19: 0.11 | AA19: 0.127 | AB19: 0.117 | AC19: 0.125 | AD19: 0.11461712 | AE19: 0.12739344 | AF19: 0.115 | AG19: 0.11999175 | AH19: 0.11249173 | AI19: 0.13019444 | AJ19: 0.1175526 | AK19: 0.11999994 | AL19: 0.11435184 | AM19: 0.1259652 | AN19: 0.11691177 | AO19: 0.11931236 | AP19: 0.1095 | AQ19: 0.11530909 | AR19: 0.22489291 | AS19: 0.14356025 | AT19: 0.12987238 | AU19: 0.16774754 | AV19: 0.12827079 | AW19: 0.12254186 | AX19: 0.113 | AY19: 0.138 | AZ19: 0.113 | BA19: 0.122 | BB19: 0.11834983 | BC19: 0.13189497 | BD19: 0.11341878 | BE19: 0.11855715 | BF19: 0.111 | BG19: 0.12479188 | BH19: 0.108 | BI19: 0.11 | BJ19: 0.105 | BK19: 0.118 | BM19: 0.113 | BN19: 0.105 | BO19: 0.107 | BP19: 0.113 | BQ19: 0.116 | BR19: 0.116 | BS19: 0.11981369 | BT19: 0.12086111 | BU19: 0.12033817 | BV19: 0.11682306 | BW19: 0.13532543 | BX19: 0.126 | BY19: 0.12114744 | BZ19: 0.117 | CA19: 0.111
A20: Taxa de Ocupação | B20: Occupancy rate | C20: 0.972 | D20: 0.972 | E20: 0.979 | F20: 0.971 | G20: 0.967 | H20: 0.966 | I20: 0.968 | J20: 0.969 | K20: 0.966 | L20: 0.961 | M20: 0.961 | N20: 0.961 | O20: 0.954 | P20: 0.958 | Q20: 0.967 | R20: 0.955 | S20: 0.95 | T20: 0.952 | U20: 0.951 | V20: 0.953 | W20: 0.96 | X20: 0.95 | Y20: 0.941 | Z20: 0.94 | AA20: 0.94 | AB20: 0.938 | AC20: 0.9325 | AD20: 0.9336 | AE20: 0.93 | AF20: 0.931 | AG20: 0.933 | AH20: 0.942 | AI20: 0.9465 | AJ20: 0.94580497 | AK20: 0.9436999 | AL20: 0.94604375 | AM20: 0.937 | AN20: 0.9210126 | AO20: 0.9242584 | AP20: 0.93989872 | AQ20: 0.94138129 | AR20: 0.93569278 | AS20: 0.91561893 | AT20: 0.90986471 | AU20: 0.903 | AV20: 0.90071271 | AW20: 0.907 | AX20: 0.92 | AY20: 0.927 | AZ20: 0.926 | BA20: 0.932 | BB20: 0.92895229 | BC20: 0.927 | BD20: 0.924 | BE20: 0.93438368 | BF20: 0.94451212 | BG20: 0.94063128 | BH20: 0.95 | BI20: 0.959 | BJ20: 0.977 | BK20: 0.96561367 | BM20: 0.971 | BN20: 0.97 | BO20: 0.961 | BP20: 0.963 | BQ20: 0.952 | BR20: 0.946 | BS20: 0.9347 | BT20: 0.936 | BU20: 0.94552142 | BV20: 0.93049704 | BW20: 0.93089767 | BX20: 0.90773627 | BY20: 0.92855232 | BZ20: 0.93256455 | CA20: 0.95718276
A21: Inadimplência líquida | B21: Net delinquency rate | C21: 0.037 | D21: 0.037 | E21: 0.041 | F21: 0.019 | G21: 0.031 | H21: 0.033 | I21: 0.022 | J21: 0.026 | K21: 0.025 | L21: 0.012 | M21: 0.012 | N21: 0.009 | O21: 0.016 | P21: 0.01 | Q21: 0.014 | R21: 0.014 | S21: 0.0198 | T21: 0.017 | U21: 0.01 | V21: 0.018 | W21: 0.026 | X21: 0.017 | Y21: 0.024 | Z21: 0.011050608 | AA21: 0.0374 | AB21: 0.03 | AC21: 0.0105 | AD21: 0.002 | AE21: 0.036869851 | AF21: 0.012 | AG21: 0.014612328 | AH21: 0.0017 | AI21: 0.04 | AJ21: 0.016309593 | AK21: 0.0073853304 | AL21: 0.012822454 | AM21: 0.028824255 | AN21: 0.0056647959 | AO21: 0.0041308884 | AP21: -0.0079400734 | AQ21: 0.037232123 | AR21: -0.262 | AS21: 0.1343413 | AT21: 0.093 | AU21: 0.113 | AV21: -0.039539903 | AW21: 0.020832771 | AX21: 0.014 | AY21: 0.053 | AZ21: -0.023 | BA21: -0.0074 | BB21: -0.037872382 | BC21: 0.043567398 | BD21: 0.00074706338 | BE21: -0.0026495323 | BF21: -0.017076243 | BG21: 0.021186801 | BH21: -0.014 | BI21: -0.030638848 | BJ21: -0.03 | BK21: 0.014 | BM21: 0.019 | BN21: 0.022 | BO21: 0.016 | BP21: 0.014 | BQ21: 0.017 | BR21: 0.019941081 | BS21: 0.028 | BT21: 0.017561255 | BU21: 0.019751524 | BV21: 0.0075159414 | BW21: 0.058066518 | BX21: 0.024 | BY21: -0.0022109061 | BZ21: 0.011544613 | CA21: -0.010625807
A22: Venda/m² - Shoppings (2) | B22: Sales/sqm - Malls (2) | C22: 0 | D22: 0 | E22: 0 | F22: 0 | G22: 0 | H22: 0 | I22: 0 | J22: 0 | K22: 0 | L22: 0 | M22: 0 | N22: 0 | O22: 0 | P22: 0 | Q22: 0 | R22: 0 | S22: 0 | T22: 0 | U22: 0 | V22: 0 | W22: 0 | X22: 0 | Y22: 0 | Z22: 0 | AA22: 0 | AB22: 0 | AC22: 0 | AD22: 0 | AE22: 0 | AF22: 0 | AG22: 0 | AH22: 0 | AI22: 0 | AJ22: 0 | AK22: 0 | AL22: 0 | AM22: 0 | AN22: 0 | AO22: 0 | AP22: 0 | AQ22: 0 | AR22: 0 | AS22: 0 | AT22: 0 | AU22: 0 | AV22: 0 | AW22: 0 | AX22: 0 | AY22: 5318.7234 | AZ22: 6832.3091 | BA22: 6512.1122 | BB22: 8408.5228 | BC22: 6192.5548 | BD22: 7344.6122 | BE22: 7079.3895 | BF22: 9343.5596 | BG22: 6852.3381 | BH22: 7929.1313 | BI22: 7923.0737 | BJ22: 10726.689 | BK22: 7683.7351 | BM22: 0 | BN22: 0 | BO22: 0 | BP22: 0 | BQ22: 0 | BR22: 0 | BS22: 0 | BT22: 0 | BU22: 0 | BV22: 0 | BW22: 0 | BX22: 0 | BY22: 25448.411 | BZ22: 29947.522 | CA22: 33442.092
A23: Aluguel/m² - Shoppings (2) | B23: Rent/sqm - Malls (2) | C23: 0 | D23: 0 | E23: 0 | F23: 0 | G23: 0 | H23: 0 | I23: 0 | J23: 0 | K23: 0 | L23: 0 | M23: 0 | N23: 0 | O23: 0 | P23: 0 | Q23: 0 | R23: 0 | S23: 0 | T23: 0 | U23: 0 | V23: 0 | W23: 0 | X23: 0 | Y23: 0 | Z23: 0 | AA23: 0 | AB23: 0 | AC23: 0 | AD23: 0 | AE23: 0 | AF23: 0 | AG23: 0 | AH23: 0 | AI23: 0 | AJ23: 0 | AK23: 0 | AL23: 0 | AM23: 0 | AN23: 0 | AO23: 0 | AP23: 0 | AQ23: 0 | AR23: 0 | AS23: 0 | AT23: 0 | AU23: 0 | AV23: 0 | AW23: 0 | AX23: 0 | AY23: =SUM('Portfólio | Portfolio'!AY8:AY23)/(AY8-SUM('Portfólio | Portfolio'!AY151:AY156))*1000 -> 502.93274 | AZ23: =SUM('Portfólio | Portfolio'!AZ8:AZ23)/(AZ8-SUM('Portfólio | Portfolio'!AZ151:AZ156))*1000 -> 534.57814 | BA23: =SUM('Portfólio | Portfolio'!BA8:BA23)/(BA8-SUM('Portfólio | Portfolio'!BA151:BA156))*1000 -> 544.6008 | BB23: =SUM('Portfólio | Portfolio'!BB8:BB23)/(BB8-SUM('Portfólio | Portfolio'!BB151:BB156))*1000 -> 702.65713 | BC23: =SUM('Portfólio | Portfolio'!BC8:BC23)/(BC8-SUM('Portfólio | Portfolio'!BC151:BC156))*1000 -> 550.03976 | BD23: =SUM('Portfólio | Portfolio'!BD8:BD23)/(BD8-SUM('Portfólio | Portfolio'!BD151:BD156))*1000 -> 571.99362 | BE23: =SUM('Portfólio | Portfolio'!BE8:BE23)/(BE8-SUM('Portfólio | Portfolio'!BE151:BE156))*1000 -> 567.75916 | BF23: =SUM('Portfólio | Portfolio'!BF8:BF23)/(BF8-SUM('Portfólio | Portfolio'!BF151:BF156))*1000 -> 732.92344 | ... BI23: =SUM('Portfólio | Portfolio'!BI8:BI23)/(BI8-SUM('Portfólio | Portfolio'!BI151:BI156))*1000 -> 598.26509 | BJ23: 794.54222 | BK23: 613.21451 | BM23: 0 | BN23: 0 | BO23: 0 | BP23: 0 | BQ23: 0 | BR23: 0 | BS23: 0 | BT23: 0 | BU23: 0 | BV23: 0 | BW23: 0 | BX23: 0 | BY23: 2000.9347 | BZ23: 2421.6568 | CA23: 2546.8555
A24: Aluguel/m² (3) | B24: Ren/sqm (3) | C24: 0 | D24: 0 | E24: 0 | F24: 0 | G24: 0 | H24: 0 | I24: 0 | J24: 0 | K24: 0 | L24: 0 | M24: 0 | N24: 0 | O24: 0 | P24: 0 | Q24: 0 | R24: 0 | S24: 0 | T24: 0 | U24: 0 | V24: 0 | W24: 0 | X24: 0 | Y24: 0 | Z24: 0 | AA24: 0 | AB24: 0 | AC24: 0 | AD24: 0 | AE24: 0 | AF24: 0 | AG24: 0 | AH24: 0 | AI24: 0 | AJ24: 0 | AK24: 0 | AL24: 0 | AM24: 0 | AN24: 0 | AO24: 0 | AP24: 0 | AQ24: 0 | AR24: 0 | AS24: 0 | AT24: 0 | AU24: 0 | AV24: 0 | AW24: 0 | AX24: 0 | AY24: =SUM('Portfólio | Portfolio'!AY8:AY30)/AY8*1000 -> 448.82301 | AZ24: =SUM('Portfólio | Portfolio'!AZ8:AZ30)/AZ8*1000 -> 476.91914 | BA24: =SUM('Portfólio | Portfolio'!BA8:BA30)/BA8*1000 -> 484.80327 | BB24: =SUM('Portfólio | Portfolio'!BB8:BB30)/BB8*1000 -> 611.898 | BC24: =SUM('Portfólio | Portfolio'!BC8:BC30)/BC8*1000 -> 483.64851 | BD24: =SUM('Portfólio | Portfolio'!BD8:BD30)/BD8*1000 -> 504.28455 | BE24: =SUM('Portfólio | Portfolio'!BE8:BE30)/BE8*1000 -> 499.94703 | BF24: =SUM('Portfólio | Portfolio'!BF8:BF30)/BF8*1000 -> 641.47943 | ... BI24: =SUM('Portfólio | Portfolio'!BI8:BI30)/BI8*1000 -> 527.33163 | BJ24: 699.21054 | BK24: 543.83745 | BM24: 0 | BN24: 0 | BO24: 0 | BP24: 0 | BQ24: 0 | BR24: 0 | BS24: 0 | BT24: 0 | BU24: 0 | BV24: 0 | BW24: 0 | BX24: 0 | BY24: 0 | BZ24: 2128.3825 | CA24: 2244.2128
A26: (1) Considera Iguatemi Esplanada e Esplanada Shopping como um único empreendimento. | B26: (1) Considers Iguatemi Esplanada and Esplanada Shopping as one asset.
A27: (2) Considera vendas e receita de aluguel dos shoppings e ABL total shoppings (exclui torres, outlets e Power Center Iguatemi Campinas). | B27: (2) Considers malls sales and rental income and total GLA malls (excludes towers, outlet and Power Center Iguatemi Campinas).
A28: (3) Considera ABL total shoppings e torres. | B28: (3) Considers total GLA, malls and towers.
A31: Vendas mesmas lojas (SSS) - Âncoras¹ | B31: Same-Store Sales (SSS) = Anchors¹ | C31: 1Q10 | D31: 2Q10 | E31: 3Q10 | F31: 4Q10 | G31: 1Q11 | H31: 2Q11 | I31: 3Q11 | J31: 4Q11 | K31: 1Q12 | L31: 2Q12 | M31: 3Q12 | N31: 4Q12 | O31: 1Q13 | P31: 2Q13 | Q31: 3Q13 | R31: 4Q13 | S31: 1Q14 | T31: 2Q14 | U31: 3Q14 | V31: 4Q14 | W31: 1Q15 | X31: 2Q15 | Y31: 3Q15 | Z31: 4Q15 | AA31: 1Q16 | AB31: 2Q16 | AC31: 3Q16 | AD31: 4Q16 | AE31: 1Q17 | AF31: 2Q17 | AG31: 3Q17 | AH31: 4Q17 | AI31: 1Q18 | AJ31: 2Q18 | AK31: 3Q18 | AL31: 4Q18 | AM31: 1Q19 | AN31: 2Q19 | AO31: 3Q19 | AP31: 4Q19 | AQ31: 1Q20 | AR31: 2Q20 | AS31: 3Q20 | AT31: 4Q20 | AU31: 1Q21 | AV31: 2Q21 | AW31: 3Q21 | AX31: 4Q21 | AY31: 1Q22 | AZ31: 2Q22 | BA31: 3Q22 | BB31: 4Q22 | BC31: 1Q23 | BD31: 2Q23 | BE31: 3Q23 | BF31: 4Q23 | BG31: 1Q24 | BH31: =BH7 -> 2Q24 | BI31: =BI7 -> 3Q24 | BJ31: =BJ7 -> 4Q24 | BK31: =BK7 -> 1Q25
A32: Alimentação | B32: Food | AM32: 0.12480456 | AN32: 0.12632926 | AO32: 0.020955039 | AP32: 0.099284893 | AQ32: -0.098791525 | AR32: -0.59840638 | AS32: -0.43161428 | AT32: -0.15086438 | AU32: -0.23290259 | AV32: 1.0811033 | AW32: 0.43017977 | AX32: 0.3614285 | AY32: 0.66367559 | AZ32: 0.41332756 | BA32: 0.092742632 | BB32: -0.011860477 | BC32: 0.02734923 | BD32: -0.0012136877 | BE32: -0.057682097 | BF32: -0.0035756408 | BG32: 0.013855258 | BH32: -0.059327578 | BI32: -0.015035354 | BJ32: 0.028570069 | BK32: -0.088293341
A33: Moda, Calçados, Artigos de Couro | B33: Apparel, Shoes, Leather Goods | AM33: 0.072761263 | AN33: 0.067046364 | AO33: 0.10463949 | AP33: 0.1253165 | AQ33: -0.1032099 | AR33: -0.80175823 | AS33: -0.50376968 | AT33: -0.17401185 | AU33: -0.35976682 | AV33: 4.1522496 | AW33: 0.66216452 | AX33: 0.42298883 | AY33: 1.1585527 | AZ33: 0.63400328 | BA33: 0.21300706 | BB33: 0.09996092 | BC33: 0.18460937 | BD33: 0.10365686 | BE33: 0.1372825 | BF33: 0.17870986 | BG33: 0.13519915 | BH33: -0.050722084 | BI33: 0.078516875 | BJ33: 0.10092824 | BK33: 0.07804013
A34: Artigos para o Lar, Livraria, Papelaria, Info. | B34: Housewares, Bookstores, Stationerty, Tech | AM34: -0.13882644 | AN34: -0.047494404 | AO34: -0.05997697 | AP34: -0.062798337 | AQ34: -0.24025066 | AR34: -0.70169662 | AS34: -0.33482166 | AT34: -0.12596539 | AU34: -0.30501488 | AV34: 1.4736107 | AW34: 0.15808197 | AX34: 0.085172362 | AY34: 0.42713616 | AZ34: 0.075798392 | BA34: -0.098920916 | BB34: -0.11193559 | BC34: -0.019258105 | BD34: -0.069995946 | BE34: -0.084884026 | BF34: -0.025711464 | BG34: -0.046159683 | BH34: -0.0040489645 | BI34: 0.10249843 | BJ34: 0.077593947 | BK34: 0.034273319
A35: Artigos Diversos, Saúde & Beleza, Joalherias | B35: Miscellaneous, Health & Beauty, Jewelry | AM35: -0.08534668 | AN35: 0.16760543 | AO35: -0.035892484 | AP35: -0.035487966 | AQ35: -0.14628726 | AR35: -0.76960348 | AS35: -0.49418646 | AT35: -0.21985448 | AU35: -0.37231787 | AV35: 2.1923739 | AW35: 0.29128177 | AX35: 0.16382821 | AY35: 0.73313237 | AZ35: 0.4677213 | BA35: 0.20908396 | BB35: 0.084671874 | BC35: 0.03101788 | BD35: -0.074923644 | BE35: -0.0034367843 | BF35: -0.03299891 | BG35: 0.047493371 | BH35: -0.03977966 | BI35: 0.067365622 | BJ35: 0.054794606 | BK35: 0.025535729
A36: Serviços, Entretenimento, Outros | B36: Services, Entertainement, Others | AM36: 2.5778449e-06 | AN36: 0.13004611 | AO36: 0.066540282 | AP36: 0.0079059564 | AQ36: -0.035563635 | AR36: -0.10244061 | AS36: -0.16925013 | AT36: -0.20756266 | AU36: -0.25889747 | AV36: 0.18708474 | AW36: 0.0050944935 | AX36: 0.30772379 | AY36: 0.29168225 | AZ36: 0.38636919 | BA36: 0.5308732 | BB36: 0.11101512 | BC36: 0.15252711 | BD36: 0.098493826 | BE36: 0.12284021 | BF36: 0.074171429 | BG36: 0.11572688 | BH36: 0.0021348977 | BI36: 0.032287946 | BJ36: 0.11811933 | BK36: 0.028897415
A37: Total | B37: Total | AM37: 0.0028108013 | AN37: 0.075359402 | AO37: 0.053150593 | AP37: 0.040930629 | AQ37: -0.10689994 | AR37: -0.58566631 | AS37: -0.39344695 | AT37: -0.1826256 | AU37: -0.3083804 | AV37: 1.1697823 | AW37: 0.2799581 | AX37: 0.31580484 | AY37: 0.64509503 | AZ37: 0.47931209 | BA37: 0.23874599 | BB37: 0.073148061 | BC37: 0.12234748 | BD37: 0.062175673 | BE37: 0.082205155 | BF37: 0.092962178 | BG37: 0.095556637 | BH37: -0.033647951 | BI37: 0.058700627 | BJ37: 0.09355707 | BK37: 0.041913007
A38: (1) Considerando âncoras como lojas com ABL igual ou superior a 1.000 m2 e demais lojas com ABL inferior a 1.000 m2 | B38: (1) Considering anchors such as stores with GLA equal to or greater than 1,000 sqm and other stores with GLA lower than 1,000 sqm.
A40: Vendas mesmas lojas (SSS) - Demais Lojas | B40: Same-Store Sales (SSS) - Other Stores | C40: 1Q10 | D40: 2Q10 | E40: 3Q10 | F40: 4Q10 | G40: 1Q11 | H40: 2Q11 | I40: 3Q11 | J40: 4Q11 | K40: 1Q12 | L40: 2Q12 | M40: 3Q12 | N40: 4Q12 | O40: 1Q13 | P40: 2Q13 | Q40: 3Q13 | R40: 4Q13 | S40: 1Q14 | T40: 2Q14 | U40: 3Q14 | V40: 4Q14 | W40: 1Q15 | X40: 2Q15 | Y40: 3Q15 | Z40: 4Q15 | AA40: 1Q16 | AB40: 2Q16 | AC40: 3Q16 | AD40: 4Q16 | AE40: 1Q17 | AF40: 2Q17 | AG40: 3Q17 | AH40: 4Q17 | AI40: 1Q18 | AJ40: 2Q18 | AK40: 3Q18 | AL40: 4Q18 | AM40: 1Q19 | AN40: 2Q19 | AO40: 3Q19 | AP40: 4Q19 | AQ40: 1Q20 | AR40: 2Q20 | AS40: 3Q20 | AT40: 4Q20 | AU40: 1Q21 | AV40: 2Q21 | AW40: 3Q21 | AX40: 4Q21 | AY40: 1Q22 | AZ40: 2Q22 | BA40: 3Q22 | BB40: 4Q22 | BC40: 1Q23 | BD40: 2Q23 | BE40: 3Q23 | BF40: 4Q23 | BG40: 1Q24 | BH40: =BH31 -> 2Q24 | BI40: =BI31 -> 3Q24 | BJ40: =BJ31 -> 4Q24 | BK40: =BK31 -> 1Q25
A41: Alimentação | B41: Food | AM41: 0.010056411 | AN41: 0.1211346 | AO41: 0.027603846 | AP41: 0.0315109 | AQ41: -0.16675304 | AR41: -0.77392334 | AS41: -0.57455486 | AT41: -0.27923098 | AU41: -0.37402762 | AV41: 2.1729595 | AW41: 0.29814491 | AX41: 0.43477124 | AY41: 0.89941172 | AZ41: 0.82748862 | BA41: 0.28083459 | BB41: 0.14012837 | BC41: 0.2159187 | BD41: 0.10027212 | BE41: 0.10836846 | BF41: 0.12345751 | BG41: 0.12557294 | BH41: 0.010050268 | BI41: 0.035289592 | BJ41: 0.067944827 | BK41: -0.012797686
A42: Moda, Calçados, Artigos de Couro | B42: Apparel, Shoes, Leather Goods | AM42: 0.042090107 | AN42: 0.066278588 | AO42: 0.016981054 | AP42: 0.042857006 | AQ42: -0.13876203 | AR42: -0.76117614 | AS42: -0.36111765 | AT42: -0.063258685 | AU42: -0.21739557 | AV42: 3.3906202 | AW42: 0.61866306 | AX42: 0.34781759 | AY42: 0.92680319 | AZ42: 0.55098955 | BA42: 0.19764308 | BB42: 0.057196828 | BC42: 0.11375587 | BD42: 0.039364559 | BE42: 0.041498239 | BF42: 0.089160832 | BG42: 0.042977167 | BH42: 0.029706633 | BI42: 0.087289373 | BJ42: 0.093176808 | BK42: 0.097322766
A43: Artigos para o Lar, Livraria, Papelaria, Info. | B43: Housewares, Bookstores, Stationerty, Tech | AM43: -0.00088327962 | AN43: -0.056796206 | AO43: -0.026044931 | AP43: 0.029681973 | AQ43: -0.16127528 | AR43: -0.69843622 | AS43: -0.26433308 | AT43: -0.084776067 | AU43: -0.26650852 | AV43: 2.0486635 | AW43: 0.15241663 | AX43: 0.0043582102 | AY43: 0.44470347 | AZ43: 0.23161017 | BA43: 0.11421693 | BB43: 0.1238874 | BC43: 0.13789798 | BD43: -0.0083658385 | BE43: -0.013029979 | BF43: 0.023554919 | BG43: -0.006960101 | BH43: 0.083390591 | BI43: 0.075282241 | BJ43: 0.096890975 | BK43: 0.076120108
A44: Artigos Diversos, Saúde & Beleza, Joalherias | B44: Miscellaneous, Health & Beauty, Jewelry | AM44: 0.084258446 | AN44: 0.1003487 | AO44: 0.067209924 | AP44: 0.12790565 | AQ44: -0.07949752 | AR44: -0.68645578 | AS44: -0.27610476 | AT44: -0.041104457 | AU44: -0.15049291 | AV44: 2.345567 | AW44: 0.4080814 | AX44: 0.17544698 | AY44: 0.50076861 | AZ44: 0.36725692 | BA44: 0.17150858 | BB44: 0.10595332 | BC44: 0.18089003 | BD44: 0.10574892 | BE44: 0.072001334 | BF44: 0.10628511 | BG44: 0.094006094 | BH44: 0.12779469 | BI44: 0.1602609 | BJ44: 0.1172528 | BK44: 0.082630782
A45: Serviços, Entretenimento, Outros | B45: Services, Entertainement, Others | AM45: -0.0137546 | AN45: 0.069507943 | AO45: 0.035536178 | AP45: 0.016106752 | AQ45: -0.14829348 | AR45: -0.6699851 | AS45: -0.53643013 | AT45: -0.35957372 | AU45: -0.40882994 | AV45: 1.1691599 | AW45: 0.068423725 | AX45: 0.27523791 | AY45: 0.54954826 | AZ45: 0.6387284 | BA45: -0.030430034 | BB45: 0.21441701 | BC45: 0.28467732 | BD45: 0.16796063 | BE45: 0.13830321 | BF45: 0.097426908 | BG45: 0.045687777 | BH45: 0.1107645 | BI45: 0.13014047 | BJ45: 0.079903712 | BK45: 0.03682301
A46: Total | B46: Total | AM46: 0.036633167 | AN46: 0.067746202 | AO46: 0.025938376 | AP46: 0.060028703 | AQ46: -0.13340127 | AR46: -0.73492599 | AS46: -0.37148532 | AT46: -0.1047058 | AU46: -0.24362331 | AV46: 2.6788344 | AW46: 0.42886174 | AX46: 0.26720949 | AY46: 0.72336687 | AZ46: 0.50594663 | BA46: 0.18638101 | BB46: 0.092811535 | BC46: 0.15699218 | BD46: 0.066048855 | BE46: 0.059186303 | BF46: 0.094064819 | BG46: 0.06749959 | BH46: 0.057627724 | BI46: 0.096040727 | BJ46: 0.095752508 | BK46: 0.068292702
A48: Vendas mesmas lojas (SSS) - Total | B48: Same-Store Sales (SSS) - Total | C48: 1Q10 | D48: 2Q10 | E48: 3Q10 | F48: 4Q10 | G48: 1Q11 | H48: 2Q11 | I48: 3Q11 | J48: 4Q11 | K48: 1Q12 | L48: 2Q12 | M48: 3Q12 | N48: 4Q12 | O48: 1Q13 | P48: 2Q13 | Q48: 3Q13 | R48: 4Q13 | S48: 1Q14 | T48: 2Q14 | U48: 3Q14 | V48: 4Q14 | W48: 1Q15 | X48: 2Q15 | Y48: 3Q15 | Z48: 4Q15 | AA48: 1Q16 | AB48: 2Q16 | AC48: 3Q16 | AD48: 4Q16 | AE48: 1Q17 | AF48: 2Q17 | AG48: 3Q17 | AH48: 4Q17 | AI48: 1Q18 | AJ48: 2Q18 | AK48: 3Q18 | AL48: 4Q18 | AM48: 1Q19 | AN48: 2Q19 | AO48: 3Q19 | AP48: 4Q19 | AQ48: 1Q20 | AR48: 2Q20 | AS48: 3Q20 | AT48: 4Q20 | AU48: 1Q21 | AV48: 2Q21 | AW48: 3Q21 | AX48: 4Q21 | AY48: 1Q22 | AZ48: 2Q22 | BA48: 3Q22 | BB48: 4Q22 | BC48: 1Q23 | BD48: 2Q23 | BE48: 3Q23 | BF48: 4Q23 | BG48: 1Q24 | BH48: 2Q24 | BI48: =BI40 -> 3Q24 | BJ48: =BJ40 -> 4Q24 | BK48: =BK40 -> 1Q25
A49: Alimentação | B49: Food | AM49: 0.015633489 | AN49: 0.12147671 | AO49: 0.027152108 | AP49: 0.035906257 | AQ49: -0.16219496 | AR49: -0.75328755 | AS49: -0.56407462 | AT49: -0.27157413 | AU49: -0.36428063 | AV49: 1.964399 | AW49: 0.30987224 | AX49: 0.4293688 | AY49: 0.87971995 | AZ49: 0.79151413 | BA49: 0.2610855 | BB49: 0.12425697 | BC49: 0.19642738 | BD49: 0.090998895 | BE49: 0.092844262 | BF49: 0.1123654 | BG49: 0.11571892 | BH49: 0.0041640639 | BI49: 0.030981472 | BJ49: 0.064585813 | BK49: -0.018997861
A50: Moda, Calçados, Artigos de Couro | B50: Apparel, Shoes, Leather Goods | AM50: 0.047492617 | AN50: 0.066432094 | AO50: 0.033455577 | AP50: 0.054337222 | AQ50: -0.13246365 | AR50: -0.76833128 | AS50: -0.38760296 | AT50: -0.082641546 | AU50: -0.24271502 | AV50: 3.5068586 | AW50: 0.62582803 | AX50: 0.35998361 | AY50: 0.963864 | AZ50: 0.5671033 | BA50: 0.20040945 | BB50: 0.064492976 | BC50: 0.1259513 | BD50: 0.051844834 | BE50: 0.058102436 | BF50: 0.10424223 | BG50: 0.059744678 | BH50: 0.013013694 | BI50: 0.085623729 | BJ50: 0.094585551 | BK50: 0.093641732
A51: Artigos para o Lar, Livraria, Papelaria, Info. | B51: Housewares, Bookstores, Stationerty, Tech | AM51: -0.028750458 | AN51: -0.054720196 | AO51: -0.032223193 | AP51: 0.011890862 | AQ51: -0.17807286 | AR51: -0.6992421 | AS51: -0.27737492 | AT51: -0.091449001 | AU51: -0.27453662 | AV51: 1.912703 | AW51: 0.15352054 | AX51: 0.017349989 | AY51: 0.44120318 | AZ51: 0.2046979 | BA51: 0.075409011 | BB51: 0.083785364 | BC51: 0.10906117 | BD51: -0.018110899 | BE51: -0.024986703 | BF51: 0.016640028 | BG51: -0.013447373 | BH51: 0.069833531 | BI51: 0.079513949 | BJ51: 0.094236871 | BK51: 0.069272823
A52: Artigos Diversos, Saúde & Beleza, Joalherias | B52: Miscellaneous, Health & Beauty, Jewelry | AM52: 0.073172623 | AN52: 0.10446504 | AO52: 0.059446275 | AP52: 0.11262283 | AQ52: -0.085060437 | AR52: -0.694169 | AS52: -0.29181942 | AT52: -0.055818603 | AU52: -0.16713539 | AV52: 2.3346488 | AW52: 0.39998493 | AX52: 0.17451879 | AY52: 0.52041495 | AZ52: 0.37515369 | BA52: 0.1750582 | BB52: 0.10388242 | BC52: 0.1658534 | BD52: 0.08764657 | BE52: 0.06457143 | BF52: 0.093067099 | BG52: 0.090016204 | BH52: 0.1136509 | BI52: 0.15235037 | BJ52: 0.11260423 | BK52: 0.078318277
A53: Serviços, Entretenimento, Outros | B53: Services, Entertainement, Others | AM53: -0.0056563119 | AN53: 0.10668745 | AO53: 0.054267893 | AP53: 0.011402723 | AQ53: -0.07950189 | AR53: -0.27858564 | AS53: -0.33173789 | AT53: -0.2653467 | AU53: -0.30799369 | AV53: 0.31028355 | AW53: 0.021869309 | AX53: 0.29764743 | AY53: 0.36008235 | AZ53: 0.45535263 | BA53: 0.26104827 | BB53: 0.14234348 | BC53: 0.19255036 | BD53: 0.12006873 | BE53: 0.12766981 | BF53: 0.081529521 | BG53: 0.094423509 | BH53: 0.038082271 | BI53: 0.060523842 | BJ53: 0.10588817 | BK53: 0.031212876
A54: Total | B54: Total | AM54: 0.03069806 | AN54: 0.069183991 | AO54: 0.030856798 | AP54: 0.057033995 | AQ54: -0.12853047 | AR54: -0.7059738 | AS54: -0.37522201 | AT54: -0.11775188 | AU54: -0.2561852 | AV54: 2.2305521 | AW54: 0.39901956 | AX54: 0.27519298 | AY54: 0.7081855 | AZ54: 0.5008484 | BA54: 0.19551138 | BB54: 0.089353998 | BC54: 0.15049134 | BD54: 0.065310999 | BE54: 0.063420534 | BF54: 0.093876465 | BG54: 0.072702965 | BH54: 0.040110545 | BI54: 0.089003049 | BJ54: 0.095382264 | BK54: 0.063437538

Sheet Portfólio | Portfolio
C4: IGUATEMI EMPRESA DE SHOPPING CENTERS S/A | G4: IGUATEMI EMPRESA DE SHOPPING CENTERS S/A | K4: IGUATEMI EMPRESA DE SHOPPING CENTERS S/A | O4: IGUATEMI EMPRESA DE SHOPPING CENTERS S/A | S4: IGUATEMI EMPRESA DE SHOPPING CENTERS S/A | W4: IGUATEMI EMPRESA DE SHOPPING CENTERS S/A | AA4: IGUATEMI EMPRESA DE SHOPPING CENTERS S/A | AE4: IGUATEMI EMPRESA DE SHOPPING CENTERS S/A | AI4: IGUATEMI EMPRESA DE SHOPPING CENTERS S/A | AM4: IGUATEMI EMPRESA DE SHOPPING CENTERS S/A | AQ4: IGUATEMI EMPRESA DE SHOPPING CENTERS S/A | AU4: IGUATEMI EMPRESA DE SHOPPING CENTERS S/A | AY4: IGUATEMI S.A. | BC4: IGUATEMI S.A. | BG4: IGUATEMI S.A.
A5: Desempenho Operacional | B5: Operatinal Performance (100%) | C5: ='Indicadores | Indicators'!C5 -> 1Q10 | D5: ='Indicadores | Indicators'!D5 -> 2Q10 | E5: ='Indicadores | Indicators'!E5 -> 3Q10 | F5: ='Indicadores | Indicators'!F5 -> 4Q10 | G5: ='Indicadores | Indicators'!G5 -> 1Q11 | H5: ='Indicadores | Indicators'!H5 -> 2Q11 | I5: ='Indicadores | Indicators'!I5 -> 3Q11 | J5: ='Indicadores | Indicators'!J5 -> 4Q11 | ... BI5: ='Indicadores | Indicators'!BI5 -> 3Q24 | BJ5: 4Q24 | BK5: 1Q25
A7: AMM+OV+TEMP (R$ mil) (1) | B7: Minimum Rental + Overage + Temporary Rent (R$ ‘000) (1) | C7: =C5 -> 1Q10 | D7: =D5 -> 2Q10 | E7: =E5 -> 3Q10 | F7: =F5 -> 4Q10 | G7: =G5 -> 1Q11 | H7: =H5 -> 2Q11 | I7: =I5 -> 3Q11 | J7: =J5 -> 4Q11 | ... BE7: =BE5 -> 3Q23 | BF7: =BF$5 -> 4Q23 | BG7: =BG$5 -> 1Q24 | BH7: =BH$5 -> 2Q24 | BI7: =BI$5 -> 3Q24 | BJ7: =BJ$5 -> 4Q24 | BK7: =BK$5 -> 1Q25
A8: Iguatemi São Paulo | B8: Iguatemi São Paulo | C8: 23087.838 | D8: 25156.796 | E8: 25023.156 | F8: 35650.239 | G8: 26113.244 | H8: 28447.158 | I8: 28317.589 | J8: 40289.579 | K8: 29588.192 | L8: 32008.808 | M8: 30575.838 | N8: 41135.042 | O8: 30653.26 | P8: 33654.018 | Q8: 33890.096 | R8: 45504.733 | S8: 34438.42 | T8: 36205.364 | U8: 36720.182 | V8: 50782.094 | W8: 37059.925 | X8: 38768.96 | Y8: 40368.389 | Z8: 52981.82 | AA8: 39889.391 | AB8: 44469.8 | AC8: 42429.84 | AD8: 56986.33 | AE8: 43241.985 | AF8: 45805.599 | AG8: 46036.474 | AH8: 62831.588 | AI8: 45095.725 | AJ8: 49063.646 | AK8: 48081.693 | AL8: 58500.446 | AM8: 47265.763 | AN8: 50577.503 | AO8: 51141.086 | AP8: 69090.275 | AQ8: 49577.067 | AR8: 49787.561 | AS8: 51101.231 | AT8: 76388.816 | AU8: 55497.317 | AV8: 62110.481 | AW8: 68221.935 | AX8: 96116.517 | AY8: 70983.109 | AZ8: 75156.926 | BA8: 77083.635 | BB8: 101561.35 | BC8: 76825.578 | BD8: 82323.117 | BE8: 80815.619 | BF8: 106984.32 | BG8: 79983.735 | BH8: 87120.59 | BI8: 84747.029 | BJ8: 115756.23 | BK8: 85032.072
A9: JK Iguatemi | B9: JK Iguatemi | C9: - | D9: - | E9: - | F9: - | G9: - | H9: - | I9: - | J9: - | K9: - | L9: 1071.9642 | M9: 13481.097 | N9: 18714.384 | O9: 13451.814 | P9: 15640.129 | Q9: 15441.233 | R9: 19564.63 | S9: 15077.888 | T9: 15387.203 | U9: 17133.26 | V9: 22154.1 | W9: 16351.064 | X9: 18400.442 | Y9: 17048.807 | Z9: 22326.16 | AA9: 16559.635 | AB9: 17748.8 | AC9: 17938.624 | AD9: 23859.265 | AE9: 16808.447 | AF9: 18345.977 | AG9: 18022.686 | AH9: 24493.382 | AI9: 16936.786 | AJ9: 19062.026 | AK9: 19611.46 | AL9: 26546.008 | AM9: 19518.432 | AN9: 22148.281 | AO9: 21810.255 | AP9: 28999.434 | AQ9: 20250.702 | AR9: 19065.267 | AS9: 20524.466 | AT9: 28490.986 | AU9: 20735.265 | AV9: 25088.002 | AW9: 30858.658 | AX9: 43090.236 | AY9: 32140.301 | AZ9: 36048.882 | BA9: 36417.077 | BB9: 45833.77 | BC9: 37457.552 | BD9: 39745.3 | BE9: 38473.595 | BF9: 50755.331 | BG9: 37643.191 | BH9: 43632.064 | BI9: 43470.875 | BJ9: 54308.308 | BK9: 40197.889
A10: Pátio Higienópolis (2) | B10: Pátio Higienópolis (2) | C10: - | D10: - | E10: - | F10: - | G10: - | H10: - | I10: - | J10: - | K10: - | L10: - | M10: - | N10: - | O10: - | P10: - | Q10: - | R10: - | S10: - | T10: - | U10: - | V10: - | W10: - | X10: - | Y10: 19033.777 | Z10: 25452.072 | AA10: 21403.222 | AB10: 22010.18 | AC10: 20884.848 | AD10: 27398.374 | AE10: 22534.25 | AF10: 23142.83 | AG10: 22976.691 | AH10: 31189.982 | AI10: 22763.637 | AJ10: 23601.595 | AK10: 23936.601 | AL10: 32035.135 | AM10: 24693.883 | AN10: 24993.072 | AO10: 25161.703 | AP10: 32922.438 | AQ10: 25314.67 | AR10: 24158.125 | AS10: 23293.575 | AT10: 31909.983 | AU10: 24975.847 | AV10: 25604.643 | AW10: 27503.828 | AX10: 38191.347 | AY10: 29711.441 | AZ10: 30097.299 | BA10: 31416.247 | BB10: 41430.473 | BC10: 32155.08 | BD10: 32658.03 | BE10: 33469.664 | BF10: 43462.349 | BG10: 34734.131 | BH10: 35671.168 | BI10: 35468.779 | BJ10: 46492.353 | BK10: 35548.202
A11: Market Place | B11: Market Place | C11: 4797.1672 | D11: 4885.6637 | E11: 5154.92 | F11: 7129.1178 | G11: 5272.7378 | H11: 5377.0799 | I11: 6637.7792 | J11: 8156.8431 | K11: 5903.8789 | L11: 6176.9051 | M11: 6674.6967 | N11: 8328.7486 | O11: 6053.6037 | P11: 6602.1349 | Q11: 6544.8146 | R11: 8297.6917 | S11: 6006.4668 | T11: 6673.8947 | U11: 6765.9277 | V11: 9101.7372 | W11: 6184.4077 | X11: 6415.7813 | Y11: 7563.4337 | Z11: 7969.672 | AA11: 6344.6001 | AB11: 6725.1278 | AC11: 7438.1188 | AD11: 8956.2312 | AE11: 6928.3423 | AF11: 7069.2101 | AG11: 6850.7042 | AH11: 9887.7209 | AI11: 6928.2923 | AJ11: 6921.7593 | AK11: 7096.8637 | AL11: 8722.4151 | AM11: 6406.329 | AN11: 6808.1724 | AO11: 7744.6632 | AP11: 9723.829 | AQ11: 6642.9468 | AR11: 6070.7981 | AS11: 6367.5994 | AT11: 7849.3569 | AU11: 6201.4042 | AV11: 6219.4079 | AW11: 6993.5487 | AX11: 8972.4134 | AY11: 7914.1707 | AZ11: 7663.4426 | BA11: 7997.5446 | BB11: 9747.1743 | BC11: 7775.9689 | BD11: 8480.0789 | BE11: 7522.0633 | BF11: 9336.0291 | BG11: 6837.9396 | BH11: 6733.2186 | BI11: 6399.3137 | BJ11: 7203.8309 | BK11: 5855.5839
A12: Iguatemi Alphaville | B12: Iguatemi Alphaville | C12: - | D12: - | E12: - | F12: - | G12: - | H12: 4271.9709 | I12: 6455.2891 | J12: 8495.7765 | K12: 6450.5755 | L12: 6784.5133 | M12: 6728.9265 | N12: 8332.4856 | O12: 6231.4196 | P12: 6556.2796 | Q12: 6544.9042 | R12: 8658.9049 | S12: 6416.517 | T12: 6887.6617 | U12: 6740.8512 | V12: 9167.7244 | W12: 6773.0065 | X12: 7281.2051 | Y12: 7251.2682 | Z12: 11001.549 | AA12: 6960.0324 | AB12: 7434.5124 | AC12: 7384.7096 | AD12: 11446.228 | AE12: 6996.5224 | AF12: 7490.5809 | AG12: 8247.3867 | AH12: 9374.9441 | AI12: 7312.9082 | AJ12: 7598.5459 | AK12: 8324.986 | AL12: 10963.051 | AM12: 7138.0178 | AN12: 7928.8393 | AO12: 8378.1144 | AP12: 11363.356 | AQ12: 8247.2042 | AR12: 7752.6994 | AS12: 7799.7695 | AT12: 10331.741 | AU12: 8127.3454 | AV12: 8472.2963 | AW12: 9387.4044 | AX12: 12677.168 | AY12: 9556.3227 | AZ12: 11014.659 | BA12: 11048.734 | BB12: 13018.344 | BC12: 10330.805 | BD12: 10686.411 | BE12: 11038.313 | BF12: 14396.073 | BG12: 10887.232 | BH12: 11077.283 | BI12: 11301.304 | BJ12: 15043.6 | BK12: 11201.384
A13: Iguatemi Campinas | B13: Iguatemi Campinas | C13: 11817.54 | D13: 12372.129 | E13: 12774.582 | F13: 17208.717 | G13: 12552.992 | H13: 13358.415 | I13: 13444.579 | J13: 18981.11 | K13: 13406.72 | L13: 14623.848 | M13: 15685.859 | N13: 20171.146 | O13: 15457.924 | P13: 16189.368 | Q13: 17040.541 | R13: 22185.228 | S13: 16907.674 | T13: 17929.387 | U13: 18114.349 | V13: 23711.383 | W13: 17969.031 | X13: 20942.616 | Y13: 22062.428 | Z13: 29909.745 | AA13: 22367.046 | AB13: 23140.511 | AC13: 24143.481 | AD13: 34887.06 | AE13: 23726.407 | AF13: 25198.802 | AG13: 25638.464 | AH13: 34068.821 | AI13: 25105.988 | AJ13: 26316.778 | AK13: 27355.877 | AL13: 35303.084 | AM13: 27210.834 | AN13: 28434.54 | AO13: 28737.256 | AP13: 37095.962 | AQ13: 27526.235 | AR13: 25018.966 | AS13: 24324.856 | AT13: 33701.314 | AU13: 25926.783 | AV13: 28009.022 | AW13: 30976.073 | AX13: 43482.982 | AY13: 33698.717 | AZ13: 36258.385 | BA13: 36402.115 | BB13: 47885.95 | BC13: 36563.309 | BD13: 37847.911 | BE13: 37495.363 | BF13: 48953.892 | BG13: 36527.536 | BH13: 38311.56 | BI13: 38206.546 | BJ13: 50948.113 | BK13: 37695.339
A14: Galleria | B14: Galleria | C14: 2495.7101 | D14: 2603.5662 | E14: 2651.2866 | F14: 4166.72 | G14: 2686.4503 | H14: 2927.2479 | I14: 3176.2502 | J14: 4113.8085 | K14: 3074.5974 | L14: 3279.7955 | M14: 3781.9052 | N14: 6081.5023 | O14: 4854.1102 | P14: 4794.0781 | Q14: 4966.2757 | R14: 6376.9317 | S14: 4917.5271 | T14: 5072.2727 | U14: 4991.1908 | V14: 7454.9937 | W14: 4919.6752 | X14: 5077.0903 | Y14: 5041.3167 | Z14: 6745.3426 | AA14: 5136.9179 | AB14: 5208.2419 | AC14: 5137.5524 | AD14: 6945.2335 | AE14: 5343.1975 | AF14: 5389.9156 | AG14: 4784.4306 | AH14: 7268.4847 | AI14: 5461.3944 | AJ14: 5405.5815 | AK14: 5579.8922 | AL14: 7996.6816 | AM14: 5272.0169 | AN14: 5227.417 | AO14: 5222.4801 | AP14: 6567.3397 | AQ14: 5662.0231 | AR14: 4998.7004 | AS14: 5158.1465 | AT14: 7156.705 | AU14: 5760.8203 | AV14: 6134.3014 | AW14: 6757.6539 | AX14: 9706.7433 | AY14: 7921.8995 | AZ14: 8515.826 | BA14: 8415.6514 | BB14: 10737.331 | BC14: 8811.6639 | BD14: 8999.223 | BE14: 8979.6992 | BF14: 10840.552 | BG14: 8384.2498 | BH14: 8229.042 | BI14: 8253.1761 | BJ14: 10225.6 | BK14: 8390.8686
A15: Iguatemi Esplanada (3) | B15: Iguatemi Esplanada (3) | C15: 5749.0915 | D15: 5940.6222 | E15: 6101.0929 | F15: 8051.8446 | G15: 6158.0597 | H15: 6511.4471 | I15: 6710.5091 | J15: 8998.8178 | K15: 7043.4479 | L15: 7186.005 | M15: 7395.9225 | N15: 9901.7919 | O15: 7822.2315 | P15: 7919.7265 | Q15: 8044.2518 | R15: 14733.865 | S15: 14347.964 | T15: 14066.966 | U15: 14032.677 | V15: 19674.778 | W15: 14361.612 | X15: 14590.283 | Y15: 14530.833 | Z15: 19309.107 | AA15: 14845.271 | AB15: 15065.598 | AC15: 15082.635 | AD15: 20381.722 | AE15: 15870.054 | AF15: 15838.371 | AG15: 16199.442 | AH15: 22560.409 | AI15: 16164.206 | AJ15: 16356.678 | AK15: 16272.654 | AL15: 22512.91 | AM15: 15899.931 | AN15: 16493.142 | AO15: 16335.629 | AP15: 21977.15 | AQ15: 16484.208 | AR15: 15458.09 | AS15: 14627.164 | AT15: 20065.603 | AU15: 16320.474 | AV15: 17479.331 | AW15: 18572.79 | AX15: 25898.743 | AY15: 20970.349 | AZ15: 21317.696 | BA15: 21280.175 | BB15: 26452.64 | BC15: 23194.18 | BD15: 22994.371 | BE15: 23233.9 | BF15: 29870.924 | BG15: 23401.528 | BH15: 24243.898 | BI15: 24062.076 | BJ15: 30833.614 | BK15: 24733.872
A16: Iguatemi São Carlos | B16: Iguatemi São Carlos | C16: 1246.5503 | D16: 1383.0492 | E16: 1357.9692 | F16: 2072.8303 | G16: 1444.946 | H16: 1602.7944 | I16: 1402.9121 | J16: 2212.1351 | K16: 1513.984 | L16: 1740.4452 | M16: 1703.69 | N16: 2344.573 | O16: 1783.2171 | P16: 1786.9834 | Q16: 1819.9702 | R16: 2810.0523 | S16: 1861.0468 | T16: 2000.9552 | U16: 2257.9801 | V16: 3060.1164 | W16: 2354.4091 | X16: 2416.7924 | Y16: 2469.2964 | Z16: 3462.3941 | AA16: 2472.2469 | AB16: 2716.5737 | AC16: 2595.6464 | AD16: 3734.9595 | AE16: 2680.5912 | AF16: 2706.4749 | AG16: 2741.1386 | AH16: 3801.4704 | AI16: 2759.891 | AJ16: 2826.7013 | AK16: 2831.5462 | AL16: 4457.1468 | AM16: 2990.0369 | AN16: 3154.8404 | AO16: 3192.4955 | AP16: 4099.8826 | AQ16: 3135.1433 | AR16: 2779.7412 | AS16: 2846.5017 | AT16: 3771.7374 | AU16: 3030.7215 | AV16: 3307.5015 | AW16: 3499.3462 | AX16: 4714.5851 | AY16: 4102.204 | AZ16: 4144.4329 | BA16: 3953.6052 | BB16: 4963.395 | BC16: 3972.5631 | BD16: 4143.7224 | BE16: 4196.8781 | BF16: 5376.5245 | BG16: 4168.2582 | BH16: 4360.5867 | BI16: 2928.048 | BJ16: 0 | BK16: 0
A17: Iguatemi Ribeirão Preto | B17: Iguatemi Ribeirão Preto | C17: - | D17: - | E17: - | F17: - | G17: - | H17: - | I17: - | J17: - | K17: - | L17: - | M17: - | N17: - | O17: - | P17: - | Q17: 82 | R17: 6167.0537 | S17: 4641.1082 | T17: 4721.0419 | U17: 4691.0577 | V17: 6325.2371 | W17: 5173.5595 | X17: 4884.7284 | Y17: 5087.996 | Z17: 6585.6671 | AA17: 5779.2063 | AB17: 5278.6786 | AC17: 5470.571 | AD17: 7004.9505 | AE17: 6108.517 | AF17: 5356.4921 | AG17: 5512.6921 | AH17: 6694.602 | AI17: 5672.4067 | AJ17: 5312.8967 | AK17: 5338.3468 | AL17: 7602.0454 | AM17: 6093.7081 | AN17: 6241.6727 | AO17: 6738.2014 | AP17: 8529.6462 | AQ17: 6796.1147 | AR17: 5254.366 | AS17: 5680.2379 | AT17: 7914.9785 | AU17: 6406.8688 | AV17: 6594.3007 | AW17: 7416.3742 | AX17: 10587.579 | AY17: 8993.8729 | AZ17: 9149.2109 | BA17: 9775.0129 | BB17: 11877.592 | BC17: 10047.53 | BD17: 10358.819 | BE17: 10365.043 | BF17: 12539.388 | BG17: 10274.112 | BH17: 10749.848 | BI17: 10639.704 | BJ17: 13570.979 | BK17: 10572.985
A18: Iguatemi Rio Preto | B18: Iguatemi Rio Preto | C18: - | D18: - | E18: - | F18: - | G18: - | H18: - | I18: - | J18: - | K18: - | L18: - | M18: - | N18: - | O18: - | P18: - | Q18: - | R18: - | S18: - | T18: 3658.0515 | U18: 5221.1871 | V18: 6521.9966 | W18: 5296.1331 | X18: 5082.211 | Y18: 5683.6888 | Z18: 7255.8264 | AA18: 5739.0503 | AB18: 6544.4548 | AC18: 6382.3587 | AD18: 8972.9647 | AE18: 6268.3335 | AF18: 6776.9464 | AG18: 6523.6007 | AH18: 8335.4225 | AI18: 7635.8404 | AJ18: 7745.3093 | AK18: 7824.5731 | AL18: 10081.051 | AM18: 7545.8633 | AN18: 7642.1259 | AO18: 8981.54 | AP18: 11145.022 | AQ18: 7480.7322 | AR18: 6901.5079 | AS18: 7260.2907 | AT18: 9271.534 | AU18: 7544.1101 | AV18: 9566.4562 | AW18: 9948.0827 | AX18: 13310.77 | AY18: 9944.6043 | AZ18: 11679.43 | BA18: 11270.023 | BB18: 14677.511 | BC18: 11684.978 | BD18: 11909.749 | BE18: 12018.995 | BF18: 15088.066 | BG18: 12032.336 | BH18: 12543.893 | BI18: 12203.676 | BJ18: 16143.237 | BK18: 11893.908
A19: Iguatemi Porto Alegre | B19: Iguatemi Porto Alegre | C19: 12581.151 | D19: 13567.646 | E19: 14031.803 | F19: 18104.117 | G19: 13476.842 | H19: 14427.12 | I19: 14908.691 | J19: 19218.154 | K19: 14864.123 | L19: 15967.891 | M19: 15727.998 | N19: 20214.595 | O19: 15992.098 | P19: 17221.353 | Q19: 16427.322 | R19: 21953.286 | S19: 16971.955 | T19: 17382.075 | U19: 17061.814 | V19: 23255.161 | W19: 17056.973 | X19: 17539.295 | Y19: 17521.286 | Z19: 24915.919 | AA19: 18722.69 | AB19: 21408.446 | AC19: 24753.91 | AD19: 31722.736 | AE19: 24058.971 | AF19: 25275.282 | AG19: 28193.742 | AH19: 34111.781 | AI19: 26265.787 | AJ19: 27946.875 | AK19: 27070.374 | AL19: 37908.89 | AM19: 28154.645 | AN19: 30850.956 | AO19: 30259.837 | AP19: 39765.43 | AQ19: 30627.671 | AR19: 27513.689 | AS19: 26920.261 | AT19: 35913.147 | AU19: 29325.299 | AV19: 32365.267 | AW19: 35652.091 | AX19: 49610.191 | AY19: 38478.781 | AZ19: 41861.52 | BA19: 42544.688 | BB19: 56212.776 | BC19: 44260.187 | BD19: 45531.053 | BE19: 45169.939 | BF19: 57606.414 | BG19: 43777.561 | BH19: 45208.818 | BI19: 45461.689 | BJ19: 59417.752 | BK19: 43523.126
A20: Praia de Belas | B20: Praia de Belas | C20: 5989.8834 | D20: 6438.6401 | E20: 6579.5574 | F20: 8789.0716 | G20: 6464.8887 | H20: 6973.0923 | I20: 6924.7837 | J20: 9268.7055 | K20: 6823.8305 | L20: 7403.7825 | M20: 7159.6295 | N20: 10081.058 | O20: 7265.2551 | P20: 7998.202 | Q20: 8412.6076 | R20: 11719.732 | S20: 9457.353 | T20: 10760.859 | U20: 10291.255 | V20: 13771.604 | W20: 10342.624 | X20: 11140.18 | Y20: 10641.253 | Z20: 14451.282 | AA20: 11166.627 | AB20: 11410.445 | AC20: 11173.595 | AD20: 14940.016 | AE20: 11835.448 | AF20: 12069.766 | AG20: 11831.304 | AH20: 15151.953 | AI20: 11985.866 | AJ20: 12070.882 | AK20: 12221.126 | AL20: 15726.464 | AM20: 12574.269 | AN20: 13026.202 | AO20: 12933.7 | AP20: 16915.777 | AQ20: 12970.82 | AR20: 11337.03 | AS20: 11139.363 | AT20: 14724.319 | AU20: 12210.495 | AV20: 13636.802 | AW20: 14020.878 | AX20: 18742.058 | AY20: 15936.206 | AZ20: 15014.663 | BA20: 15783.772 | BB20: 20516.921 | BC20: 15387.573 | BD20: 15436.523 | BE20: 15549.424 | BF20: 19360.333 | BG20: 15555.133 | BH20: 14871.059 | BI20: 16222.189 | BJ20: 19369.011 | BK20: 16297.368
A21: Iguatemi Florianópolis | B21: Iguatemi Florianópolis | C21: 4174.8834 | D21: 4728.7311 | E21: 4647.0211 | F21: 6139.5959 | G21: 5166.1478 | H21: 5448.0509 | I21: 5402.2324 | J21: 7050.6416 | K21: 5573.2364 | L21: 5667.4221 | M21: 5523.4807 | N21: 7446.2182 | O21: 5601.7092 | P21: 5964.5595 | Q21: 5625.9565 | R21: 7784.7272 | S21: 6053.0825 | T21: 6200.7063 | U21: 6279.8256 | V21: 8418.5674 | W21: 6018.31 | X21: 6146.7505 | Y21: 6060.8997 | Z21: 8445.4267 | AA21: 6578.8746 | AB21: 6292.5378 | AC21: 6316.5416 | AD21: 9079.6672 | AE21: 6648.9032 | AF21: 6638.0681 | AG21: 6500.0594 | AH21: 9356.4661 | AI21: 6664.1691 | AJ21: 6765.897 | AK21: 6690.1332 | AL21: 8633.1207 | AM21: 6437.4691 | AN21: 6330.362 | AO21: 6289.7622 | AP21: 0 | AQ21: 0 | AR21: 0 | AS21: 0 | AT21: 0 | AU21: 0 | AV21: 0 | AW21: 0 | AX21: 0 | AY21: 0 | AZ21: 0 | BA21: 0 | BB21: 0 | BC21: 0 | BD21: 0 | BE21: 0 | BF21: 0 | BG21: 0 | BH21: 0 | BI21: 0 | BJ21: 0 | BK21: 0
A22: Iguatemi Caxias | B22: Iguatemi Caxias | C22: - | D22: - | E22: - | F22: - | G22: - | H22: - | I22: - | J22: - | K22: 4084.4353 | L22: 4660.1344 | M22: 4788.2593 | N22: 6108.3954 | O22: 4727.8119 | P22: 5312.2168 | Q22: 5227.9755 | R22: 7113.6198 | S22: 5310.6897 | T22: 5945.3023 | U22: 5820.4981 | V22: 7843.2898 | W22: 5534.0843 | X22: 6503.6216 | Y22: 6986.5291 | Z22: 8731.1902 | AA22: 6057.1097 | AB22: 6678 | AC22: 6360.11 | AD22: 8175.8814 | AE22: 5994.4263 | AF22: 5885.3215 | AG22: 5796.8963 | AH22: 7748.0482 | AI22: 5359.0971 | AJ22: 5736.6411 | AK22: 5575.7425 | AL22: 7458.1955 | AM22: 5672.4936 | AN22: 5952.3163 | AO22: 0 | AP22: 0 | AQ22: 0 | AR22: 0 | AS22: 0 | AT22: 0 | AU22: 0 | AV22: 0 | AW22: 0 | AX22: 0 | AY22: 0 | AZ22: 0 | BA22: 0 | BB22: 0 | BC22: 0 | BD22: 0 | BE22: 0 | BF22: 0 | BG22: 0 | BH22: 0 | BI22: 0 | BJ22: 0 | BK22: 0
A23: Iguatemi Brasília | B23: Iguatemi Brasília | C23: 109.76 | D23: 5469.6669 | E23: 5733.1141 | F23: 8430.2769 | G23: 6403.0625 | H23: 7092.5302 | I23: 7196.1912 | J23: 9705.7323 | K23: 7335.9517 | L23: 7735.4718 | M23: 7671.6874 | N23: 10300.815 | O23: 7324.7366 | P23: 8168.3809 | Q23: 8279.4981 | R23: 10873.784 | S23: 7967.0798 | T23: 8571.1798 | U23: 8742.4905 | V23: 11374.538 | W23: 8858.7102 | X23: 9140.8707 | Y23: 9229.616 | Z23: 12219.749 | AA23: 9461.7079 | AB23: 9961.4334 | AC23: 9738.0139 | AD23: 12958.926 | AE23: 9913.6597 | AF23: 10124.593 | AG23: 10305.53 | AH23: 15078.846 | AI23: 9682.5138 | AJ23: 9708.3213 | AK23: 9813.8759 | AL23: 14142.835 | AM23: 9711.383 | AN23: 10390.806 | AO23: 9886.336 | AP23: 13004.108 | AQ23: 9800.7082 | AR23: 10103.442 | AS23: 9596.9671 | AT23: 12848.853 | AU23: 10209.528 | AV23: 12000.517 | AW23: 12460.104 | AX23: 17012.613 | AY23: 12926.852 | AZ23: 14281.009 | BA23: 14754.291 | BB23: 18489.516 | BC23: 14543.635 | BD23: 15456.077 | BE23: 15685.087 | BF23: 19677.814 | BG23: 15174.324 | BH23: 16204.159 | BI23: 16311.819 | BJ23: 21417.82 | BK23: 16185.288
A24: RioSul | B24: RioSul | BJ24: 41303.378 | BK24: 39101.508
A25: I Fashion Outlet Novo Hamburgo | B25: I Fashion Outlet Novo Hamburgo | C25: - | D25: - | E25: - | F25: - | G25: - | H25: - | I25: - | J25: - | K25: - | L25: - | M25: - | N25: - | O25: - | P25: - | Q25: - | R25: 1799.974 | S25: 2124.0203 | T25: 1908.1926 | U25: 2244.3737 | V25: 2983.2715 | W25: 2343.5365 | X25: 2610.9759 | Y25: 2502.1777 | Z25: 3626.4275 | AA25: 2587.263 | AB25: 2727.4815 | AC25: 2717.832 | AD25: 3758.6544 | AE25: 2683.993 | AF25: 2833.4026 | AG25: 2817.5349 | AH25: 4726.9339 | AI25: 2932.8387 | AJ25: 3005.4797 | AK25: 3149.8002 | AL25: 3688.2812 | AM25: 2677.6379 | AN25: 2999.3169 | AO25: 3012.0724 | AP25: 4089.409 | AQ25: 2700.1564 | AR25: 2321.3716 | AS25: 2561.822 | AT25: 4445.9778 | AU25: 2730.5823 | AV25: 3594.0545 | AW25: 3996.6542 | AX25: 5665.4193 | AY25: 3905.7454 | AZ25: 4802.4833 | BA25: 4556.5006 | BB25: 6103.5006 | BC25: 4437.9804 | BD25: 5235.0309 | BE25: 5310.506 | BF25: 6785.9058 | BG25: 4787.4113 | BH25: 4794.7943 | BI25: 5546.657 | BJ25: 7182.262 | BK25: 4783.2692
A26: I Fashion Outlet Santa Catarina | B26: I Fashion Outlet Santa Catarina | C26: - | D26: - | E26: - | F26: - | G26: - | H26: - | I26: - | J26: - | K26: - | L26: - | M26: - | N26: - | O26: - | P26: - | Q26: - | R26: - | S26: - | T26: - | U26: - | V26: - | W26: - | X26: - | Y26: - | Z26: - | AA26: - | AB26: - | AC26: - | AD26: - | AE26: - | AF26: - | AG26: - | AH26: - | AI26: - | AJ26: - | AK26: - | AL26: 107.15404 | AM26: 1061.6304 | AN26: 1519.2211 | AO26: 970.57337 | AP26: 1604.6379 | AQ26: 1082.1465 | AR26: 799.37699 | AS26: 1036.7847 | AT26: 1665.3587 | AU26: 1307.3732 | AV26: 1499.0702 | AW26: 1465.8851 | AX26: 2235.1589 | AY26: 1975.2277 | AZ26: 2019.1221 | BA26: 1792.6764 | BB26: 2457.5762 | BC26: 2315.2215 | BD26: 1925.0821 | BE26: 1997.1883 | BF26: 2614.0302 | BG26: 2157.0824 | BH26: 1994.4227 | BI26: 2523.9902 | BJ26: 3497.8536 | BK26: 3955.3924
A27: Power Center Iguatemi Campinas | B27: Power Center Iguatemi Campinas | C27: 352.75728 | D27: 473.56003 | E27: 928.68454 | F27: 520.53966 | G27: 664.87739 | H27: 615.74364 | I27: 642.49446 | J27: 664.78586 | K27: 777.95225 | L27: 682.69683 | M27: 781.59079 | N27: - | O27: 672.50557 | P27: 689.98957 | Q27: 773.76532 | R27: 878.23862 | S27: 799.91192 | T27: 749.80782 | U27: 808.89578 | V27: 835.62533 | W27: 835.84099 | X27: 823.65249 | Y27: 877.8187 | Z27: 934.51004 | AA27: 840.03635 | AB27: 712.93842 | AC27: 735.57408 | AD27: 899.6568 | AE27: 841.14693 | AF27: 788.77909 | AG27: 835.59338 | AH27: 987.45638 | AI27: 859 | AJ27: 769.05846 | AK27: 848.78463 | AL27: 1002.3319 | AM27: 884.09851 | AN27: 757.67889 | AO27: 759.94874 | AP27: 793.60727 | AQ27: 753.67491 | AR27: 708.77212 | AS27: 731.58842 | AT27: 823.94034 | AU27: 776.49103 | AV27: 706.1269 | AW27: 720.681 | AX27: 839.89107 | AY27: 985.50999 | AZ27: 1016.1559 | BA27: 1094.0267 | BB27: 1093.0175 | BC27: 1098.2005 | BD27: 1101.9931 | BE27: 1148.1568 | BF27: 1116.3156 | BG27: 1133.9665 | BH27: 1143.3752 | BI27: 1175.9298 | BJ27: 1197.5893 | BK27: 1188.044
A28: Market Place Torre (I & II) | B28: Market Place Tower (I & II) | C28: 5514.8325 | D28: 5551 | E28: 5631 | F28: 5757 | G28: 5849 | H28: 5943 | I28: 6095.1302 | J28: 6283 | K28: 6600 | L28: 6508 | M28: 6506 | N28: 6731 | O28: 6865 | P28: 6825 | Q28: 7031 | R28: 7803 | S28: 7508 | T28: 7321 | U28: 7735 | V28: 7013.1269 | W28: 7057 | X28: 7244 | Y28: 6335 | Z28: 6264 | AA28: 6230 | AB28: 5985 | AC28: 6154 | AD28: 6068.9353 | AE28: 6128.9082 | AF28: 6046 | AG28: 6094 | AH28: 5560.8536 | AI28: 5383.5255 | AJ28: 5349.7694 | AK28: 5445.7884 | AL28: 5682.3025 | AM28: 5080.3283 | AN28: 4151.6024 | AO28: 4402.7203 | AP28: 6288.13 | AQ28: 6064.5788 | AR28: 6726.0266 | AS28: 6329.9975 | AT28: 7269.5517 | AU28: 5945.2153 | AV28: 6585.4829 | AW28: 4239.9564 | AX28: 5272.8379 | AY28: 5639.6633 | AZ28: 5679.9537 | BA28: 5491.4809 | BB28: 5076.4842 | BC28: 5360.1489 | BD28: 5592.2466 | BE28: 5575.5685 | BF28: 5972.7993 | BG28: 6467.8193 | BH28: 6747 | BI28: 6567.944 | BJ28: 6575.5195 | BK28: 6174.52
A29: Torre Iguatemi Porto Alegre | B29: Torre Iguatemi Porto Alegre | C29: 0 | D29: 0 | E29: 0 | F29: 0 | G29: 0 | H29: 0 | I29: 0 | J29: 0 | K29: 0 | L29: 0 | M29: 0 | N29: 0 | O29: 0 | P29: 0 | Q29: 0 | R29: 0 | S29: 0 | T29: 0 | U29: 0 | V29: 0 | W29: 0 | X29: 0 | Y29: 0 | Z29: 0 | AA29: 0 | AB29: 0 | AC29: 0 | AD29: 0 | AE29: 0 | AF29: 0 | AG29: 0 | AH29: 0 | AI29: 1245.6491 | AJ29: 1485.2684 | AK29: 1543.2761 | AL29: 1605.6509 | AM29: 1771.7595 | AN29: 1890.6839 | AO29: 2026.156 | AP29: 2035.8032 | AQ29: 2219.3659 | AR29: 2316.0006 | AS29: 2378.9485 | AT29: 2423.0214 | AU29: 2419.7234 | AV29: 2429.9852 | AW29: 2384.5461 | AX29: 2537.2884 | AY29: 2632.2519 | AZ29: 2487.7022 | BA29: 2621.3932 | BB29: 2547.0238 | BC29: 2713.1762 | BD29: 2809.6054 | BE29: 2684.7984 | BF29: 2759.7621 | BG29: 2742.9824 | BH29: 2747.3403 | BI29: 2822.5535 | BJ29: 2866.5878 | BK29: 2896.6446
A30: Torre Sky Galleria | B30: Torre Sky Galleria | C30: - | D30: - | E30: - | F30: - | G30: - | H30: - | I30: - | J30: - | K30: - | L30: - | M30: - | N30: - | O30: - | P30: - | Q30: - | R30: - | S30: - | T30: - | U30: - | V30: - | W30: - | X30: - | Y30: - | Z30: - | AA30: - | AB30: - | AC30: - | AD30: - | AE30: - | AF30: - | AG30: - | AH30: - | AI30: - | AJ30: - | AK30: - | AL30: - | AM30: - | AN30: - | AO30: - | AP30: - | AQ30: - | AR30: - | AS30: - | AT30: - | AU30: - | AV30: - | AW30: - | AX30: - | AY30: - | AZ30: - | BA30: - | BB30: 2013.4205 | BC30: 2354.6046 | BD30: 3433.8937 | BE30: 2792.3226 | BF30: 3075.1989 | BG30: 3075.1989 | BH30: 3075.0663 | BI30: 3108.7211 | BJ30: 3177 | BK30: 3222.691
A31: Total | B31: Total | C31: =SUM(C8:C30) -> 77917.165 | D31: =SUM(D8:D30) -> 88571.071 | E31: =SUM(E8:E30) -> 90614.187 | F31: =SUM(F8:F30) -> 122020.07 | G31: =SUM(G8:G30) -> 92253.248 | H31: =SUM(H8:H30) -> 102995.65 | I31: =SUM(I8:I30) -> 107314.43 | J31: =SUM(J8:J30) -> 143439.09 | ... BK31: =SUM(BK8:BK30) -> 408449.95
A33: (1) Números apresentados não incluem o efeito da linearização. | B33: (1) Numbers do not include the linearization effect.
A34: (2) A contabilização das Receitas no Pátio Higienópolis foi feita através do regime caixa de 2015 a 2016, com receitas acumuladas de 2015 não foram divulgadas uma vez que adquirimos participação no ativo em Julho/2015. A partir de 2017 passamos a utilizar o método de competência. | B34: (2) Revenues for Pátio Higienópolis calculated using the cash accounting regime in 2015 and 2016 (accumulated Revenues for 2015 not disclosed as we acquired a stake in the mall in July/2015). From 2017 onwards the mall started reporting under the formal accounting method.
A35: (3) Considera o Complexo formado pelo Iguatemi Esplanada e pelo Esplanada Shopping. | B35: (3) Considers Iguatemi Esplanada and Esplanada Shopping as one asset.
A37: Estacionamento (R$ mil) | B37: Parking (R$ ‘000) | C37: =C7 -> 1Q10 | D37: =D7 -> 2Q10 | E37: =E7 -> 3Q10 | F37: =F7 -> 4Q10 | G37: =G7 -> 1Q11 | H37: =H7 -> 2Q11 | I37: =I7 -> 3Q11 | J37: =J7 -> 4Q11 | ... BK37: =BK7 -> 1Q25
A38: Iguatemi São Paulo | B38: Iguatemi São Paulo | C38: 4606.58 | D38: 4741.537 | E38: 4788.067 | F38: 6140.423 | G38: 5190.0317 | H38: 5588.875 | I38: 5463.544 | J38: 6092.7513 | K38: 6193.8373 | L38: 6434.7397 | M38: 5541.8756 | N38: 6758.1335 | O38: 5945.2655 | P38: 6137.185 | Q38: 5987.7831 | R38: 7221.2075 | S38: 6770.629 | T38: 6940.3421 | U38: 6784.496 | V38: 7563.7 | W38: 6802.7947 | X38: 7162.037 | Y38: 7005.4785 | Z38: 8913.646 | AA38: 7077.691 | AB38: 7447.124 | AC38: 7122.987 | AD38: 8518.1133 | AE38: 7115.4945 | AF38: 7505.885 | AG38: 7586.746 | AH38: 8894.9275 | AI38: 6880.466 | AJ38: 7642.935 | AK38: 7422.5105 | AL38: 8698.6424 | AM38: 7184.801 | AN38: 7657.3209 | AO38: 7318.2126 | AP38: 8782.7885 | AQ38: 6324.2165 | AR38: 417.44402 | AS38: 3445.94 | AT38: 6604.5938 | AU38: 3599.932 | AV38: 4925.438 | AW38: 6818.889 | AX38: 9326.7937 | AY38: 7211.182 | AZ38: 9453.161 | BA38: 9073.293 | BB38: 10305.39 | BC38: 9214.3532 | BD38: 10721.769 | BE38: 10345.091 | BF38: 12249.387 | BG38: 10650.126 | BH38: 11601.814 | BI38: 10991.343 | BJ38: 13031.021 | BK38: 11944.695
A39: JK Iguatemi | B39: JK Iguatemi | C39: - | D39: - | E39: - | F39: - | G39: - | H39: - | I39: - | J39: - | K39: - | L39: 591.234 | M39: 4570.8005 | N39: 4127.275 | O39: 3902.384 | P39: 4032.9059 | Q39: 4261.2851 | R39: 4888.055 | S39: 4723.279 | T39: 4832.335 | U39: 4807.438 | V39: 5378.948 | W39: 5167.748 | X39: 5544.0372 | Y39: 4900.0846 | Z39: 5827.4234 | AA39: 5069.899 | AB39: 5483.772 | AC39: 5233.636 | AD39: 5975.3952 | AE39: 4862.364 | AF39: 5108.075 | AG39: 5241.7241 | AH39: 5654.646 | AI39: 5060.192 | AJ39: 5639.4771 | AK39: 5629.6787 | AL39: 6142.4013 | AM39: 5734.837 | AN39: 6010.5715 | AO39: 5784.6943 | AP39: 6312.6958 | AQ39: 4562.6322 | AR39: 315.74159 | AS39: 1991.2789 | AT39: 3565.4896 | AU39: 2020.6217 | AV39: 2677.39 | AW39: 3993.5707 | AX39: 5728.3041 | AY39: 4770.3179 | AZ39: 6645.7474 | BA39: 6135.892 | BB39: 6935.3482 | BC39: 6734.5599 | BD39: 7934.8154 | BE39: 8278.8135 | BF39: 8424.4951 | BG39: 7645.6033 | BH39: 8208.228 | BI39: 8141.5604 | BJ39: 9588.4336 | BK39: 8831.636
A40: Pátio Higienópolis (2) | B40: Pátio Higienópolis (2) | C40: - | D40: - | E40: - | F40: - | G40: - | H40: - | I40: - | J40: - | K40: - | L40: - | M40: - | N40: - | O40: - | P40: - | Q40: - | R40: - | S40: - | T40: - | U40: - | V40: - | W40: - | X40: - | Y40: 3622.5603 | Z40: 4577.359 | AA40: 3544.9142 | AB40: 3602.7487 | AC40: 3576.4798 | AD40: 4231.4552 | AE40: 4133.1016 | AF40: 3770.8075 | AG40: 3913.0085 | AH40: 3781.6638 | AI40: 4286.4594 | AJ40: 3853.9202 | AK40: 3983.1227 | AL40: 4726.3016 | AM40: 4546.8154 | AN40: 3184.0721 | AO40: 3839.6283 | AP40: 4933.1141 | AQ40: 3995.6167 | AR40: 748.31879 | AS40: 34.89397 | AT40: 2169.3806 | AU40: 2410.7771 | AV40: 931.14645 | AW40: 2702.404 | AX40: 3428.2894 | AY40: 3734.8837 | AZ40: 4020.0043 | BA40: 4069.0124 | BB40: 4082.6303 | BC40: 4692.4485 | BD40: 5170.1415 | BE40: 5082.097 | BF40: 7190.3862 | BG40: 6005.762 | BH40: 5864.5655 | BI40: 6517.6524 | BJ40: 6657.0781 | BK40: 7879.4333
A41: Market Place | B41: Market Place | C41: 3302.0644 | D41: 3275.3032 | E41: 3476.4303 | F41: 3876.5902 | G41: 3519.3573 | H41: 3645.5229 | I41: 3732.418 | J41: 3839.874 | K41: 4124.1957 | L41: 4196.377 | M41: 4149.3892 | N41: 4687.1858 | O41: 4595.0332 | P41: 4446.75 | Q41: 4664.5145 | R41: 4812.2925 | S41: 5628.8454 | T41: 5483.5526 | U41: 5191.1958 | V41: 5466.4973 | W41: 5836.5208 | X41: 5817.1685 | Y41: 5715.0528 | Z41: 6809.153 | AA41: 6509.5643 | AB41: 6084.5892 | AC41: 6023.6176 | AD41: 6325.4721 | AE41: 6113.2535 | AF41: 5735.543 | AG41: 5705.0807 | AH41: 6013.677 | AI41: 5506.9803 | AJ41: 4971.5916 | AK41: 5238.491 | AL41: 5766.91 | AM41: 5066.737 | AN41: 5166.5195 | AO41: 4911.027 | AP41: 5331.7705 | AQ41: 4153.529 | AR41: 210.64 | AS41: 759.815 | AT41: 1994.0035 | AU41: 1974.2599 | AV41: 1884.4495 | AW41: 2781.866 | AX41: 3722.124 | AY41: 3322.5015 | AZ41: 3807.328 | BA41: 3764.0965 | BB41: 3961.0355 | BC41: 3329.8115 | BD41: 3906.364 | BE41: 4194.0009 | BF41: 4400.0667 | BG41: 4156.5006 | BH41: 4171.2853 | BI41: 4177.388 | BJ41: 4694.016 | BK41: 4592.9422
A42: Iguatemi Alphaville | B42: Iguatemi Alphaville | C42: - | D42: - | E42: - | F42: - | G42: - | H42: 1440.5792 | I42: 1549.698 | J42: 1757.217 | K42: 1515.224 | L42: 1713.102 | M42: 1763.657 | N42: 2150.908 | O42: 1905.789 | P42: 2089.7372 | Q42: 2092.8275 | R42: 2439.226 | S42: 2335.098 | T42: 2564.573 | U42: 2375.7376 | V42: 3004.468 | W42: 3140.144 | X42: 3206.583 | Y42: 3142.348 | Z42: 3711.119 | AA42: 3478.073 | AB42: 3550.878 | AC42: 3547.664 | AD42: 4014.784 | AE42: 3799.2131 | AF42: 3849.904 | AG42: 3578.83 | AH42: 3933.653 | AI42: 3553.127 | AJ42: 3846.1794 | AK42: 3804.5209 | AL42: 4211.701 | AM42: 3709.836 | AN42: 4084.862 | AO42: 4018.831 | AP42: 4632.1632 | AQ42: 3472.625 | AR42: 269.9469 | AS42: 1744.7244 | AT42: 2980.09 | AU42: 1616.593 | AV42: 2140.121 | AW42: 3348.316 | AX42: 4481.6611 | AY42: 3461.3254 | AZ42: 4403.5182 | BA42: 4174.6342 | BB42: 4545.4718 | BC42: 3718.0475 | BD42: 4547.0946 | BE42: 4248.711 | BF42: 5167.649 | BG42: 4509.29 | BH42: 4861.0325 | BI42: 4783.405 | BJ42: 6141.2641 | BK42: 5331.0877
A43: Iguatemi Campinas | B43: Iguatemi Campinas | C43: 2973.121 | D43: 2990.6734 | E43: 3127.3097 | F43: 3647.8502 | G43: 3346.0305 | H43: 3790.3712 | I43: 3740.1764 | J43: 4411.7382 | K43: 3718.1275 | L43: 3926.6793 | M43: 3813.4515 | N43: 4423.2982 | O43: 4011.162 | P43: 4215.2935 | Q43: 4203.3365 | R43: 4866.0905 | S43: 4468.4755 | T43: 4505.0035 | U43: 4365.4695 | V43: 5122.0832 | W43: 4413.852 | X43: 5021.8665 | Y43: 5518.5431 | Z43: 6670.728 | AA43: 6145.6855 | AB43: 6512.637 | AC43: 6183.5202 | AD43: 8182.2806 | AE43: 6979.3716 | AF43: 7089.488 | AG43: 6681.3493 | AH43: 8884.0335 | AI43: 7653.7975 | AJ43: 7298.6178 | AK43: 7829.815 | AL43: 9546.3477 | AM43: 8224.3895 | AN43: 8247.908 | AO43: 7761.496 | AP43: 9825.7225 | AQ43: 7007.0535 | AR43: 332.969 | AS43: 2474.271 | AT43: 6325.228 | AU43: 3117.6328 | AV43: 3857.576 | AW43: 5640.312 | AX43: 9133.212 | AY43: 7206.9321 | AZ43: 8359.7576 | BA43: 8859.7027 | BB43: 10401.025 | BC43: 8709.4615 | BD43: 10309.746 | BE43: 10108.052 | BF43: 11949.348 | BG43: 10674.478 | BH43: 10956.591 | BI43: 10746.745 | BJ43: 13426.372 | BK43: 11045.771
A44: Galleria | B44: Galleria | C44: - | D44: 380.864 | E44: 801.3935 | F44: 926.237 | G44: 826.543 | H44: 814.59411 | I44: 958.28 | J44: 1053.0902 | K44: 1083.3804 | L44: 1052.026 | M44: 1126.3134 | N44: 1340.245 | O44: 1462.895 | P44: 1388.7885 | Q44: 1432.3347 | R44: 1646.1345 | S44: 1659.5075 | T44: 1662.634 | U44: 1748.658 | V44: 2232.8255 | W44: 2027.136 | X44: 1896.7315 | Y44: 2084.026 | Z44: 2568.484 | AA44: 2343.6085 | AB44: 2109.3163 | AC44: 2187.988 | AD44: 2426.4353 | AE44: 2278.0715 | AF44: 2293.8902 | AG44: 2351.5877 | AH44: 2636.4054 | AI44: 2512.9251 | AJ44: 2512.9434 | AK44: 2630.8167 | AL44: 2825.9507 | AM44: 2444.6431 | AN44: 2364.8953 | AO44: 2595.6496 | AP44: 2842.6814 | AQ44: 2290.1696 | AR44: 331.0632 | AS44: 901.14305 | AT44: 1810.5858 | AU44: 1145.8165 | AV44: 1254.7267 | AW44: 1806.831 | AX44: 2331.94 | AY44: 2074.6332 | AZ44: 2432.0601 | BA44: 2466.5742 | BB44: 2584.9996 | BC44: 2708.7363 | BD44: 3048.2675 | BE44: 3218.5271 | BF44: 3446.7851 | BG44: 3853.9519 | BH44: 3777.7111 | BI44: 3763.5428 | BJ44: 4246.3261 | BK44: 4273.0945
A45: Iguatemi Esplanada (3) | B45: Iguatemi Esplanada (3) | C45: 1411.5108 | D45: 1544.118 | E45: 1604.7496 | F45: 1828.2186 | G45: 1401.0461 | H45: 1501.9997 | I45: 1799.0677 | J45: 2114.6221 | K45: 1718.1263 | L45: 1798.9055 | M45: 2001.0978 | N45: 2368.8029 | O45: 1918.9496 | P45: 1942.7591 | Q45: 2221.364 | R45: 3305.7354 | S45: 2712.2897 | T45: 3120.3391 | U45: 3241.6167 | V45: 4064.7931 | W45: 3162.4367 | X45: 3397.2418 | Y45: 3400.9199 | Z45: 4638.1988 | AA45: 3669.6339 | AB45: 4159.7275 | AC45: 4029.8414 | AD45: 4978.1567 | AE45: 4102.447 | AF45: 5019.8405 | AG45: 4819.7283 | AH45: 5854.9781 | AI45: 4801.5645 | AJ45: 4577.1552 | AK45: 4831.6591 | AL45: 6356.5371 | AM45: 4988.616 | AN45: 5120.4519 | AO45: 5325.837 | AP45: 6830.1319 | AQ45: 4793 | AR45: 708.04315 | AS45: 2541.239 | AT45: 5630.7412 | AU45: 2710.0769 | AV45: 3567.3743 | AW45: 5164.5448 | AX45: 7328.0469 | AY45: 5845.1829 | AZ45: 7113.8619 | BA45: 7002.337 | BB45: 8306.2578 | BC45: 6689.429 | BD45: 7990.09 | BE45: 7968.0727 | BF45: 9662.336 | BG45: 8603.9995 | BH45: 8767.7215 | BI45: 8727.4183 | BJ45: 10714.437 | BK45: 9630.1301
A46: Iguatemi São Carlos | B46: Iguatemi São Carlos | C46: - | D46: - | E46: - | F46: - | G46: - | H46: - | I46: - | J46: - | K46: - | L46: - | M46: - | N46: - | O46: - | P46: - | Q46: - | R46: - | S46: - | T46: - | U46: 162.568 | V46: 667.201 | W46: 566.2905 | X46: 588.4999 | Y46: 675.862 | Z46: 885.846 | AA46: 685.44801 | AB46: 705.6791 | AC46: 694.937 | AD46: 863.8895 | AE46: 844.064 | AF46: 840.14905 | AG46: 798.574 | AH46: 1004.8882 | AI46: 847.7925 | AJ46: 818.121 | AK46: 855.186 | AL46: 1052.353 | AM46: 896.1436 | AN46: 901.59558 | AO46: 870.9325 | AP46: 1059.784 | AQ46: 759.328 | AR46: 132.42 | AS46: 372.776 | AT46: 699.2905 | AU46: 254.704 | AV46: 452.188 | AW46: 614.683 | AX46: 888.192 | AY46: 640.674 | AZ46: 824.31 | BA46: 843.83 | BB46: 1061.3046 | BC46: 858.03308 | BD46: 1025.476 | BE46: 1036.426 | BF46: 1314.197 | BG46: 1015.548 | BH46: 1102.39 | BI46: 804.094 | BJ46: 0 | BK46: 0
A47: Iguatemi Ribeirão Preto | B47: Iguatemi Ribeirão Preto | C47: - | D47: - | E47: - | F47: - | G47: - | H47: - | I47: - | J47: - | K47: - | L47: - | M47: - | N47: - | O47: - | P47: - | Q47: - | R47: 52.02351 | S47: 16.81 | T47: 12.139 | U47: 12.4825 | V47: 42.277 | W47: 8.731 | X47: - | Y47: - | Z47: - | AA47: - | AB47: - | AC47: - | AD47: - | AE47: - | AF47: - | AG47: - | AH47: - | AI47: - | AJ47: - | AK47: - | AL47: - | AM47: 0 | AN47: 0 | AO47: 0 | AP47: 0 | AQ47: 0 | AR47: 0 | AS47: 0 | AT47: 0 | AU47: 0 | AV47: 0 | AW47: 0 | AX47: 0 | AY47: 1531.7624 | AZ47: 1811.224 | BA47: 1764.395 | BB47: 1933.811 | BC47: 1788.7171 | BD47: 2386.656 | BE47: 2392.6868 | BF47: 2617.653 | BG47: 2556.274 | BH47: 2669.0226 | BI47: 2607.683 | BJ47: 3097.6375 | BK47: 3261.673
A48: Iguatemi Rio Preto | B48: Iguatemi Rio Preto | C48: - | D48: - | E48: - | F48: - | G48: - | H48: - | I48: - | J48: - | K48: - | L48: - | M48: - | N48: - | O48: - | P48: - | Q48: - | R48: - | S48: - | T48: 52.124 | U48: 73.804 | V48: 89.687 | W48: 62.872 | X48: 57.532 | Y48: 53.596 | Z48: 80.49 | AA48: 56.59 | AB48: 64.167 | AC48: 59.547 | AD48: 94.42 | AE48: 81.635 | AF48: 83.74 | AG48: 44.33 | AH48: - | AI48: - | AJ48: - | AK48: - | AL48: - | AM48: 0 | AN48: 0 | AO48: 0 | AP48: 0 | AQ48: 0 | AR48: 0 | AS48: 0 | AT48: 0 | AU48: 0 | AV48: 0 | AW48: 0 | AX48: 0 | AY48: 1426.1213 | AZ48: 1735.9525 | BA48: 1750.0305 | BB48: 1941.537 | BC48: 1756.261 | BD48: 2125.9671 | BE48: 2138.2961 | BF48: 2537.479 | BG48: 2731.104 | BH48: 2787.2614 | BI48: 2791.463 | BJ48: 3364.9385 | BK48: 3241.5175
A49: Iguatemi Porto Alegre | B49: Iguatemi Porto Alegre | C49: 2385.3321 | D49: 2663.1406 | E49: 2725.9741 | F49: 3090.0265 | G49: 2814.2721 | H49: 3037.5433 | I49: 3122.6633 | J49: 3381.4937 | K49: 3014.031 | L49: 3139.4693 | M49: 3222.7612 | N49: 3664.9766 | O49: 3242.8268 | P49: 3431.6925 | Q49: 3474.6555 | R49: 3567.467 | S49: 3315.4934 | T49: 2970.9741 | U49: 3142.9591 | V49: 3764.4214 | W49: 3498.9835 | X49: 3802.1404 | Y49: 3762.2998 | Z49: 4540.6821 | AA49: 3382.7923 | AB49: 5167.7237 | AC49: 5437.7484 | AD49: 6888.2737 | AE49: 6254.6882 | AF49: 6444.5262 | AG49: 6222.252 | AH49: 7678.2531 | AI49: 6433.3281 | AJ49: 6837.4675 | AK49: 6799.0397 | AL49: 8104.3712 | AM49: 6577.4638 | AN49: 6990.8969 | AO49: 6954.5001 | AP49: 8731.7633 | AQ49: 5842.6362 | AR49: 1217.4742 | AS49: 2173.8805 | AT49: 5982.1484 | AU49: 3478.5222 | AV49: 5199.2447 | AW49: 6171.772 | AX49: 8791.0217 | AY49: 6256.013 | AZ49: 7651.2685 | BA49: 7315.107 | BB49: 8444.5815 | BC49: 7510.503 | BD49: 8507.3311 | BE49: 8739.021 | BF49: 10222.286 | BG49: 8530.0965 | BH49: 9013.4125 | BI49: 9702.3655 | BJ49: 12049.424 | BK49: 9318.8295
A50: Praia de Belas | B50: Praia de Belas | C50: 1443.2297 | D50: 1551.0595 | E50: 1608.1174 | F50: 1727.8021 | G50: 1463.4897 | H50: 1674.8521 | I50: 1724.1095 | J50: 1777.8175 | K50: 1567.5692 | L50: 1891.868 | M50: 1924.298 | N50: 2084.616 | O50: 1820.3336 | P50: 2031.0158 | Q50: 2225.2815 | R50: 2309.8701 | S50: 2324.6363 | T50: 2662.0782 | U50: 2664.6754 | V50: 2850.624 | W50: 2616.9275 | X50: 3156.992 | Y50: 3520.676 | Z50: 3808.454 | AA50: 2972.245 | AB50: 3547.8445 | AC50: 3641.319 | AD50: 3972.5672 | AE50: 3623.4 | AF50: 3949.9245 | AG50: 4365.0296 | AH50: 4728.0854 | AI50: 3910.778 | AJ50: 4459.503 | AK50: 5029.3085 | AL50: 5293.842 | AM50: 4522.2791 | AN50: 4897.891 | AO50: 4836.514 | AP50: 5282.666 | AQ50: 3725.112 | AR50: 482.077 | AS50: 833.42199 | AT50: 2501.014 | AU50: 1509.651 | AV50: 2131.268 | AW50: 2764.997 | AX50: 3603.646 | AY50: 2944.0651 | AZ50: 3536.7734 | BA50: 3714.237 | BB50: 3822.827 | BC50: 3753.8952 | BD50: 4075.627 | BE50: 4229.7807 | BF50: 4453.0105 | BG50: 4014.8078 | BH50: 2327.1939 | BI50: 4216.16 | BJ50: 4680.4811 | BK50: 4406.518
A51: Iguatemi Florianópolis | B51: Iguatemi Florianópolis | C51: 930.44383 | D51: 886.83005 | E51: 909.10576 | F51: 1022.4908 | G51: 944.1615 | H51: 886.87877 | I51: 821.86275 | J51: 991.94683 | K51: 1099.5473 | L51: 1046.0433 | M51: 1063.7775 | N51: 1162.2007 | O51: 1212.2152 | P51: 993.18558 | Q51: 1040.9175 | R51: 1205.5289 | S51: 1358.0089 | T51: 1234.2337 | U51: 1142.3213 | V51: 1354.8438 | W51: 1426.2052 | X51: 1234.3955 | Y51: 1170.814 | Z51: 1520.1367 | AA51: 1574.4152 | AB51: 1308.031 | AC51: 1223.0765 | AD51: 1551.542 | AE51: 1435.687 | AF51: 1212.7432 | AG51: 1173.1175 | AH51: 1493.2476 | AI51: 1680.1645 | AJ51: 1296.3358 | AK51: 1361.2275 | AL51: 1546.0332 | AM51: 1511.1095 | AN51: 1322.738 | AO51: 1289.654 | AP51: 0 | AQ51: 0 | AR51: 0 | AS51: 0 | AT51: 0 | AU51: 0 | AV51: 0 | AW51: 0 | AX51: 0 | AY51: 0 | AZ51: 0 | BA51: 0 | BB51: 0 | BC51: 0 | BD51: 0 | BE51: 0 | BF51: 0 | BG51: 0 | BH51: 0 | BI51: 0 | BJ51: 0 | BK51: 0
A52: Iguatemi Caxias | B52: Iguatemi Caxias | C52: - | D52: - | E52: - | F52: - | G52: - | H52: - | I52: - | J52: - | K52: - | L52: - | M52: - | N52: - | O52: - | P52: - | Q52: - | R52: - | S52: - | T52: - | U52: - | V52: - | W52: 688.54266 | X52: 622.24247 | Y52: 1321.461 | Z52: 1507.9012 | AA52: 1344.6918 | AB52: 956 | AC52: 1416.6742 | AD52: 1416.2223 | AE52: 1438.4718 | AF52: 1656.3577 | AG52: 1263.5804 | AH52: 1522.043 | AI52: 1210.2538 | AJ52: 1158.7476 | AK52: 1333.8868 | AL52: 1621.6753 | AM52: 1348.6415 | AN52: 1397.2486 | AO52: 0 | AP52: 0 | AQ52: 0 | AR52: 0 | AS52: 0 | AT52: 0 | AU52: 0 | AV52: 0 | AW52: 0 | AX52: 0 | AY52: 0 | AZ52: 0 | BA52: 0 | BB52: 0 | BC52: 0 | BD52: 0 | BE52: 0 | BF52: 0 | BG52: 0 | BH52: 0 | BI52: 0 | BJ52: 0 | BK52: 0
A53: Iguatemi Brasília | B53: Iguatemi Brasília | C53: - | D53: 821.74814 | E53: 933.34944 | F53: 1292.831 | G53: 1611.1761 | H53: 1525.4929 | I53: 1586.5258 | J53: 2038.5332 | K53: 1623.908 | L53: 1653.0765 | M53: 1689.1786 | N53: 2065.367 | O53: 2012.4451 | P53: 1935.4168 | Q53: 1961.1343 | R53: 2424.4659 | S53: 2100.1787 | T53: 2299.8457 | U53: 2006.4916 | V53: 2690.1512 | W53: 2375.8428 | X53: 2445.651 | Y53: 2263.0784 | Z53: 2871.6393 | AA53: 2796.067 | AB53: 2907.4592 | AC53: 2705.2851 | AD53: 3504.9564 | AE53: 2860.9832 | AF53: 2698.841 | AG53: 2420.3529 | AH53: 3054.0151 | AI53: 2698.9617 | AJ53: 2665.6188 | AK53: 2755.1206 | AL53: 3411.455 | AM53: 2776.6949 | AN53: 2594.7628 | AO53: 2517.0209 | AP53: 3341.4333 | AQ53: 2469.6373 | AR53: 320.77307 | AS53: 1163.9948 | AT53: 2022.5817 | AU53: 1097.7742 | AV53: 1552.9836 | AW53: 2146.1302 | AX53: 3118.1557 | AY53: 2171.0822 | AZ53: 2517.7461 | BA53: 2537.4465 | BB53: 3311.0307 | BC53: 2779.6775 | BD53: 3346.054 | BE53: 3277.4061 | BF53: 4113.475 | BG53: 3739.791 | BH53: 3709.0556 | BI53: 3644.4752 | BJ53: 4803.4671 | BK53: 4238.6992
A54: RioSul | B54: RioSul | BJ54: 4219.9209 | BK54: 4737.7713
A55: I Fashion Outlet Novo Hamburgo | B55: I Fashion Outlet Novo Hamburgo | C55: - | D55: - | E55: - | F55: - | G55: - | H55: - | I55: - | J55: - | K55: - | L55: - | M55: - | N55: - | O55: - | P55: - | Q55: - | R55: - | S55: - | T55: - | U55: - | V55: - | W55: - | X55: - | Y55: - | Z55: - | AA55: - | AB55: - | AC55: - | AD55: - | AE55: - | AF55: - | AG55: - | AH55: - | AI55: - | AJ55: - | AK55: - | AL55: - | AM55: 0 | AN55: 0 | AO55: 0 | AP55: 0 | AQ55: 0 | AR55: 0 | AS55: 0 | AT55: 0 | AU55: 0 | AV55: 0 | AW55: 0 | AX55: 0 | AY55: 0 | AZ55: 0 | BA55: 0 | BB55: 0 | BC55: 0 | BD55: 0 | BE55: 0 | BF55: 0 | BG55: 450.43255 | BH55: 778.45861 | BI55: 1056.415 | BJ55: 1203.011 | BK55: 1371.346
A56: I Fashion Santa Catarina | B56: I Fashion Santa Catarina | C56: - | D56: - | E56: - | F56: - | G56: - | H56: - | I56: - | J56: - | K56: - | L56: - | M56: - | N56: - | O56: - | P56: - | Q56: - | R56: - | S56: - | T56: - | U56: - | V56: - | W56: - | X56: - | Y56: - | Z56: - | AA56: - | AB56: - | AC56: - | AD56: - | AE56: - | AF56: - | AG56: - | AH56: - | AI56: - | AJ56: - | AK56: - | AL56: - | AM56: 0 | AN56: 0 | AO56: 0 | AP56: 0 | AQ56: 0 | AR56: 0 | AS56: 0 | AT56: 0 | AU56: 0 | AV56: 0 | AW56: 0 | AX56: 0 | AY56: 0 | AZ56: 0 | BA56: 0 | BB56: 0 | BC56: 0 | BD56: 0 | BE56: 0 | BF56: 0 | BG56: 0 | BH56: 0 | BI56: 0 | BJ56: 0 | BK56: 0
A57: Power Center Iguatemi Campinas | B57: Power Center Iguatemi Campinas | C57: - | D57: - | E57: - | F57: - | G57: - | H57: 44.839 | I57: 142.214 | J57: 114.099 | K57: 106.65 | L57: 90.033 | M57: 84.0095 | N57: 81.691 | O57: 93.7805 | P57: 86.3935 | Q57: 99.9145 | R57: 126.686 | S57: 117.408 | T57: 108.54 | U57: 112.218 | V57: 115.286 | W57: 129.3295 | X57: 106.6075 | Y57: 100.894 | Z57: 106.53 | AA57: 122.0775 | AB57: 129.594 | AC57: 131.996 | AD57: 227.043 | AE57: 218.5745 | AF57: 200.274 | AG57: 219.186 | AH57: 248.37601 | AI57: 244.091 | AJ57: 212.9335 | AK57: 256.551 | AL57: 295.718 | AM57: 271.98 | AN57: 283.051 | AO57: 304.071 | AP57: 365.726 | AQ57: 312.402 | AR57: 120.375 | AS57: 229.502 | AT57: 293.272 | AU57: 169.73502 | AV57: 237.056 | AW57: 281.317 | AX57: 344.757 | AY57: 380.561 | AZ57: 360.854 | BA57: 400.6391 | BB57: 339.31 | BC57: 324.555 | BD57: 314.28201 | BE57: 366.087 | BF57: 352.721 | BG57: 311.109 | BH57: 320.361 | BI57: 240.415 | BJ57: 359.838 | BK57: 616.328
A58: Market Place Torre (I & II) | B58: Market Place Tower (I & II) | C58: - | D58: - | E58: - | F58: - | G58: - | H58: - | I58: - | J58: - | K58: - | L58: - | M58: - | N58: - | O58: - | P58: - | Q58: - | R58: - | S58: - | T58: - | U58: - | V58: - | W58: - | X58: - | Y58: - | Z58: - | AA58: - | AB58: - | AC58: - | AD58: - | AE58: - | AF58: - | AG58: - | AH58: - | AI58: - | AJ58: - | AK58: - | AL58: 0 | AM58: 0 | AN58: 0 | AO58: 0 | AP58: 0 | AQ58: 0 | AR58: 0 | AS58: 0 | AT58: 0 | AU58: 0 | AV58: 0 | AW58: 0 | AX58: 0 | AY58: 0 | AZ58: 0 | BA58: 0 | BB58: 0 | BC58: 0 | BD58: 0 | BE58: 0 | BF58: 0 | BG58: 0 | BH58: 0 | BI58: 0 | BJ58: 0 | BK58: 0
A59: Torre Iguatemi Porto Alegre | B59: Torre Iguatemi Porto Alegre | C59: - | D59: - | E59: - | F59: - | G59: - | H59: - | I59: - | J59: - | K59: - | L59: - | M59: - | N59: - | O59: - | P59: - | Q59: - | R59: - | S59: - | T59: - | U59: - | V59: - | W59: - | X59: - | Y59: - | Z59: - | AA59: - | AB59: - | AC59: - | AD59: - | AE59: - | AF59: - | AG59: - | AH59: - | AI59: - | AJ59: - | AK59: - | AL59: - | AM59: 0 | AN59: 0 | AO59: 0 | AP59: 0 | AQ59: 0 | AR59: 0 | AS59: 0 | AT59: 0 | AU59: 0 | AV59: 0 | AW59: 0 | AX59: 0 | AY59: 0 | AZ59: 0 | BA59: 0 | BB59: 0 | BC59: 0 | BD59: 0 | BE59: 0 | BF59: 0 | BG59: 0 | BH59: 0 | BI59: 0 | BJ59: 0 | BK59: 0
A60: Torre Sky Galleria | B60: Torre Sky Galleria | S60: - | T60: - | U60: - | V60: - | W60: - | X60: - | Y60: - | Z60: - | AA60: - | AB60: - | AC60: - | AD60: - | AE60: - | AF60: - | AG60: - | AH60: - | AI60: - | AJ60: - | AK60: - | AL60: - | AM60: 0 | AN60: 0 | AO60: 0 | AP60: 0 | AQ60: 0 | AR60: 0 | AS60: 0 | AT60: 0 | AU60: 0 | AV60: 0 | AW60: 0 | AX60: 0 | AY60: 0 | AZ60: 0 | BA60: 0 | BB60: 0 | BC60: 0 | BD60: 0 | BE60: 0 | BF60: 0 | BG60: 0 | BH60: 0 | BI60: 0 | BJ60: 0 | BK60: 0
A61: Total | B61: Total | C61: =SUM(C38:C60) -> 17052.282 | D61: =SUM(D38:D60) -> 18855.274 | E61: =SUM(E38:E60) -> 19974.497 | F61: =SUM(F38:F60) -> 23552.469 | G61: =SUM(G38:G60) -> 21116.108 | H61: =SUM(H38:H60) -> 23951.548 | I61: =SUM(I38:I60) -> 24640.56 | J61: =SUM(J38:J60) -> 27573.183 | ... BK61: =SUM(BK38:BK60) -> 94721.472
A63: (2) A contabilização das Receitas no Pátio Higienópolis foi feita através do regime caixa de 2015 a 2016, com receitas acumuladas de 2015 não foram divulgadas uma vez que adquirimos participação no ativo em Julho/2015. A partir de 2017 passamos a utilizar o método de competência. | B63: (2) Revenues for Pátio Higienópolis calculated using the cash accounting regime in 2015 and 2016 (accumulated Revenues for 2015 not disclosed as we acquired a stake in the mall in July/2015). From 2017 onwards the mall started reporting under the formal accounting method.
A64: (3) Considera o Complexo formado pelo Iguatemi Esplanada e pelo Esplanada Shopping. | B64: (3) Considers Iguatemi Esplanada and Esplanada Shopping as one asset.
A66: Desempenho Operacional (Participação Iguatemi) | B66: Operatinal Performance (Participação Iguatemi) | C66: =C5 -> 1Q10 | D66: =D5 -> 2Q10 | E66: =E5 -> 3Q10 | F66: =F5 -> 4Q10 | G66: =G5 -> 1Q11 | H66: =H5 -> 2Q11 | I66: =I5 -> 3Q11 | J66: =J5 -> 4Q11 | ... BK66: =BK5 -> 1Q25
A67: AMM+OV+TEMP (R$ mil) (1) | B67: Minimum Rental + Overage + Temporary Rent (R$ ‘000) (1) | C67: =C66 -> 1Q10 | D67: =D66 -> 2Q10 | E67: =E66 -> 3Q10 | F67: =F66 -> 4Q10 | G67: =G66 -> 1Q11 | H67: =H66 -> 2Q11 | I67: =I66 -> 3Q11 | J67: =J66 -> 4Q11 | ... BK67: =BK66 -> 1Q25
A68: Iguatemi São Paulo | B68: Iguatemi São Paulo | C68: =C8*'Portfólio | Portfolio'!C164 -> 11659.358 | D68: =D8*'Portfólio | Portfolio'!D164 -> 12704.182 | E68: =E8*'Portfólio | Portfolio'!E164 -> 12636.694 | F68: =F8*'Portfólio | Portfolio'!F164 -> 18003.37 | G68: =G8*'Portfólio | Portfolio'!G164 -> 13213.301 | H68: =H8*'Portfólio | Portfolio'!H164 -> 14394.262 | I68: =I8*'Portfólio | Portfolio'!I164 -> 14328.7 | J68: =J8*'Portfólio | Portfolio'!J164 -> 23206.797 | ... BK68: =BK8*'Portfólio | Portfolio'!BK164 -> 50653.605
A69: JK Iguatemi | B69: JK Iguatemi | C69: =IFERROR(C9*'Portfólio | Portfolio'!C165,"-") -> - | D69: =IFERROR(D9*'Portfólio | Portfolio'!D165,"-") -> - | E69: =IFERROR(E9*'Portfólio | Portfolio'!E165,"-") -> - | F69: =IFERROR(F9*'Portfólio | Portfolio'!F165,"-") -> - | G69: =IFERROR(G9*'Portfólio | Portfolio'!G165,"-") -> - | H69: =IFERROR(H9*'Portfólio | Portfolio'!H165,"-") -> - | I69: =IFERROR(I9*'Portfólio | Portfolio'!I165,"-") -> - | J69: =IFERROR(J9*'Portfólio | Portfolio'!J165,"-") -> - | K69: =IFERROR(K9*'Portfólio | Portfolio'!K165,"-") -> - | L69: =L9*'Portfólio | Portfolio'!L165 -> 535.98208 | M69: =M9*'Portfólio | Portfolio'!M165 -> 6740.5485 | N69: =N9*'Portfólio | Portfolio'!N165 -> 9357.1918 | O69: =O9*'Portfólio | Portfolio'!O165 -> 6725.9068 | P69: =P9*'Portfólio | Portfolio'!P165 -> 7820.0647 | Q69: =Q9*'Portfólio | Portfolio'!Q165 -> 7720.6167 | R69: =R9*'Portfólio | Portfolio'!R165 -> 9782.3152 | S69: =S9*'Portfólio | Portfolio'!S165 -> 9649.848 | ... BK69: =BK9*'Portfólio | Portfolio'!BK165 -> 40197.889
A70: Pátio Higienópolis (2) | B70: Pátio Higienópolis (2) | C70: =IFERROR(C10*'Portfólio | Portfolio'!C166,"-") -> - | D70: =IFERROR(D10*'Portfólio | Portfolio'!D166,"-") -> - | E70: =IFERROR(E10*'Portfólio | Portfolio'!E166,"-") -> - | F70: =IFERROR(F10*'Portfólio | Portfolio'!F166,"-") -> - | G70: =IFERROR(G10*'Portfólio | Portfolio'!G166,"-") -> - | H70: =IFERROR(H10*'Portfólio | Portfolio'!H166,"-") -> - | I70: =IFERROR(I10*'Portfólio | Portfolio'!I166,"-") -> - | J70: =IFERROR(J10*'Portfólio | Portfolio'!J166,"-") -> - | ... X70: =IFERROR(X10*'Portfólio | Portfolio'!X166,"-") -> - | Y70: =Y10*'Portfólio | Portfolio'!Y166 -> 540.55926 | Z70: =Z10*'Portfólio | Portfolio'!Z166 -> 2850.632 | AA70: =AA10*'Portfólio | Portfolio'!AA166 -> 2397.1609 | AB70: =AB10*'Portfólio | Portfolio'!AB166 -> 2465.1401 | AC70: =AC10*'Portfólio | Portfolio'!AC166 -> 2339.1029 | AD70: =AD10*'Portfólio | Portfolio'!AD166 -> 3068.6178 | AE70: =AE10*'Portfólio | Portfolio'!AE166 -> 2523.836 | AF70: =AF10*'Portfólio | Portfolio'!AF166 -> 2591.9969 | ... BK70: =BK10*'Portfólio | Portfolio'!BK166 -> 4102.2625
A71: Market Place | B71: Market Place | C71: =C11*'Portfólio | Portfolio'!C167 -> 4797.1672 | D71: =D11*'Portfólio | Portfolio'!D167 -> 4885.6637 | E71: =E11*'Portfólio | Portfolio'!E167 -> 5154.92 | F71: =F11*'Portfólio | Portfolio'!F167 -> 7129.1178 | G71: =G11*'Portfólio | Portfolio'!G167 -> 5272.7378 | H71: =H11*'Portfólio | Portfolio'!H167 -> 5377.0799 | I71: =I11*'Portfólio | Portfolio'!I167 -> 6637.7792 | J71: =J11*'Portfólio | Portfolio'!J167 -> 8156.8431 | ... BK71: =BK11*'Portfólio | Portfolio'!BK167 -> 5855.5839
A72: Iguatemi Alphaville (4) | B72: Iguatemi Alphaville (4) | C72: =IFERROR(C12*'Portfólio | Portfolio'!C168,"-") -> - | D72: =IFERROR(D12*'Portfólio | Portfolio'!D168,"-") -> - | E72: =IFERROR(E12*'Portfólio | Portfolio'!E168,"-") -> - | F72: =IFERROR(F12*'Portfólio | Portfolio'!F168,"-") -> - | G72: =IFERROR(G12*'Portfólio | Portfolio'!G168,"-") -> - | H72: =IFERROR(H12*'Portfólio | Portfolio'!H168,"-") -> 3332.1373 | I72: =IFERROR(I12*'Portfólio | Portfolio'!I168,"-") -> 5035.1255 | J72: =IFERROR(J12*'Portfólio | Portfolio'!J168,"-") -> 6626.7056 | ... BH72: =IFERROR(BH12*'Portfólio | Portfolio'!BH168,"-") -> 8640.2808 | BI72: =BI12*'Portfólio | Portfolio'!BI168 -> 8136.9391 | BJ72: =BJ12*'Portfólio | Portfolio'!BJ168 -> 9026.16 | BK72: =BK12*'Portfólio | Portfolio'!BK168 -> 6720.8304
A73: Iguatemi Campinas | B73: Iguatemi Campinas | C73: =C13*'Portfólio | Portfolio'!C169 -> 7681.401 | D73: =D13*'Portfólio | Portfolio'!D169 -> 8041.884 | E73: =E13*'Portfólio | Portfolio'!E169 -> 8303.4781 | F73: =F13*'Portfólio | Portfolio'!F169 -> 11185.666 | G73: =G13*'Portfólio | Portfolio'!G169 -> 8159.4445 | H73: =H13*'Portfólio | Portfolio'!H169 -> 8682.9698 | I73: =I13*'Portfólio | Portfolio'!I169 -> 8738.9761 | J73: =J13*'Portfólio | Portfolio'!J169 -> 13286.777 | ... BK73: =BK13*'Portfólio | Portfolio'!BK169 -> 26386.737
A74: Galleria | B74: Galleria | C74: =C14*'Portfólio | Portfolio'!C170 -> 1247.8551 | D74: =D14*'Portfólio | Portfolio'!D170 -> 1301.7831 | E74: =E14*'Portfólio | Portfolio'!E170 -> 1325.6433 | F74: =F14*'Portfólio | Portfolio'!F170 -> 2083.36 | G74: =G14*'Portfólio | Portfolio'!G170 -> 1343.2251 | H74: =H14*'Portfólio | Portfolio'!H170 -> 1463.624 | I74: =I14*'Portfólio | Portfolio'!I170 -> 1588.1251 | J74: =J14*'Portfólio | Portfolio'!J170 -> 2056.9043 | ... BK74: =BK14*'Portfólio | Portfolio'!BK170 -> 8390.8686
A75: Iguatemi Esplanada (3) | B75: Iguatemi Esplanada (3) | C75: =C15*'Portfólio | Portfolio'!C171 -> 1707.4802 | D75: =D15*'Portfólio | Portfolio'!D171 -> 1764.3648 | E75: =E15*'Portfólio | Portfolio'!E171 -> 1812.0246 | F75: =F15*'Portfólio | Portfolio'!F171 -> 2391.3978 | G75: =G15*'Portfólio | Portfolio'!G171 -> 2038.3177 | H75: =H15*'Portfólio | Portfolio'!H171 -> 2155.289 | I75: =I15*'Portfólio | Portfolio'!I171 -> 2549.9935 | J75: =J15*'Portfólio | Portfolio'!J171 -> 3419.5508 | ... BK75: =BK15*'Portfólio | Portfolio'!BK171 -> 15071.537
A76: Iguatemi São Carlos (5) | B76: Iguatemi São Carlos (5) | C76: =C16*'Portfólio | Portfolio'!C173 -> 560.94762 | D76: =D16*'Portfólio | Portfolio'!D173 -> 622.37214 | E76: =E16*'Portfólio | Portfolio'!E173 -> 611.08614 | F76: =F16*'Portfólio | Portfolio'!F173 -> 932.77364 | G76: =G16*'Portfólio | Portfolio'!G173 -> 650.22571 | H76: =H16*'Portfólio | Portfolio'!H173 -> 721.2575 | I76: =I16*'Portfólio | Portfolio'!I173 -> 631.31043 | J76: =J16*'Portfólio | Portfolio'!J173 -> 995.46079 | ... BK76: =BK16*'Portfólio | Portfolio'!BK173 -> 0
A77: Iguatemi Ribeirão Preto | B77: Iguatemi Ribeirão Preto | C77: =IFERROR(C17*'Portfólio | Portfolio'!C174,"-") -> - | D77: =IFERROR(D17*'Portfólio | Portfolio'!D174,"-") -> - | E77: =IFERROR(E17*'Portfólio | Portfolio'!E174,"-") -> - | F77: =IFERROR(F17*'Portfólio | Portfolio'!F174,"-") -> - | G77: =IFERROR(G17*'Portfólio | Portfolio'!G174,"-") -> - | H77: =IFERROR(H17*'Portfólio | Portfolio'!H174,"-") -> - | I77: =IFERROR(I17*'Portfólio | Portfolio'!I174,"-") -> - | J77: =IFERROR(J17*'Portfólio | Portfolio'!J174,"-") -> - | ... BH77: =IFERROR(BH17*'Portfólio | Portfolio'!BH174,"-") -> 9459.8666 | BI77: =BI17*'Portfólio | Portfolio'!BI174 -> 9362.9392 | BJ77: =BJ17*'Portfólio | Portfolio'!BJ174 -> 12072.743 | BK77: =BK17*'Portfólio | Portfolio'!BK174 -> 9405.7276
A78: Iguatemi Rio Preto | B78: Iguatemi Rio Preto | C78: =IFERROR(C18*'Portfólio | Portfolio'!C175,"-") -> - | D78: =IFERROR(D18*'Portfólio | Portfolio'!D175,"-") -> - | E78: =IFERROR(E18*'Portfólio | Portfolio'!E175,"-") -> - | F78: =IFERROR(F18*'Portfólio | Portfolio'!F175,"-") -> - | G78: =IFERROR(G18*'Portfólio | Portfolio'!G175,"-") -> - | H78: =IFERROR(H18*'Portfólio | Portfolio'!H175,"-") -> - | I78: =IFERROR(I18*'Portfólio | Portfolio'!I175,"-") -> - | J78: =IFERROR(J18*'Portfólio | Portfolio'!J175,"-") -> - | ... BH78: =IFERROR(BH18*'Portfólio | Portfolio'!BH175,"-") -> 11038.626 | BI78: =BI18*'Portfólio | Portfolio'!BI175 -> 10739.235 | BJ78: =BJ18*'Portfólio | Portfolio'!BJ175 -> 14206.048 | BK78: =BK18*'Portfólio | Portfolio'!BK175 -> 10466.639
A79: Iguatemi Porto Alegre | B79: Iguatemi Porto Alegre | C79: =C19*'Portfólio | Portfolio'!C176 -> 4529.2144 | D79: =D19*'Portfólio | Portfolio'!D176 -> 4884.3527 | E79: =E19*'Portfólio | Portfolio'!E176 -> 5051.449 | F79: =F19*'Portfólio | Portfolio'!F176 -> 6517.482 | G79: =G19*'Portfólio | Portfolio'!G176 -> 4851.6632 | H79: =H19*'Portfólio | Portfolio'!H176 -> 5193.7631 | I79: =I19*'Portfólio | Portfolio'!I176 -> 5367.1287 | J79: =J19*'Portfólio | Portfolio'!J176 -> 6918.5355 | ... BK79: =BK19*'Portfólio | Portfolio'!BK176 -> 18532.147
A80: Praia de Belas | B80: Praia de Belas | C80: =C20*'Portfólio | Portfolio'!C177 -> 2246.2063 | D80: =D20*'Portfólio | Portfolio'!D177 -> 2414.49 | E80: =E20*'Portfólio | Portfolio'!E177 -> 2487.0727 | F80: =F20*'Portfólio | Portfolio'!F177 -> 3322.2691 | G80: =G20*'Portfólio | Portfolio'!G177 -> 2443.7279 | H80: =H20*'Portfólio | Portfolio'!H177 -> 2635.8289 | I80: =I20*'Portfólio | Portfolio'!I177 -> 2617.5683 | J80: =J20*'Portfólio | Portfolio'!J177 -> 3503.5707 | ... BK80: =BK20*'Portfólio | Portfolio'!BK177 -> 9379.1354
A81: Iguatemi Florianópolis | B81: Iguatemi Florianópolis | C81: =IFERROR(C21*'Portfólio | Portfolio'!C178,"-") -> 1252.465 | D81: =IFERROR(D21*'Portfólio | Portfolio'!D178,"-") -> 1418.6193 | E81: =IFERROR(E21*'Portfólio | Portfolio'!E178,"-") -> 1394.1063 | F81: =IFERROR(F21*'Portfólio | Portfolio'!F178,"-") -> 1841.8788 | G81: =IFERROR(G21*'Portfólio | Portfolio'!G178,"-") -> 1549.8443 | H81: =IFERROR(H21*'Portfólio | Portfolio'!H178,"-") -> 1634.4153 | I81: =IFERROR(I21*'Portfólio | Portfolio'!I178,"-") -> 1620.6697 | J81: =IFERROR(J21*'Portfólio | Portfolio'!J178,"-") -> 2115.1925 | ... BK81: =IFERROR(BK21*'Portfólio | Portfolio'!BK178,"-") -> 0
A82: Iguatemi Caxias | B82: Iguatemi Caxias | C82: =IFERROR(C22*'Portfólio | Portfolio'!C179,"-") -> - | D82: =IFERROR(D22*'Portfólio | Portfolio'!D179,"-") -> - | E82: =IFERROR(E22*'Portfólio | Portfolio'!E179,"-") -> - | F82: =IFERROR(F22*'Portfólio | Portfolio'!F179,"-") -> - | G82: =IFERROR(G22*'Portfólio | Portfolio'!G179,"-") -> - | H82: =IFERROR(H22*'Portfólio | Portfolio'!H179,"-") -> - | I82: =IFERROR(I22*'Portfólio | Portfolio'!I179,"-") -> - | J82: =IFERROR(J22*'Portfólio | Portfolio'!J179,"-") -> - | ... BK82: =IFERROR(BK22*'Portfólio | Portfolio'!BK179,"-") -> 0
A83: Iguatemi Brasília | B83: Iguatemi Brasília | C83: =C23*'Portfólio | Portfolio'!C180 -> 70.2464 | D83: =D23*'Portfólio | Portfolio'!D180 -> 3500.5868 | E83: =E23*'Portfólio | Portfolio'!E180 -> 3669.193 | F83: =F23*'Portfólio | Portfolio'!F180 -> 5395.3772 | G83: =G23*'Portfólio | Portfolio'!G180 -> 4097.96 | H83: =H23*'Portfólio | Portfolio'!H180 -> 4539.2193 | I83: =I23*'Portfólio | Portfolio'!I180 -> 4605.5624 | J83: =J23*'Portfólio | Portfolio'!J180 -> 6211.6686 | ... BH83: =BH23*'Portfólio | Portfolio'!BH180 -> 10370.662 | BI83: =IFERROR(BI23*'Portfólio | Portfolio'!BI180,"-") -> 10439.564 | BJ83: =IFERROR(BJ23*'Portfólio | Portfolio'!BJ180,"-") -> 13707.405 | BK83: =IFERROR(BK23*'Portfólio | Portfolio'!BK180,"-") -> 10358.585
A84: RioSul | B84: RioSul | BJ84: =IFERROR(BJ24*'Portfólio | Portfolio'!BJ181,"-") -> 6868.7518 | BK84: =IFERROR(BK24*'Portfólio | Portfolio'!BK181,"-") -> 6502.5807
A85: I Fashion Outlet Novo Hamburgo | B85: I Fashion Outlet Novo Hamburgo | C85: =IFERROR(C25*'Portfólio | Portfolio'!C182,"-") -> - | D85: =IFERROR(D25*'Portfólio | Portfolio'!D182,"-") -> - | E85: =IFERROR(E25*'Portfólio | Portfolio'!E182,"-") -> - | F85: =IFERROR(F25*'Portfólio | Portfolio'!F182,"-") -> - | G85: =IFERROR(G25*'Portfólio | Portfolio'!G182,"-") -> - | H85: =IFERROR(H25*'Portfólio | Portfolio'!H182,"-") -> - | I85: =IFERROR(I25*'Portfólio | Portfolio'!I182,"-") -> - | J85: =IFERROR(J25*'Portfólio | Portfolio'!J182,"-") -> - | ... BK85: =IFERROR(BK25*'Portfólio | Portfolio'!BK182,"-") -> 2439.4673
A86: I Fashion Outlet Santa Catarina | B86: I Fashion Outlet Santa Catarina | C86: =IFERROR(C26*'Portfólio | Portfolio'!C183,"-") -> - | D86: =IFERROR(D26*'Portfólio | Portfolio'!D183,"-") -> - | E86: =IFERROR(E26*'Portfólio | Portfolio'!E183,"-") -> - | F86: =IFERROR(F26*'Portfólio | Portfolio'!F183,"-") -> - | G86: =IFERROR(G26*'Portfólio | Portfolio'!G183,"-") -> - | H86: =IFERROR(H26*'Portfólio | Portfolio'!H183,"-") -> - | I86: =IFERROR(I26*'Portfólio | Portfolio'!I183,"-") -> - | J86: =IFERROR(J26*'Portfólio | Portfolio'!J183,"-") -> - | ... BK86: =IFERROR(BK26*'Portfólio | Portfolio'!BK183,"-") -> 2135.9119
A87: Power Center Iguatemi Campinas | B87: Power Center Iguatemi Campinas | C87: =IFERROR(C27*'Portfólio | Portfolio'!C184,"-") -> 271.62311 | D87: =IFERROR(D27*'Portfólio | Portfolio'!D184,"-") -> 364.64122 | E87: =IFERROR(E27*'Portfólio | Portfolio'!E184,"-") -> 715.0871 | F87: =IFERROR(F27*'Portfólio | Portfolio'!F184,"-") -> 400.81554 | G87: =IFERROR(G27*'Portfólio | Portfolio'!G184,"-") -> 511.95559 | H87: =IFERROR(H27*'Portfólio | Portfolio'!H184,"-") -> 474.1226 | I87: =IFERROR(I27*'Portfólio | Portfolio'!I184,"-") -> 494.72073 | J87: =IFERROR(J27*'Portfólio | Portfolio'!J184,"-") -> 511.88511 | ... BK87: =IFERROR(BK27*'Portfólio | Portfolio'!BK184,"-") -> 914.79386
A88: Market Place Torre (I & II) | B88: Market Place Tower (I & II) | C88: =C28*'Portfólio | Portfolio'!C185 -> 5514.8325 | D88: =D28*'Portfólio | Portfolio'!D185 -> 5551 | E88: =E28*'Portfólio | Portfolio'!E185 -> 5631 | F88: =F28*'Portfólio | Portfolio'!F185 -> 5757 | G88: =G28*'Portfólio | Portfolio'!G185 -> 5849 | H88: =H28*'Portfólio | Portfolio'!H185 -> 5943 | I88: =I28*'Portfólio | Portfolio'!I185 -> 6095.1302 | J88: =J28*'Portfólio | Portfolio'!J185 -> 6283 | ... BK88: =BK28*'Portfólio | Portfolio'!BK185 -> 6174.52
A89: Torre Iguatemi Porto Alegre | B89: Torre Iguatemi Porto Alegre | C89: =IFERROR(C29*'Portfólio | Portfolio'!C186,"-") -> - | D89: =IFERROR(D29*'Portfólio | Portfolio'!D186,"-") -> - | E89: =IFERROR(E29*'Portfólio | Portfolio'!E186,"-") -> - | F89: =IFERROR(F29*'Portfólio | Portfolio'!F186,"-") -> - | G89: =IFERROR(G29*'Portfólio | Portfolio'!G186,"-") -> - | H89: =IFERROR(H29*'Portfólio | Portfolio'!H186,"-") -> - | I89: =IFERROR(I29*'Portfólio | Portfolio'!I186,"-") -> - | J89: =IFERROR(J29*'Portfólio | Portfolio'!J186,"-") -> - | ... BK89: =IFERROR(BK29*'Portfólio | Portfolio'!BK186,"-") -> 1233.3913
A90: Torre Sky Galleria | B90: Torre Sky Galleria | C90: =IFERROR(C30*'Portfólio | Portfolio'!C187,"-") -> - | D90: =IFERROR(D30*'Portfólio | Portfolio'!D187,"-") -> - | E90: =IFERROR(E30*'Portfólio | Portfolio'!E187,"-") -> - | F90: =IFERROR(F30*'Portfólio | Portfolio'!F187,"-") -> - | G90: =IFERROR(G30*'Portfólio | Portfolio'!G187,"-") -> - | H90: =IFERROR(H30*'Portfólio | Portfolio'!H187,"-") -> - | I90: =IFERROR(I30*'Portfólio | Portfolio'!I187,"-") -> - | J90: =IFERROR(J30*'Portfólio | Portfolio'!J187,"-") -> - | ... BK90: =IFERROR(BK30*'Portfólio | Portfolio'!BK187,"-") -> 1675.7993
A91: Total | B91: Total | C91: =SUM(C68:C90) -> 41538.797 | D91: =SUM(D68:D90) -> 47453.94 | E91: =SUM(E68:E90) -> 48791.754 | F91: =SUM(F68:F90) -> 64960.508 | G91: =SUM(G68:G90) -> 49981.403 | H91: =SUM(H68:H90) -> 56546.969 | I91: =SUM(I68:I90) -> 60310.79 | J91: =SUM(J68:J90) -> 83292.891 | ... BK91: =SUM(BK68:BK90) -> 236598.01
A93: (1) Números apresentados não incluem o efeito da linearização. | B93: (1) Numbers do not include the linearization effect.
A94: (2) A contabilização das Receitas no Pátio Higienópolis foi feita através do regime caixa de 2015 a 2016, com receitas acumuladas de 2015 não foram divulgadas uma vez que adquirimos participação no ativo em Julho/2015. A partir de 2017 passamos a utilizar o método de competência. | B94: (2) Revenues for Pátio Higienópolis calculated using the cash accounting regime in 2015 and 2016 (accumulated Revenues for 2015 not disclosed as we acquired a stake in the mall in July/2015). From 2017 onwards the mall started reporting under the formal accounting method.
A95: (3) Considera o Complexo formado pelo Iguatemi Esplanada e pelo Esplanada Shopping. | B95: (3) Considers Iguatemi Esplanada and Esplanada Shopping as one asset.
A96: (4) Devido a venda de 18% da participação do Iguatemi Alphaville em setembro de 2024, o 3T24 considera 78% de participação em julho e agosto e 60% em setembro. | B96: (4) In 3Q24, it considers a 78% stake in July and August and 60% in September.
A97: (5) Devido a venda da participação do Iguatemi São Carlos em setembro de 2024, o 3T24 considera 50% de participação em julho e agosto e nenhuma em setembro. | B97: (5) In 3Q24, it considers a 50% stake in July and August and no stake in September.
A99: Estacionamento (R$ mil) | B99: Parking (R$ ‘000) | C99: =C5 -> 1Q10 | D99: =D5 -> 2Q10 | E99: =E5 -> 3Q10 | F99: =F5 -> 4Q10 | G99: =G5 -> 1Q11 | H99: =H5 -> 2Q11 | I99: =I5 -> 3Q11 | J99: =J5 -> 4Q11 | ... BK99: =BK5 -> 1Q25
A100: Iguatemi São Paulo | B100: Iguatemi São Paulo | C100: =IFERROR(C38*'Portfólio | Portfolio'!C164,"-") -> 2326.3229 | D100: =IFERROR(D38*'Portfólio | Portfolio'!D164,"-") -> 2394.4762 | E100: =IFERROR(E38*'Portfólio | Portfolio'!E164,"-") -> 2417.9738 | F100: =IFERROR(F38*'Portfólio | Portfolio'!F164,"-") -> 3100.9136 | G100: =IFERROR(G38*'Portfólio | Portfolio'!G164,"-") -> 2626.156 | H100: =IFERROR(H38*'Portfólio | Portfolio'!H164,"-") -> 2827.9707 | I100: =IFERROR(I38*'Portfólio | Portfolio'!I164,"-") -> 2764.5533 | J100: =IFERROR(J38*'Portfólio | Portfolio'!J164,"-") -> 3509.4247 | ... BK100: =IFERROR(BK38*'Portfólio | Portfolio'!BK164,"-") -> 7115.4546
A101: JK Iguatemi | B101: JK Iguatemi | C101: =IFERROR(C39*'Portfólio | Portfolio'!C165,"-") -> - | D101: =IFERROR(D39*'Portfólio | Portfolio'!D165,"-") -> - | E101: =IFERROR(E39*'Portfólio | Portfolio'!E165,"-") -> - | F101: =IFERROR(F39*'Portfólio | Portfolio'!F165,"-") -> - | G101: =IFERROR(G39*'Portfólio | Portfolio'!G165,"-") -> - | H101: =IFERROR(H39*'Portfólio | Portfolio'!H165,"-") -> - | I101: =IFERROR(I39*'Portfólio | Portfolio'!I165,"-") -> - | J101: =IFERROR(J39*'Portfólio | Portfolio'!J165,"-") -> - | ... BK101: =IFERROR(BK39*'Portfólio | Portfolio'!BK165,"-") -> 8831.636
A102: Pátio Higienópolis (2) | B102: Pátio Higienópolis (2) | C102: =IFERROR(C40*'Portfólio | Portfolio'!C166,"-") -> - | D102: =IFERROR(D40*'Portfólio | Portfolio'!D166,"-") -> - | E102: =IFERROR(E40*'Portfólio | Portfolio'!E166,"-") -> - | F102: =IFERROR(F40*'Portfólio | Portfolio'!F166,"-") -> - | G102: =IFERROR(G40*'Portfólio | Portfolio'!G166,"-") -> - | H102: =IFERROR(H40*'Portfólio | Portfolio'!H166,"-") -> - | I102: =IFERROR(I40*'Portfólio | Portfolio'!I166,"-") -> - | J102: =IFERROR(J40*'Portfólio | Portfolio'!J166,"-") -> - | ... BK102: =IFERROR(BK40*'Portfólio | Portfolio'!BK166,"-") -> 909.2866
A103: Market Place | B103: Market Place | C103: =IFERROR(C41*'Portfólio | Portfolio'!C167,"-") -> 3302.0644 | D103: =IFERROR(D41*'Portfólio | Portfolio'!D167,"-") -> 3275.3032 | E103: =IFERROR(E41*'Portfólio | Portfolio'!E167,"-") -> 3476.4303 | F103: =IFERROR(F41*'Portfólio | Portfolio'!F167,"-") -> 3876.5902 | G103: =IFERROR(G41*'Portfólio | Portfolio'!G167,"-") -> 3519.3573 | H103: =IFERROR(H41*'Portfólio | Portfolio'!H167,"-") -> 3645.5229 | I103: =IFERROR(I41*'Portfólio | Portfolio'!I167,"-") -> 3732.418 | J103: =IFERROR(J41*'Portfólio | Portfolio'!J167,"-") -> 3839.874 | ... BK103: =IFERROR(BK41*'Portfólio | Portfolio'!BK167,"-") -> 4592.9422
A104: Iguatemi Alphaville (4) | B104: Iguatemi Alphaville (4) | C104: =IFERROR('Portfólio | Portfolio'!C42*'Portfólio | Portfolio'!C168,"-") -> - | D104: =IFERROR('Portfólio | Portfolio'!D42*'Portfólio | Portfolio'!D168,"-") -> - | E104: =IFERROR('Portfólio | Portfolio'!E42*'Portfólio | Portfolio'!E168,"-") -> - | F104: =IFERROR('Portfólio | Portfolio'!F42*'Portfólio | Portfolio'!F168,"-") -> - | G104: =IFERROR('Portfólio | Portfolio'!G42*'Portfólio | Portfolio'!G168,"-") -> - | H104: =IFERROR('Portfólio | Portfolio'!H42*'Portfólio | Portfolio'!H168,"-") -> 1123.6518 | I104: =IFERROR('Portfólio | Portfolio'!I42*'Portfólio | Portfolio'!I168,"-") -> 1208.7644 | J104: =IFERROR('Portfólio | Portfolio'!J42*'Portfólio | Portfolio'!J168,"-") -> 1370.6293 | ... BK104: =IFERROR('Portfólio | Portfolio'!BK42*'Portfólio | Portfolio'!BK168,"-") -> 3198.6526
A105: Iguatemi Campinas | B105: Iguatemi Campinas | C105: ='Portfólio | Portfolio'!C43*'Portfólio | Portfolio'!C169 -> 1932.5287 | D105: ='Portfólio | Portfolio'!D43*'Portfólio | Portfolio'!D169 -> 1943.9377 | E105: ='Portfólio | Portfolio'!E43*'Portfólio | Portfolio'!E169 -> 2032.7513 | F105: ='Portfólio | Portfolio'!F43*'Portfólio | Portfolio'!F169 -> 2371.1027 | G105: ='Portfólio | Portfolio'!G43*'Portfólio | Portfolio'!G169 -> 2174.9198 | H105: ='Portfólio | Portfolio'!H43*'Portfólio | Portfolio'!H169 -> 2463.7413 | I105: ='Portfólio | Portfolio'!I43*'Portfólio | Portfolio'!I169 -> 2431.1147 | J105: ='Portfólio | Portfolio'!J43*'Portfólio | Portfolio'!J169 -> 3088.2167 | ... BK105: ='Portfólio | Portfolio'!BK43*'Portfólio | Portfolio'!BK169 -> 7732.0396
A106: Galleria | B106: Galleria | C106: =IFERROR('Portfólio | Portfolio'!C44*'Portfólio | Portfolio'!C170,"-") -> - | D106: =IFERROR('Portfólio | Portfolio'!D44*'Portfólio | Portfolio'!D170,"-") -> 190.432 | E106: =IFERROR('Portfólio | Portfolio'!E44*'Portfólio | Portfolio'!E170,"-") -> 400.69675 | F106: =IFERROR('Portfólio | Portfolio'!F44*'Portfólio | Portfolio'!F170,"-") -> 463.1185 | G106: =IFERROR('Portfólio | Portfolio'!G44*'Portfólio | Portfolio'!G170,"-") -> 413.2715 | H106: =IFERROR('Portfólio | Portfolio'!H44*'Portfólio | Portfolio'!H170,"-") -> 407.29706 | I106: =IFERROR('Portfólio | Portfolio'!I44*'Portfólio | Portfolio'!I170,"-") -> 479.14 | J106: =IFERROR('Portfólio | Portfolio'!J44*'Portfólio | Portfolio'!J170,"-") -> 526.5451 | ... BK106: =IFERROR('Portfólio | Portfolio'!BK44*'Portfólio | Portfolio'!BK170,"-") -> 4273.0945
A107: Iguatemi Esplanada (3) | B107: Iguatemi Esplanada (3) | C107: =IFERROR(C45*'Portfólio | Portfolio'!C171,"-") -> 419.2187 | D107: =IFERROR(D45*'Portfólio | Portfolio'!D171,"-") -> 458.60304 | E107: =IFERROR(E45*'Portfólio | Portfolio'!E171,"-") -> 476.61064 | F107: =IFERROR(F45*'Portfólio | Portfolio'!F171,"-") -> 542.98092 | G107: =IFERROR(G45*'Portfólio | Portfolio'!G171,"-") -> 463.74625 | H107: =IFERROR(H45*'Portfólio | Portfolio'!H171,"-") -> 497.16189 | I107: =IFERROR(I45*'Portfólio | Portfolio'!I171,"-") -> 683.64571 | J107: =IFERROR(J45*'Portfólio | Portfolio'!J171,"-") -> 803.55641 | ... BK107: =IFERROR(BK45*'Portfólio | Portfolio'!BK171,"-") -> 5868.1012
A108: Iguatemi São Carlos (5) | B108: Iguatemi São Carlos (5) | C108: =IFERROR(C46*'Portfólio | Portfolio'!C173,"-") -> - | D108: =IFERROR(D46*'Portfólio | Portfolio'!D173,"-") -> - | E108: =IFERROR(E46*'Portfólio | Portfolio'!E173,"-") -> - | F108: =IFERROR(F46*'Portfólio | Portfolio'!F173,"-") -> - | G108: =IFERROR(G46*'Portfólio | Portfolio'!G173,"-") -> - | H108: =IFERROR(H46*'Portfólio | Portfolio'!H173,"-") -> - | I108: =IFERROR(I46*'Portfólio | Portfolio'!I173,"-") -> - | J108: =IFERROR(J46*'Portfólio | Portfolio'!J173,"-") -> - | ... BK108: =IFERROR(BK46*'Portfólio | Portfolio'!BK173,"-") -> 0
A109: Iguatemi Ribeirão Preto | B109: Iguatemi Ribeirão Preto | C109: =IFERROR(C47*'Portfólio | Portfolio'!C174,"-") -> - | D109: =IFERROR(D47*'Portfólio | Portfolio'!D174,"-") -> - | E109: =IFERROR(E47*'Portfólio | Portfolio'!E174,"-") -> - | F109: =IFERROR(F47*'Portfólio | Portfolio'!F174,"-") -> - | G109: =IFERROR(G47*'Portfólio | Portfolio'!G174,"-") -> - | H109: =IFERROR(H47*'Portfólio | Portfolio'!H174,"-") -> - | I109: =IFERROR(I47*'Portfólio | Portfolio'!I174,"-") -> - | J109: =IFERROR(J47*'Portfólio | Portfolio'!J174,"-") -> - | ... BK109: =IFERROR(BK47*'Portfólio | Portfolio'!BK174,"-") -> 2901.5843
A110: Iguatemi Rio Preto | B110: Iguatemi Rio Preto | C110: =IFERROR(C48*'Portfólio | Portfolio'!C175,"-") -> - | D110: =IFERROR(D48*'Portfólio | Portfolio'!D175,"-") -> - | E110: =IFERROR(E48*'Portfólio | Portfolio'!E175,"-") -> - | F110: =IFERROR(F48*'Portfólio | Portfolio'!F175,"-") -> - | G110: =IFERROR(G48*'Portfólio | Portfolio'!G175,"-") -> - | H110: =IFERROR(H48*'Portfólio | Portfolio'!H175,"-") -> - | I110: =IFERROR(I48*'Portfólio | Portfolio'!I175,"-") -> - | J110: =IFERROR(J48*'Portfólio | Portfolio'!J175,"-") -> - | ... BK110: =IFERROR(BK48*'Portfólio | Portfolio'!BK175,"-") -> 2852.5354
...

Sheet DRE | P&L
C4: IGUATEMI EMPRESA DE SHOPPING CENTERS S/A | G4: IGUATEMI EMPRESA DE SHOPPING CENTERS S/A | K4: IGUATEMI EMPRESA DE SHOPPING CENTERS S/A | O4: IGUATEMI EMPRESA DE SHOPPING CENTERS S/A | S4: IGUATEMI EMPRESA DE SHOPPING CENTERS S/A | W4: IGUATEMI EMPRESA DE SHOPPING CENTERS S/A | AA4: IGUATEMI EMPRESA DE SHOPPING CENTERS S/A | AE4: IGUATEMI EMPRESA DE SHOPPING CENTERS S/A | AI4: IGUATEMI EMPRESA DE SHOPPING CENTERS S/A | AM4: IGUATEMI EMPRESA DE SHOPPING CENTERS S/A | AQ4: IGUATEMI EMPRESA DE SHOPPING CENTERS S/A | AU4: IGUATEMI EMPRESA DE SHOPPING CENTERS S/A | AY4: IGUATEMI S.A. | BC4: IGUATEMI S.A. | BG4: IGUATEMI S.A.
A5: Demonstração de Resultados | B5: Financial Performance | C5: ='Indicadores | Indicators'!C5 -> 1Q10 | D5: ='Indicadores | Indicators'!D5 -> 2Q10 | E5: ='Indicadores | Indicators'!E5 -> 3Q10 | F5: ='Indicadores | Indicators'!F5 -> 4Q10 | G5: ='Indicadores | Indicators'!G5 -> 1Q11 | H5: ='Indicadores | Indicators'!H5 -> 2Q11 | I5: ='Indicadores | Indicators'!I5 -> 3Q11 | J5: ='Indicadores | Indicators'!J5 -> 4Q11 | ... BF5: ='Indicadores | Indicators'!BF5 -> 4Q23 | BG5: 1Q24 | BH5: 2Q24 | BI5: 3Q24 | BJ5: 4Q24 | BK5: 1Q25
A7: DRE Consolidada Gerencial (R$ mil) | B7: Consolidated P&L - Managerial (R$ ‘000) | C7: =C$5 -> 1Q10 | D7: =D$5 -> 2Q10 | E7: =E$5 -> 3Q10 | F7: =F$5 -> 4Q10 | G7: =G$5 -> 1Q11 | H7: =H$5 -> 2Q11 | I7: =I$5 -> 3Q11 | J7: =J$5 -> 4Q11 | ... BG7: =BG$5 -> 1Q24 | BH7: =BH5 -> 2Q24 | BI7: =BI5 -> 3Q24 | BJ7: =BJ5 -> 4Q24 | BK7: =BK5 -> 1Q25
A8: Aluguel Mínimo Mensal | B8: Minimum monthly rent | C8: 41471 | D8: 46248 | E8: 47177 | F8: 45051 | G8: 47726 | H8: 53390 | I8: 56453 | J8: 52749 | K8: 58879 | L8: 60739 | M8: 66897 | N8: 67956 | O8: 68440 | P8: 69726 | Q8: 71654 | R8: 83552 | S8: 84405 | T8: 90160 | U8: 93863 | V8: 97567 | W8: 95373 | X8: 97679 | Y8: 101134 | Z8: 105352 | AA8: 106329 | AB8: 107466 | AC8: 111953 | AD8: 118181 | AE8: 116354 | AF8: 115188 | AG8: 121382 | AH8: 122247 | AI8: 117027 | AJ8: 119152 | AK8: 122469 | AL8: 130088 | AM8: 120820 | AN8: 123647 | AO8: 126398 | AP8: 131749 | AQ8: 134567 | AR8: 136256 | AS8: 132070 | AT8: 137449 | AU8: 138981 | AV8: 148005 | AW8: 156305 | AX8: 170717 | AY8: 173254 | AZ8: 177374.87 | BA8: 182763.4 | BB8: 195193 | BC8: 202018 | BD8: 202277.05 | BE8: 202852.21 | BF8: 199147.69 | BG8: 202014.79 | BH8: 203537.35 | BI8: 203167.44 | BJ8: 212280.1 | BK8: 210484.18
A9: Aluguel Percentual | B9: Overage | C9: 2441 | D9: 3780 | E9: 3370 | F9: 5100 | G9: 2894 | H9: 4801 | I9: 4441 | J9: 10553 | K9: 5336 | L9: 6060 | M9: 6290 | N9: 8225 | O9: 5159 | P9: 6112 | Q9: 5171 | R9: 8917 | S9: 5679 | T9: 7502 | U9: 6802 | V9: 9431 | W9: 6673 | X9: 7875 | Y9: 7180 | Z9: 10364 | AA9: 6704 | AB9: 8476 | AC9: 6906 | AD9: 11234 | AE9: 6526 | AF9: 8237 | AG9: 6382 | AH9: 10336 | AI9: 6251 | AJ9: 7283 | AK9: 6793 | AL9: 10852 | AM9: 7224 | AN9: 10414 | AO9: 8490 | AP9: 13251 | AQ9: 4149 | AR9: 3626 | AS9: 6892 | AT9: 14725 | AU9: 5787 | AV9: 13195 | AW9: 14210 | AX9: 22510 | AY9: 8471 | AZ9: 17370.785 | BA9: 11691.767 | BB9: 16809 | BC9: 13215 | BD9: 18685.814 | BE9: 15986.064 | BF9: 23068.157 | BG9: 13044.797 | BH9: 22004.209 | BI9: 19557.135 | BJ9: 28290.027 | BK9: 15593.897
A10: Locação Temporária | B10: Temporary rent | C10: 3046 | D10: 3726 | E10: 4250 | F10: 7550 | G10: 4188 | H10: 5083 | I10: 5224 | J10: 8959 | K10: 5399 | L10: 6861 | M10: 7047 | N10: 8987 | O10: 5166 | P10: 8129 | Q10: 8080 | R10: 11400 | S10: 7678 | T10: 9408 | U10: 9587 | V10: 14778 | W10: 8366 | X10: 10013 | Y10: 9651 | Z10: 12854 | AA10: 8404 | AB10: 10918 | AC10: 9207 | AD10: 14497 | AE10: 8370 | AF10: 10443 | AG10: 10356 | AH10: 15732 | AI10: 9693 | AJ10: 11995 | AK10: 10507 | AL10: 17160 | AM10: 10804 | AN10: 13315 | AO10: 13866 | AP10: 18525 | AQ10: 13225 | AR10: 3397 | AS10: 4076 | AT10: 11443 | AU10: 8118 | AV10: 8234 | AW10: 12038 | AX10: 19564 | AY10: 15311 | AZ10: 16208.871 | BA10: 18594.695 | BB10: 23986 | BC10: 18429 | BD10: 21993.081 | BE10: 22145.503 | BF10: 32141.423 | BG10: 21921.01 | BH10: 25363.03 | BI10: 25688.416 | BJ10: 34795.488 | BK10: 23908.807
A11: Taxa de Administração | B11: Management Fee | C11: 3527 | D11: 5172 | E11: 6222 | F11: 6750 | G11: 5623 | H11: 5995 | I11: 6185 | J11: 6156 | K11: 7048 | L11: 6189 | M11: 6182 | N11: 7139 | O11: 6407 | P11: 6430 | Q11: 7002 | R11: 8492 | S11: 8241 | T11: 8591 | U11: 9647 | V11: 10669 | W11: 9327 | X11: 10461 | Y11: 10706 | Z11: 12084 | AA11: 11356 | AB11: 10969 | AC11: 10507 | AD11: 11116 | AE11: 11373 | AF11: 11474 | AG11: 11559 | AH11: 13760 | AI11: 11944 | AJ11: 11547 | AK11: 12378 | AL11: 13629 | AM11: 11981 | AN11: 13556 | AO11: 12634 | AP11: 14550 | AQ11: 11432 | AR11: 7071 | AS11: 8778 | AT11: 11978 | AU11: 10322 | AV11: 10664 | AW11: 12182 | AX11: 15226 | AY11: 13817 | AZ11: 14543.913 | BA11: 14988.62 | BB11: 17507 | BC11: 14843 | BD11: 15537.189 | BE11: 15545.071 | BF11: 17276.01 | BG11: 15223.785 | BH11: 16053.65 | BI11: 16104.987 | BJ11: 19873.853 | BK11: 19219.21
A12: Estacionamento | B12: Parking | C12: 9523 | D12: 10704 | E12: 11262 | F12: 13143 | G12: 12375 | H12: 14313 | I12: 14796 | J12: 16480 | K12: 16673 | L12: 17645 | M12: 18680 | N12: 20839 | O12: 19313 | P12: 19783 | Q12: 20441 | R12: 24498 | S12: 24132 | T12: 27291 | U12: 26725 | V12: 30662 | W12: 29063 | X12: 30941 | Y12: 30724 | Z12: 37308 | AA12: 33832 | AB12: 35200 | AC12: 33015 | AD12: 40002 | AE12: 35456 | AF12: 36024 | AG12: 35455 | AH12: 40968 | AI12: 35506 | AJ12: 36121 | AK12: 37671 | AL12: 43201 | AM12: 37201 | AN12: 38253 | AO12: 37251 | AP12: 43517 | AQ12: 33025 | AR12: 3199 | AS12: 12824 | AT12: 27704 | AU12: 16061 | AV12: 20373 | AW12: 28963 | AX12: 40852 | AY12: 35387 | AZ12: 43599.864 | BA12: 42987.18 | BB12: 48398 | BC12: 42978 | BD12: 50789.945 | BE12: 51204.946 | BF12: 58021.885 | BG12: 53271.913 | BH12: 54386.75 | BI12: 55120.792 | BJ12: 65534.905 | BK12: 60052.239
A13: Outros | B13: Others | C13: 2659 | D13: 5111 | E13: 3274 | F13: 3880 | G13: 4106 | H13: 6513 | I13: 8534 | J13: 11965 | K13: 9171 | L13: 11207 | M13: 14516 | N13: 18667 | O13: 10979 | P13: 11858 | Q13: 13608 | R13: 19389 | S13: 14967 | T13: 16270 | U13: 18966 | V13: 24041 | W13: 16805 | X13: 18747 | Y13: 18366 | Z13: 18637 | AA13: 13793 | AB13: 15924 | AC13: 15167 | AD13: 18013 | AE13: 14469 | AF13: 15427 | AG13: 12701 | AH13: 15249 | AI13: 11864 | AJ13: 15065 | AK13: 12355 | AL13: 15592 | AM13: 3365.087 | AN13: 7108.8952 | AO13: 3654.9947 | AP13: 6645.0149 | AQ13: 2599.2101 | AR13: 3228.0473 | AS13: 4400.0566 | AT13: 2049 | AU13: 7753.1628 | AV13: 6039.996 | AW13: 4805.9359 | AX13: 5535 | AY13: 3217 | AZ13: 4413.032 | BA13: 3361.303 | BB13: 3167 | BC13: 4613 | BD13: 4235.967 | BE13: 4454.796 | BF13: 5424.923 | BG13: 10546.018 | BH13: 3832.178 | BI13: 5157.569 | BJ13: 6896.471 | BK13: 6755.869
A14: Varejo (Iguatemi 365 e I-Retail) | B14: Retail (Iguatemi 365 and I-Retail) | C14: 0 | D14: 0 | E14: 0 | F14: 0 | G14: 0 | H14: 0 | I14: 0 | J14: 0 | K14: 0 | L14: 0 | M14: 0 | N14: 0 | O14: 0 | P14: 0 | Q14: 0 | R14: 0 | S14: 0 | T14: 0 | U14: 0 | V14: 0 | W14: 0 | X14: 0 | Y14: 0 | Z14: 0 | AA14: 0 | AB14: 0 | AC14: 0 | AD14: 0 | AE14: 0 | AF14: 0 | AG14: 0 | AH14: 0 | AI14: 0 | AJ14: 0 | AK14: 0 | AL14: 0 | AM14: 0 | AN14: 0 | AO14: 0 | AP14: 0 | AQ14: 0 | AR14: 0 | AS14: 0 | AT14: 0 | AU14: 0 | AV14: 0 | AW14: 0 | AX14: 48779 | AY14: 25986 | AZ14: 32345.757 | BA14: 35585.181 | BB14: 46092 | BC14: 30177 | BD14: 39487.921 | BE14: 29337.215 | BF14: 46994.986 | BG14: 25768.088 | BH14: 38095.537 | BI14: 41821.828 | BJ14: 62301.78 | BK14: 35426.595 | BR14: 0 | BS14: 0
A15: Receita Bruta | B15: Gross Revenue | C15: =SUM(C8:C14) -> 62667 | D15: =SUM(D8:D14) -> 74741 | E15: =SUM(E8:E14) -> 75555 | F15: =SUM(F8:F14) -> 81474 | G15: =SUM(G8:G14) -> 76912 | H15: =SUM(H8:H14) -> 90095 | I15: =SUM(I8:I14) -> 95633 | J15: =SUM(J8:J14) -> 106862 | ... BK15: =SUM(BK8:BK14) -> 371440.8
A16: Impostos e descontos | B16: Taxes and discounts | C16: -6350 | D16: -8041 | E16: -7945 | F16: -8521 | G16: -8025 | H16: -9448 | I16: -10875 | J16: -11631 | K16: -11842 | L16: -11628 | M16: -15306 | N16: -13336 | O16: -12966 | P16: -13922 | Q16: -12903 | R16: -16166 | S16: -13894 | T16: -15385 | U16: -17615 | V16: -20566 | W16: -16784 | X16: -19106 | Y16: -18139 | Z16: -24459 | AA16: -19931 | AB16: -26143 | AC16: -25658 | AD16: -29291 | AE16: -25199 | AF16: -27380 | AG16: -28144 | AH16: -32589 | AI16: -23815 | AJ16: -26152 | AK16: -24619 | AL16: -30029 | AM16: -24016 | AN16: -26368 | AO16: -27080 | AP16: -29793 | AQ16: -48048 | AR16: -95707 | AS16: -62164 | AT16: -59173 | AU16: -56399 | AV16: -60570 | AW16: -58644 | AX16: -68321 | AY16: -42224 | AZ16: -40387 | BA16: -40450.358 | BB16: -46183 | BC16: -38541 | BD16: -44605.039 | BE16: -38263.561 | BF16: -50261.698 | BG16: -36153.891 | BH16: -43447.938 | BI16: -41876.616 | BJ16: -53859.843 | BK16: -40371.106
A17: Linearização dos descontos (1) | B17: Straight-line effect on discounts (1) | C17: 0 | D17: 0 | E17: 0 | F17: 0 | G17: 0 | H17: 0 | I17: 0 | J17: 0 | K17: 0 | L17: 0 | M17: 0 | N17: 0 | O17: 0 | P17: 0 | Q17: 0 | R17: 0 | S17: 0 | T17: 0 | U17: 0 | V17: 0 | W17: 0 | X17: 0 | Y17: 0 | Z17: 0 | AA17: 0 | AB17: 0 | AC17: 0 | AD17: 0 | AE17: 0 | AF17: 0 | AG17: 0 | AH17: 0 | AI17: 0 | AJ17: 0 | AK17: 0 | AL17: 0 | AM17: 0 | AN17: 0 | AO17: 0 | AP17: 0 | AQ17: 0 | AR17: 96632 | AS17: 65034 | AT17: 15440 | AU17: 29666 | AV17: 2713 | AW17: 15600 | AX17: 60616 | AY17: -4846 | AZ17: -11829 | BA17: -15261.006 | BB17: -12655 | BC17: -17515 | BD17: -5729.728 | BE17: -20556.295 | BF17: -16693.276 | BG17: -22486.855 | BH17: -18450.679 | BI17: -14088.731 | BJ17: -12401.864 | BK17: -15644.953
A18: Receita Líquida | B18: Net Revenue | C18: =SUM(C15:C17) -> 56317 | D18: =SUM(D15:D17) -> 66700 | E18: =SUM(E15:E17) -> 67610 | F18: =SUM(F15:F17) -> 72953 | G18: =SUM(G15:G17) -> 68887 | H18: =SUM(H15:H17) -> 80647 | I18: =SUM(I15:I17) -> 84758 | J18: =SUM(J15:J17) -> 95231 | ... BK18: =SUM(BK15:BK17) -> 315424.74
A19: Custos | B19: Costs | C19: -10000 | D19: -15577 | E19: -13451 | F19: -16097 | G19: -14367 | H19: -15888 | I19: -14753 | J19: -21881 | K19: -17212 | L19: -20150 | M19: -25800 | N19: 23859 | O19: -20764 | P19: -21348 | Q19: -20699 | R19: -28359 | S19: -24106 | T19: -28945 | U19: -29187 | V19: -31894.464 | W19: -29633 | X19: -31603 | Y19: -30344 | Z19: -35282 | AA19: -27267 | AB19: -32741 | AC19: -27822 | AD19: -32936 | AE19: -30195 | AF19: -32774 | AG19: -28932 | AH19: -29641 | AI19: -29332 | AJ19: -30714 | AK19: -29766 | AL19: -33037 | AM19: -33510 | AN19: -34773 | AO19: -35646 | AP19: -44158 | AQ19: -34790 | AR19: -27434 | AS19: -38998 | AT19: -52890 | AU19: -47286 | AV19: -54020 | AW19: -62302 | AX19: -77442 | AY19: -63562 | AZ19: -71321.311 | BA19: -68699.118 | BB19: -85318 | BC19: -66614 | BD19: -78529.479 | BE19: -58646.28 | BF19: -68759.185 | BG19: -56265.842 | BH19: -63838.881 | BI19: -63402.673 | BJ19: -67376.569 | BK19: -61040.087
A20: Despesas administrativas | B20: Administrative Expenses | C20: -11357 | D20: -12840 | E20: -12123 | F20: -19157 | G20: -13721 | H20: -15538 | I20: -25761 | J20: -21183 | K20: -13679 | L20: -17128 | M20: -24016 | N20: 23780 | O20: -14127 | P20: -17984 | Q20: -21442 | R20: -29107 | S20: -17269 | T20: -17803 | U20: -16662 | V20: -15098.066 | W20: -15055 | X20: -15160 | Y20: -13931 | Z20: -18838 | AA20: -13768 | AB20: -13240 | AC20: -10617 | AD20: -8388 | AE20: -11509 | AF20: -13910 | AG20: -11713 | AH20: -16403 | AI20: -16131 | AJ20: -17922 | AK20: -16703 | AL20: -24315 | AM20: -15011 | AN20: -19890 | AO20: -17998 | AP20: -19187 | AQ20: -16445 | AR20: -11495 | AS20: -13465 | AT20: -15192 | AU20: -16468 | AV20: -20416 | AW20: -19774 | AX20: -25980 | AY20: -21505 | AZ20: -28077.271 | BA20: -28270.916 | BB20: -36561 | BC20: -24736 | BD20: -29989.573 | BE20: -26312.487 | BF20: -30913.322 | BG20: -28226.276 | BH20: -28186.917 | BI20: -25340.357 | BJ20: -41827.402 | BK20: -35876.289
A21: Despesas Pré-operacionais | B21: Pre-Operating Expenses | BG21: -492.52125 | BH21: -622.4543 | BI21: -655.98226 | BJ21: -1155.6799 | BK21: -454.7689
A22: Outras Receitas (Desp.) Operacionais | B22: Other Operational Revenue (Expenses) | C22: 189 | D22: 11402 | E22: 13286 | F22: 7077 | G22: 509 | H22: 8522 | I22: 20824 | J22: 18721 | K22: 1156 | L22: 22579 | M22: 110636 | N22: 26494 | O22: 14418 | P22: 2481 | Q22: 6765 | R22: 34204 | S22: 8693 | T22: 3084 | U22: 10324 | V22: 23593 | W22: -1460 | X22: 12520 | Y22: 19384 | Z22: 26013 | AA22: 9354 | AB22: 4534 | AC22: 5010 | AD22: 91 | AE22: -180 | AF22: 7444 | AG22: 4499 | AH22: 10526 | AI22: 2493 | AJ22: 5852 | AK22: 9828 | AL22: 15621 | AM22: 4636 | AN22: 4369 | AO22: 39491 | AP22: 52013 | AQ22: -2984 | AR22: -7394 | AS22: 4066 | AT22: 45583 | AU22: -4432 | AV22: 12788 | AW22: 23166 | AX22: -26398 | AY22: 3672 | AZ22: 17551 | BA22: 10469 | BB22: 21437 | BC22: 3468 | BD22: 9138 | BE22: 30523 | BF22: 32555 | BG22: 5788.123 | BH22: 6690 | BI22: 15874.296 | BJ22: 49967.21 | BK22: 11292.036
A23: Linearização revenda de ponto | B23: Straight-line effect on key money | C23: 0 | D23: 0 | E23: 0 | F23: 0 | G23: 0 | H23: 0 | I23: 0 | J23: 0 | K23: 0 | L23: 0 | M23: 0 | N23: 0 | O23: 0 | P23: 0 | Q23: 0 | R23: 0 | S23: 0 | T23: 0 | U23: 0 | V23: 0 | W23: 0 | X23: 0 | Y23: 0 | Z23: 0 | AA23: 0 | AB23: 0 | AC23: 0 | AD23: 0 | AE23: 0 | AF23: 0 | AG23: 0 | AH23: 0 | AI23: 0 | AJ23: 0 | AK23: 0 | AL23: 0 | AM23: 0 | AN23: 0 | AO23: 0 | AP23: 0 | AQ23: 0 | AR23: 0 | AS23: 0 | AT23: 0 | AU23: 0 | AV23: 0 | AW23: 0 | AX23: 0 | AY23: 576 | AZ23: -5432 | BA23: -2211 | BB23: -2211 | BC23: 1764 | BD23: -3450 | BE23: -17441 | BF23: 391 | BG23: 1945 | BH23: -983 | BI23: -10072 | BJ23: -2685 | BK23: 3393.245
A24: Resultado de Equivalência Patrimonial | B24: Income using the equity method | C24: 0 | D24: 0 | E24: 0 | F24: 0 | G24: 0 | H24: 0 | I24: 0 | J24: 0 | K24: 0 | L24: 0 | M24: 0 | N24: 0 | O24: 0 | P24: 0 | Q24: 0 | R24: 0 | S24: 0 | T24: 0 | U24: 0 | V24: 0 | W24: 0 | X24: 0 | Y24: 0 | Z24: 0 | AA24: 218 | AB24: 223 | AC24: 257 | AD24: 241 | AE24: 299 | AF24: 299 | AG24: 298 | AH24: 294 | AI24: 279 | AJ24: 287 | AK24: 281 | AL24: 277 | AM24: 305 | AN24: 292 | AO24: 293 | AP24: 299 | AQ24: 336 | AR24: 339 | AS24: 335 | AT24: 338 | AU24: 236 | AV24: 251 | AW24: 238 | AX24: 249 | AY24: 262 | AZ24: 300.43 | BA24: 309.441 | BB24: -2094 | BC24: -5579 | BD24: -4347.9516 | BE24: 386.91999 | BF24: -21171.43 | BG24: -7351.5386 | BH24: -3623.4766 | BI24: 431.64394 | BJ24: 399.91217 | BK24: 392.96503
A25: EBITDA | B25: EBITDA | C25: =SUM(C18:C24) -> 35149 | D25: =SUM(D18:D24) -> 49685 | E25: =SUM(E18:E24) -> 55322 | F25: =SUM(F18:F24) -> 44776 | G25: =SUM(G18:G24) -> 41308 | H25: =SUM(H18:H24) -> 57743 | I25: =SUM(I18:I24) -> 65068 | J25: =SUM(J18:J24) -> 70888 | ... BK25: =SUM(BK18:BK24) -> 233131.84
A26: Depreciação e Amortização | B26: Depreciation and amortization | C26: -4414 | D26: -5537 | E26: -5209 | F26: -5275 | G26: -5056 | H26: -6010 | I26: -6523 | J26: -8142 | K26: -8357 | L26: -9509 | M26: -11208 | N26: -11594 | O26: -11892 | P26: -12057 | Q26: -13259 | R26: -16879 | S26: -18574 | T26: -21824 | U26: -23180 | V26: -23857 | W26: -24335 | X26: -25185 | Y26: -25918 | Z26: -27307 | AA26: -27847 | AB26: -27223 | AC26: -26751 | AD26: -26500 | AE26: -26479 | AF26: -26381 | AG26: -26743 | AH26: -26729 | AI26: -27069 | AJ26: -27274 | AK26: -27468 | AL26: -27830 | AM26: -31104 | AN26: -31524 | AO26: -31948 | AP26: -33446 | AQ26: -37005 | AR26: -37281 | AS26: -36509 | AT26: -38205 | AU26: -37144 | AV26: -38727 | AW26: -39679 | AX26: -39834 | AY26: -38634 | AZ26: -38860.009 | BA26: -41155.866 | BB26: -39931 | BC26: -44296 | BD26: -43481.479 | BE26: -43290.25 | BF26: -43297.379 | BG26: -45305.64 | BH26: -47348.299 | BI26: -47879.053 | BJ26: -55185.647 | BK26: -24621.013
A27: EBIT | B27: EBIT | C27: =SUM(C25:C26) -> 30735 | D27: =SUM(D25:D26) -> 44148 | E27: =SUM(E25:E26) -> 50113 | F27: =SUM(F25:F26) -> 39501 | G27: =SUM(G25:G26) -> 36252 | H27: =SUM(H25:H26) -> 51733 | I27: =SUM(I25:I26) -> 58545 | J27: =SUM(J25:J26) -> 62746 | ... BK27: =SUM(BK25:BK26) -> 208510.83
A28: Receitas Financeiras | B28: Financial revenue | C28: 14983 | D28: 14517 | E28: 16615 | F28: 16817 | G28: 18925 | H28: 25628 | I28: 33306 | J28: 24746 | K28: 24435 | L28: 27501 | M28: 19536 | N28: 18093 | O28: 19654 | P28: 29217 | Q28: 32260 | R28: 32030 | S28: 28946 | T28: 32667 | U28: 27129 | V28: 20126 | W28: 29910 | X28: 18930 | Y28: 28504 | Z28: 18544 | AA28: 19282 | AB28: 17586 | AC28: 24619 | AD28: 22297 | AE28: 17067 | AF28: 11577 | AG28: 12364 | AH28: 13037 | AI28: 14488 | AJ28: 7189 | AK28: 13601 | AL28: 14244 | AM28: 15366 | AN28: 15076 | AO28: 13476 | AP28: 14372 | AQ28: 15706 | AR28: 8257 | AS28: 16594 | AT28: 25566 | AU28: 37148 | AV28: 450238 | AW28: -153144 | AX28: 40228 | AY28: 45418.29 | AZ28: 21808.931 | BA28: 36447.522 | BB28: 43426 | BC28: 45617.397 | BD28: 53182.586 | BE28: 31527.061 | BF28: 28991.97 | BG28: 46379.133 | BH28: 35792.409 | BI28: 54368.716 | BJ28: 31468.606 | BK28: 37638.921
A29: Resultado operação SWAP | B29: Result from SWAP operation | C29: 0 | D29: 0 | E29: 0 | F29: 0 | G29: 0 | H29: 0 | I29: 0 | J29: 0 | K29: 0 | L29: 0 | M29: 0 | N29: 0 | O29: 0 | P29: 0 | Q29: 0 | R29: 0 | S29: 0 | T29: 0 | U29: 0 | V29: 0 | W29: 0 | X29: 0 | Y29: 0 | Z29: 0 | AA29: 0 | AB29: 0 | AC29: 0 | AD29: 0 | AE29: 0 | AF29: 0 | AG29: 0 | AH29: 0 | AI29: 0 | AJ29: 0 | AK29: 0 | AL29: 0 | AM29: 0 | AN29: 0 | AO29: 0 | AP29: 0 | AQ29: 0 | AR29: 0 | AS29: 0 | AT29: 0 | AU29: 0 | AV29: 0 | AW29: 0 | AX29: 0 | AY29: 18562 | AZ29: -3682.412 | BA29: 9669.532 | BB29: -14958 | BC29: 5473 | BD29: 7019.757 | BE29: -22331.827 | BF29: 27523.35 | BG29: -8161.94 | BH29: -19067.361 | BI29: 307.035 | BJ29: -19114.25 | BK29: 2949.744
A30: Despesas Financeiras | B30: Financial expenses | C30: -9019 | D30: -13953 | E30: -12462 | F30: -18676 | G30: -14134 | H30: -27330 | I30: -44872 | J30: -37146 | K30: -35329 | L30: -36522 | M30: -33235 | N30: -33704 | O30: -32454 | P30: -40394 | Q30: -40001 | R30: -63218 | S30: -49537 | T30: -53849 | U30: -58614 | V30: -59779 | W30: -58053 | X30: -56689 | Y30: -68627 | Z30: -72475 | AA30: -71135 | AB30: -70505 | AC30: -78435 | AD30: -73476 | AE30: -60545 | AF30: -54964 | AG30: -55191 | AH30: -52725 | AI30: -40663 | AJ30: -37303 | AK30: -45558 | AL30: -45375 | AM30: -43218 | AN30: -44137 | AO30: -40799 | AP30: -37467 | AQ30: -40893 | AR30: -27819 | AS30: -37463 | AT30: -52507 | AU30: -44652 | AV30: -84716 | AW30: -58389 | AX30: -90123 | AY30: -103711 | AZ30: -105880.88 | BA30: -138073.65 | BB30: -112173 | BC30: -117079 | BD30: -117129.62 | BE30: -109334.33 | BF30: -97747.78 | BG30: -97583.597 | BH30: -93014.068 | BI30: -112248.69 | BJ30: -91393.284 | BK30: -119678.52
A31: Valor justo de instrumento de capital | B31: Fair value of capital instrument | C31: 0 | D31: 0 | E31: 0 | F31: 0 | G31: 0 | H31: 0 | I31: 0 | J31: 0 | K31: 0 | L31: 0 | M31: 0 | N31: 0 | O31: 0 | P31: 0 | Q31: 0 | R31: 0 | S31: 0 | T31: 0 | U31: 0 | V31: 0 | W31: 0 | X31: 0 | Y31: 0 | Z31: 0 | AA31: 0 | AB31: 0 | AC31: 0 | AD31: 0 | AE31: 0 | AF31: 0 | AG31: 0 | AH31: 0 | AI31: 0 | AJ31: 0 | AK31: 0 | AL31: 0 | AM31: 0 | AN31: 0 | AO31: 0 | AP31: 0 | AQ31: 0 | AR31: 0 | AS31: 0 | AT31: 0 | AU31: 0 | AV31: 0 | AW31: 0 | AX31: 29047 | AY31: -86862.29 | AZ31: -258142 | BA31: 32763.48 | BB31: -11154 | BC31: -8260.3969 | BD31: -2141 | BE31: 0 | BF31: 0 | BG31: 0 | BH31: 0 | BI31: 0 | BJ31: 0 | BK31: 0
A32: IR e CSLL | B32: Income Tax & Social Contribution | C32: -9483 | D32: -6989 | E32: -11374 | F32: -6128 | G32: -9546 | H32: -7040 | I32: -16261 | J32: -3574 | K32: -9464 | L32: -9797 | M32: -11269 | N32: -17031 | O32: -9995 | P32: -12487 | Q32: -11714 | R32: -12314 | S32: -11226 | T32: -7035 | U32: 9298 | V32: -14315 | W32: -5067 | X32: -11523 | Y32: -10247 | Z32: -20610 | AA32: -10612 | AB32: -6357 | AC32: -6735 | AD32: -15309 | AE32: -5188 | AF32: -9729 | AG32: -11211 | AH32: -17415 | AI32: -14431 | AJ32: -14559 | AK32: -16190 | AL32: -24000 | AM32: -15004 | AN32: -16975 | AO32: -22332 | AP32: -31830 | AQ32: -16952 | AR32: -11798 | AS32: -15125 | AT32: -15080 | AU32: -16952 | AV32: -156692 | AW32: 39733 | AX32: -42337 | AY32: 1059 | AZ32: 98537.659 | BA32: 640.828 | BB32: 42043 | BC32: -11171 | BD32: -14243.747 | BE32: -6570.103 | BF32: -22469.749 | BG32: -12783.684 | BH32: -10831.757 | BI32: -20831.449 | BJ32: -25958.29 | BK32: -21916.602
A33: IRPJ/CSLL corrente | B33: Current IRPJ/CSLL | AV33: -11302 | AW33: -10550 | AX33: -14631 | AY33: -19565 | AZ33: -17873.56 | BA33: -19076.648 | BB33: -22008.654 | BC33: -21646 | BD33: -19921.171 | BE33: -15080.105 | BF33: -19921.347 | BG33: -22083.673 | BH33: -19192.054 | BI33: -16030.472 | BJ33: -24367.713 | BK33: -25780.234
A34: IRPJ/CSLL diferido | B34: Deferred IRPJ/CSLL | AV34: -145390 | AW34: 50283 | AX34: -27706 | AY34: 20624 | AZ34: 116411.22 | BA34: 19717.476 | BB34: 64052.507 | BC34: 10475 | BD34: 5677.424 | BE34: 8510.002 | BF34: -2548.402 | BG34: 9299.989 | BH34: 8360.297 | BI34: -4800.977 | BJ34: -1590.5771 | BK34: 3863.632
A35: Participação dos minoritários | B35: Minority interest | C35: 0 | D35: 0 | E35: 0 | F35: 0 | G35: 0 | H35: 0 | I35: 0 | J35: 0 | K35: 0 | L35: 0 | M35: 0 | N35: 0 | O35: 0 | P35: 0 | Q35: 0 | R35: 0 | S35: 0 | T35: 0 | U35: 0 | V35: 0 | W35: 0 | X35: 0 | Y35: 0 | Z35: 0 | AA35: 0 | AB35: 0 | AC35: 0 | AD35: 0 | AE35: 0 | AF35: 0 | AG35: 0 | AH35: 0 | AI35: 0 | AJ35: 0 | AK35: 0 | AL35: 0 | AM35: 0 | AN35: 0 | AO35: 0 | AQ35: 0 | AR35: 0 | AS35: 0 | AT35: 0 | AU35: 0 | AV35: 0 | AW35: 0 | AX35: 0 | AY35: -979 | AZ35: -1511.662 | BA35: -1336.805 | BB35: -1425 | BC35: -990 | BD35: -1323.336 | BE35: -1507.076 | BF35: -400.545 | BG35: -25.215 | BH35: -26.61 | BI35: -33.722 | BJ35: -46.179 | BK35: -26.537
A36: Lucro Líquido | B36: Net Income | C36: =SUM(C35,C27:C32) -> 27216 | D36: =SUM(D35,D27:D32) -> 37723 | E36: =SUM(E35,E27:E32) -> 42892 | F36: =SUM(F35,F27:F32) -> 31514 | G36: =SUM(G35,G27:G32) -> 31497 | H36: =SUM(H35,H27:H32) -> 42991 | I36: =SUM(I35,I27:I32) -> 30718 | J36: =SUM(J35,J27:J32) -> 46772 | ... BK36: =SUM(BK35,BK27:BK32) -> 107477.84
A37: Margem Líquida | C37: =C36/C18 -> 0.48326438 | D37: =D36/D18 -> 0.56556222 | E37: =E36/E18 -> 0.63440319 | F37: =F36/F18 -> 0.43197675 | G37: =G36/G18 -> 0.45722705 | H37: =H36/H18 -> 0.53307625 | I37: =I36/I18 -> 0.36242007 | J37: =J36/J18 -> 0.49114259 | ... BK37: =BK36/BK18 -> 0.34074004
A38: FFO (R$ mil) | C38: =C36-C26 -> 31630 | D38: =D36-D26 -> 43260 | E38: =E36-E26 -> 48101 | F38: =F36-F26 -> 36789 | G38: =G36-G26 -> 36553 | H38: =H36-H26 -> 49001 | I38: =I36-I26 -> 37241 | J38: =J36-J26 -> 54914 | ... BK38: =BK36-BK26 -> 132098.85
A39: Margem FFO | C39: =C38/C18 -> 0.56164213 | D39: =D38/D18 -> 0.64857571 | E39: =E38/E18 -> 0.71144801 | F39: =F38/F18 -> 0.50428358 | G39: =G38/G18 -> 0.53062261 | H39: =H38/H18 -> 0.60759855 | I39: =I38/I18 -> 0.43938035 | J39: =J38/J18 -> 0.57663996 | ... BK39: =BK38/BK18 -> 0.41879673
A42: DRE Consolidada Ajustada (R$ mil) | B42: Consolidated P&L - Managerial (R$ ‘000) | C42: =C$5 -> 1Q10 | D42: =D$5 -> 2Q10 | E42: =E$5 -> 3Q10 | F42: =F$5 -> 4Q10 | G42: =G$5 -> 1Q11 | H42: =H$5 -> 2Q11 | I42: =I$5 -> 3Q11 | J42: =J$5 -> 4Q11 | ... BK42: =BK$5 -> 1Q25
A43: Aluguel Mínimo Mensal | B43: Minimum monthly rent | C43: 0 | D43: 0 | E43: 0 | F43: 0 | G43: 0 | H43: 0 | I43: 0 | J43: 0 | K43: 0 | L43: 0 | M43: 0 | N43: 0 | O43: 0 | P43: 0 | Q43: 0 | R43: 0 | S43: 0 | T43: 0 | U43: 0 | V43: 0 | W43: 0 | X43: 0 | Y43: 0 | Z43: 0 | AA43: 0 | AB43: 0 | AC43: 0 | AD43: 0 | AE43: 0 | AF43: 0 | AG43: 0 | AH43: 0 | AI43: 0 | AJ43: 0 | AK43: 0 | AL43: 0 | AM43: 0 | AN43: 0 | AO43: 0 | AP43: 0 | AQ43: 0 | AR43: 0 | AS43: 0 | AT43: 137449 | AU43: 138981 | AV43: 148005 | AW43: =AW8 -> 156305 | AX43: =AX8 -> 170717 | AY43: =AY8 -> 173254 | AZ43: =AZ8 -> 177374.87 | BA43: =BA8 -> 182763.4 | BB43: =BB8 -> 195193 | BC43: =BC8 -> 202018 | BD43: =BD8 -> 202277.05 | BE43: =BE8 -> 202852.21 | BF43: 199147.69 | BG43: 202014.79 | BH43: 203537.35 | BI43: 203167.44 | BJ43: 212280.1 | BK43: 210484.18
A44: Aluguel Percentual | B44: Overage | C44: 0 | D44: 0 | E44: 0 | F44: 0 | G44: 0 | H44: 0 | I44: 0 | J44: 0 | K44: 0 | L44: 0 | M44: 0 | N44: 0 | O44: 0 | P44: 0 | Q44: 0 | R44: 0 | S44: 0 | T44: 0 | U44: 0 | V44: 0 | W44: 0 | X44: 0 | Y44: 0 | Z44: 0 | AA44: 0 | AB44: 0 | AC44: 0 | AD44: 0 | AE44: 0 | AF44: 0 | AG44: 0 | AH44: 0 | AI44: 0 | AJ44: 0 | AK44: 0 | AL44: 0 | AM44: 0 | AN44: 0 | AO44: 0 | AP44: 0 | AQ44: 0 | AR44: 0 | AS44: 0 | AT44: 14725 | AU44: 5787 | AV44: 13195 | AW44: =AW9 -> 14210 | AX44: =AX9 -> 22510 | AY44: =AY9 -> 8471 | AZ44: =AZ9 -> 17370.785 | BA44: =BA9 -> 11691.767 | BB44: =BB9 -> 16809 | BC44: =BC9 -> 13215 | BD44: =BD9 -> 18685.814 | BE44: =BE9 -> 15986.064 | BF44: 23068.157 | BG44: 13044.797 | BH44: 22004.209 | BI44: 19557.135 | BJ44: 28290.027 | BK44: 15593.897
A45: Locação Temporária | B45: Temporary rent | C45: 0 | D45: 0 | E45: 0 | F45: 0 | G45: 0 | H45: 0 | I45: 0 | J45: 0 | K45: 0 | L45: 0 | M45: 0 | N45: 0 | O45: 0 | P45: 0 | Q45: 0 | R45: 0 | S45: 0 | T45: 0 | U45: 0 | V45: 0 | W45: 0 | X45: 0 | Y45: 0 | Z45: 0 | AA45: 0 | AB45: 0 | AC45: 0 | AD45: 0 | AE45: 0 | AF45: 0 | AG45: 0 | AH45: 0 | AI45: 0 | AJ45: 0 | AK45: 0 | AL45: 0 | AM45: 0 | AN45: 0 | AO45: 0 | AP45: 0 | AQ45: 0 | AR45: 0 | AS45: 0 | AT45: 11443 | AU45: 8118 | AV45: 8234 | AW45: =AW10 -> 12038 | AX45: =AX10 -> 19564 | AY45: =AY10 -> 15311 | AZ45: =AZ10 -> 16208.871 | BA45: =BA10 -> 18594.695 | BB45: =BB10 -> 23986 | BC45: =BC10 -> 18429 | BD45: =BD10 -> 21993.081 | BE45: =BE10 -> 22145.503 | BF45: 32141.423 | BG45: 21921.01 | BH45: 25363.03 | BI45: 25688.416 | BJ45: 34795.488 | BK45: 23908.807
A46: Taxa de Administração | B46: Management Fee | C46: 0 | D46: 0 | E46: 0 | F46: 0 | G46: 0 | H46: 0 | I46: 0 | J46: 0 | K46: 0 | L46: 0 | M46: 0 | N46: 0 | O46: 0 | P46: 0 | Q46: 0 | R46: 0 | S46: 0 | T46: 0 | U46: 0 | V46: 0 | W46: 0 | X46: 0 | Y46: 0 | Z46: 0 | AA46: 0 | AB46: 0 | AC46: 0 | AD46: 0 | AE46: 0 | AF46: 0 | AG46: 0 | AH46: 0 | AI46: 0 | AJ46: 0 | AK46: 0 | AL46: 0 | AM46: 0 | AN46: 0 | AO46: 0 | AP46: 0 | AQ46: 0 | AR46: 0 | AS46: 0 | AT46: 11978 | AU46: 10322 | AV46: 10664 | AW46: =AW11 -> 12182 | AX46: =AX11 -> 15226 | AY46: =AY11 -> 13817 | AZ46: =AZ11 -> 14543.913 | BA46: =BA11 -> 14988.62 | BB46: =BB11 -> 17507 | BC46: =BC11 -> 14843 | BD46: =BD11 -> 15537.189 | BE46: =BE11 -> 15545.071 | BF46: 17276.01 | BG46: 15223.785 | BH46: 16053.65 | BI46: 16104.987 | BJ46: 19873.853 | BK46: 19219.21
A47: Estacionamento | B47: Parking | C47: 0 | D47: 0 | E47: 0 | F47: 0 | G47: 0 | H47: 0 | I47: 0 | J47: 0 | K47: 0 | L47: 0 | M47: 0 | N47: 0 | O47: 0 | P47: 0 | Q47: 0 | R47: 0 | S47: 0 | T47: 0 | U47: 0 | V47: 0 | W47: 0 | X47: 0 | Y47: 0 | Z47: 0 | AA47: 0 | AB47: 0 | AC47: 0 | AD47: 0 | AE47: 0 | AF47: 0 | AG47: 0 | AH47: 0 | AI47: 0 | AJ47: 0 | AK47: 0 | AL47: 0 | AM47: 0 | AN47: 0 | AO47: 0 | AP47: 0 | AQ47: 0 | AR47: 0 | AS47: 0 | AT47: 27704 | AU47: 16061 | AV47: 20373 | AW47: =AW12 -> 28963 | AX47: =AX12 -> 40852 | AY47: =AY12 -> 35387 | AZ47: =AZ12 -> 43599.864 | BA47: =BA12 -> 42987.18 | BB47: =BB12 -> 48398 | BC47: =BC12 -> 42978 | BD47: =BD12 -> 50789.945 | BE47: =BE12 -> 51204.946 | BF47: 58021.885 | BG47: 53271.913 | BH47: 54386.75 | BI47: 55120.792 | BJ47: 65534.905 | BK47: 60052.239
A48: Outros (Shopping) | B48: Others (Mall) | C48: 0 | D48: 0 | E48: 0 | F48: 0 | G48: 0 | H48: 0 | I48: 0 | J48: 0 | K48: 0 | L48: 0 | M48: 0 | N48: 0 | O48: 0 | P48: 0 | Q48: 0 | R48: 0 | S48: 0 | T48: 0 | U48: 0 | V48: 0 | W48: 0 | X48: 0 | Y48: 0 | Z48: 0 | AA48: 0 | AB48: 0 | AC48: 0 | AD48: 0 | AE48: 0 | AF48: 0 | AG48: 0 | AH48: 0 | AI48: 0 | AJ48: 0 | AK48: 0 | AL48: 0 | AM48: 0 | AN48: 0 | AO48: 0 | AP48: 0 | AQ48: 0 | AR48: 0 | AS48: 0 | AT48: 24837 | AU48: 16853 | AV48: 27688 | AW48: 31540 | AX48: =AX13 -> 5535 | AY48: =AY13 -> 3217 | AZ48: =AZ13 -> 4413.032 | BA48: =BA13 -> 3361.303 | BB48: =BB13 -> 3167 | BC48: =BC13 -> 4613 | BD48: =BD13 -> 4235.967 | BE48: =BE13 -> 4454.796 | BF48: 5424.923 | BG48: 10546.018 | BH48: 3832.178 | BI48: 5157.569 | BJ48: 6896.471 | BK48: 6755.869
A49: Varejo (Iguatemi 365 e I-Retail) | B49: Retail (Iguatemi 365 and I-Retail) | C49: 0 | D49: 0 | E49: 0 | F49: 0 | G49: 0 | H49: 0 | I49: 0 | J49: 0 | K49: 0 | L49: 0 | M49: 0 | N49: 0 | O49: 0 | P49: 0 | Q49: 0 | R49: 0 | S49: 0 | T49: 0 | U49: 0 | V49: 0 | W49: 0 | X49: 0 | Y49: 0 | Z49: 0 | AA49: 0 | AB49: 0 | AC49: 0 | AD49: 0 | AE49: 0 | AF49: 0 | AG49: 0 | AH49: 0 | AI49: 0 | AJ49: 0 | AK49: 0 | AL49: 0 | AM49: 0 | AN49: 0 | AO49: 0 | AP49: 0 | AQ49: 0 | AR49: 0 | AS49: 0 | AT49: 0 | AU49: 0 | AV49: 0 | AX49: 48779 | AY49: 25986 | AZ49: 32345.757 | BA49: 35585.181 | BB49: 46092 | BC49: 30177 | BD49: 39487.921 | BE49: 29337.215 | BF49: 46994.986 | BG49: 25768.088 | BH49: 38095.537 | BI49: 41821.828 | BJ49: 62301.78 | BK49: 35426.595 | BR49: 0 | BS49: 0
A50: Receita Bruta | B50: Gross Revenue | C50: 0 | D50: 0 | E50: 0 | F50: 0 | G50: 0 | H50: 0 | I50: 0 | J50: 0 | K50: 0 | L50: 0 | M50: 0 | N50: 0 | O50: 0 | P50: 0 | Q50: 0 | R50: 0 | S50: 0 | T50: 0 | U50: 0 | V50: 0 | W50: 0 | X50: 0 | Y50: 0 | Z50: 0 | AA50: 0 | AB50: 0 | AC50: 0 | AD50: 0 | AE50: 0 | AF50: 0 | AG50: 0 | AH50: 0 | AI50: 0 | AJ50: 0 | AK50: 0 | AL50: 0 | AM50: 0 | AN50: 0 | AO50: 0 | AP50: 0 | AQ50: 0 | AR50: 0 | AS50: 0 | AT50: =SUM(AT43:AT49) -> 228136 | AU50: =SUM(AU43:AU49) -> 196122 | AV50: =SUM(AV43:AV49) -> 228159 | AW50: =SUM(AW43:AW49) -> 255238 | AX50: =SUM(AX43:AX49) -> 323183 | AY50: =SUM(AY43:AY49) -> 275443 | AZ50: =SUM(AZ43:AZ49) -> 305857.09 | BA50: =SUM(BA43:BA49) -> 309972.15 | ... BK50: =SUM(BK43:BK49) -> 371440.8
A51: Impostos e descontos | B51: Taxes and discounts | C51: 0 | D51: 0 | E51: 0 | F51: 0 | G51: 0 | H51: 0 | I51: 0 | J51: 0 | K51: 0 | L51: 0 | M51: 0 | N51: 0 | O51: 0 | P51: 0 | Q51: 0 | R51: 0 | S51: 0 | T51: 0 | U51: 0 | V51: 0 | W51: 0 | X51: 0 | Y51: 0 | Z51: 0 | AA51: 0 | AB51: 0 | AC51: 0 | AD51: 0 | AE51: 0 | AF51: 0 | AG51: 0 | AH51: 0 | AI51: 0 | AJ51: 0 | AK51: 0 | AL51: 0 | AM51: 0 | AN51: 0 | AO51: 0 | AP51: 0 | AQ51: 0 | AR51: 0 | AS51: 0 | AT51: -58029 | AU51: -54202 | AV51: -60369 | AW51: -57489 | AX51: -64078 | AY51: -42563 | AZ51: -41215 | BA51: -41519 | BB51: -47069 | BC51: -39768 | BD51: -45006 | BE51: -39702 | BF51: -51430.208 | BG51: -37727.981 | BH51: -44739.508 | BI51: -42862.846 | BJ51: -54727.983 | BK51: -41466.256
A52: Linearização dos descontos (1) | B52: Straight-line effect on discounts (1) | C52: 0 | D52: 0 | E52: 0 | F52: 0 | G52: 0 | H52: 0 | I52: 0 | J52: 0 | K52: 0 | L52: 0 | M52: 0 | N52: 0 | O52: 0 | P52: 0 | Q52: 0 | R52: 0 | S52: 0 | T52: 0 | U52: 0 | V52: 0 | W52: 0 | X52: 0 | Y52: 0 | Z52: 0 | AA52: 0 | AB52: 0 | AC52: 0 | AD52: 0 | AE52: 0 | AF52: 0 | AG52: 0 | AH52: 0 | AI52: 0 | AJ52: 0 | AK52: 0 | AL52: 0 | AM52: 0 | AN52: 0 | AO52: 0 | AP52: 0 | AQ52: 0 | AR52: 0 | AS52: 0 | AT52: 0 | AU52: 0 | AV52: 0 | AW52: 0 | AX52: 0 | AY52: 0 | AZ52: 0 | BA52: 0 | BB52: 0 | BC52: 0 | BD52: 0 | BE52: 0 | BF52: 0 | BG52: 0 | BH52: 0 | BI52: 0 | BJ52: 0 | BK52: 0
A53: Receita Líquida | B53: Net Revenue | C53: 0 | D53: 0 | E53: 0 | F53: 0 | G53: 0 | H53: 0 | I53: 0 | J53: 0 | K53: 0 | L53: 0 | M53: 0 | N53: 0 | O53: 0 | P53: 0 | Q53: 0 | R53: 0 | S53: 0 | T53: 0 | U53: 0 | V53: 0 | W53: 0 | X53: 0 | Y53: 0 | Z53: 0 | AA53: 0 | AB53: 0 | AC53: 0 | AD53: 0 | AE53: 0 | AF53: 0 | AG53: 0 | AH53: 0 | AI53: 0 | AJ53: 0 | AK53: 0 | AL53: 0 | AM53: 0 | AN53: 0 | AO53: 0 | AP53: 0 | AQ53: 0 | AR53: 0 | AS53: 0 | AT53: =SUM(AT50:AT52) -> 170107 | AU53: =SUM(AU50:AU52) -> 141920 | AV53: =SUM(AV50:AV52) -> 167790 | AW53: =SUM(AW50:AW52) -> 197749 | AX53: =SUM(AX50:AX52) -> 259105 | AY53: =SUM(AY50:AY52) -> 232880 | AZ53: =SUM(AZ50:AZ52) -> 264642.09 | BA53: =SUM(BA50:BA52) -> 268453.15 | ... BK53: =SUM(BK50:BK52) -> 329974.54
A54: Custos | B54: Cost | C54: 0 | D54: 0 | E54: 0 | F54: 0 | G54: 0 | H54: 0 | I54: 0 | J54: 0 | K54: 0 | L54: 0 | M54: 0 | N54: 0 | O54: 0 | P54: 0 | Q54: 0 | R54: 0 | S54: 0 | T54: 0 | U54: 0 | V54: 0 | W54: 0 | X54: 0 | Y54: 0 | Z54: 0 | AA54: 0 | AB54: 0 | AC54: 0 | AD54: 0 | AE54: 0 | AF54: 0 | AG54: 0 | AH54: 0 | AI54: 0 | AJ54: 0 | AK54: 0 | AL54: 0 | AM54: 0 | AN54: 0 | AO54: 0 | AP54: 0 | AQ54: 0 | AR54: 0 | AS54: 0 | AT54: -52890 | AU54: -47286 | AV54: -54020 | AW54: =AW19 -> -62302 | AX54: =AX19 -> -77442 | AY54: =AY19 -> -63562 | AZ54: =AZ19 -> -71321.311 | BA54: -68699.118 | BB54: -85318 | BC54: =BC19 -> -66614 | BD54: =BD19 -> -78529.479 | BE54: =BE19 -> -58646.28 | BF54: -68759.185 | BG54: -56265.842 | BH54: -63838.881 | BI54: -63402.673 | BJ54: -67376.569 | BK54: -61040.087
A55: Despesas administrativas | B55: Administrative Expenses | C55: 0 | D55: 0 | E55: 0 | F55: 0 | G55: 0 | H55: 0 | I55: 0 | J55: 0 | K55: 0 | L55: 0 | M55: 0 | N55: 0 | O55: 0 | P55: 0 | Q55: 0 | R55: 0 | S55: 0 | T55: 0 | U55: 0 | V55: 0 | W55: 0 | X55: 0 | Y55: 0 | Z55: 0 | AA55: 0 | AB55: 0 | AC55: 0 | AD55: 0 | AE55: 0 | AF55: 0 | AG55: 0 | AH55: 0 | AI55: 0 | AJ55: 0 | AK55: 0 | AL55: 0 | AM55: 0 | AN55: 0 | AO55: 0 | AP55: 0 | AQ55: 0 | AR55: 0 | AS55: 0 | AT55: -15192 | AU55: -16468 | AV55: -20416 | AW55: =AW20 -> -19774 | AX55: =AX20 -> -25980 | AY55: =AY20 -> -21505 | AZ55: =AZ20 -> -28077.271 | BA55: =BA20 -> -28270.916 | BB55: -36561 | BC55: =BC20 -> -24736 | BD55: =BD20 -> -29989.573 | BE55: =BE20 -> -26312.487 | BF55: -30913.322 | BG55: -28226.276 | BH55: -28186.917 | BI55: -25340.357 | BJ55: -41827.402 | BK55: -35876.289
A56: Despesas Pré-operacionais | B56: Pre-Operating Expenses | C56: 0 | D56: 0 | E56: 0 | F56: 0 | G56: 0 | H56: 0 | I56: 0 | J56: 0 | K56: 0 | L56: 0 | M56: 0 | N56: 0 | O56: 0 | P56: 0 | Q56: 0 | R56: 0 | S56: 0 | T56: 0 | U56: 0 | V56: 0 | W56: 0 | X56: 0 | Y56: 0 | Z56: 0 | AA56: 0 | AB56: 0 | AC56: 0 | AD56: 0 | AE56: 0 | AF56: 0 | AG56: 0 | AH56: 0 | AI56: 0 | AJ56: 0 | AK56: 0 | AL56: 0 | AM56: 0 | AN56: 0 | AO56: 0 | AP56: 0 | AQ56: 0 | AR56: 0 | AS56: 0 | BG56: -492.52125 | BH56: -622.4543 | BI56: -655.98226 | BJ56: -1155.6799 | BK56: -454.7689
A57: Outras Receitas (Desp.) Operacionais - Shoppings | B57: Other Operational Revenue (Expenses) | C57: 0 | D57: 0 | E57: 0 | F57: 0 | G57: 0 | H57: 0 | I57: 0 | J57: 0 | K57: 0 | L57: 0 | M57: 0 | N57: 0 | O57: 0 | P57: 0 | Q57: 0 | R57: 0 | S57: 0 | T57: 0 | U57: 0 | V57: 0 | W57: 0 | X57: 0 | Y57: 0 | Z57: 0 | AA57: 0 | AB57: 0 | AC57: 0 | AD57: 0 | AE57: 0 | AF57: 0 | AG57: 0 | AH57: 0 | AI57: 0 | AJ57: 0 | AK57: 0 | AL57: 0 | AM57: 0 | AN57: 0 | AO57: 0 | AP57: 0 | AQ57: 0 | AR57: 0 | AS57: 0 | AT57: 45583 | AU57: -4432 | AV57: 12788 | AW57: =AW22 -> 23166 | AX57: 10725 | AY57: 3672 | AZ57: 10649 | BA57: 10467 | BB57: 21400 | BC57: 3468 | BD57: 9138 | BE57: 30523 | BF57: 32555.448 | BG57: 5676.521 | BH57: 6690.303 | BI57: 16060.296 | BJ57: 49967.31 | BK57: 11292.036
A58: Linearização revenda de ponto | B58: Straight-line effect on key money | C58: 0 | D58: 0 | E58: 0 | F58: 0 | G58: 0 | H58: 0 | I58: 0 | J58: 0 | K58: 0 | L58: 0 | M58: 0 | N58: 0 | O58: 0 | P58: 0 | Q58: 0 | R58: 0 | S58: 0 | T58: 0 | U58: 0 | V58: 0 | W58: 0 | X58: 0 | Y58: 0 | Z58: 0 | AA58: 0 | AB58: 0 | AC58: 0 | AD58: 0 | AE58: 0 | AF58: 0 | AG58: 0 | AH58: 0 | AI58: 0 | AJ58: 0 | AK58: 0 | AL58: 0 | AM58: 0 | AN58: 0 | AO58: 0 | AP58: 0 | AQ58: 0 | AR58: 0 | AS58: 0 | AT58: 0 | AU58: 0 | AV58: 0 | AW58: =AW23 -> 0 | AX58: =AX23 -> 0 | AY58: 0 | AZ58: 0 | BA58: 0 | BB58: 0 | BC58: 0 | BD58: 0 | BE58: 0 | BF58: 0 | BG58: 0 | BH58: 0 | BI58: 0 | BJ58: 0 | BK58: 0
A59: Resultado de Equivalência Patrimonial | B59: Income using the equity method | C59: 0 | D59: 0 | E59: 0 | F59: 0 | G59: 0 | H59: 0 | I59: 0 | J59: 0 | K59: 0 | L59: 0 | M59: 0 | N59: 0 | O59: 0 | P59: 0 | Q59: 0 | R59: 0 | S59: 0 | T59: 0 | U59: 0 | V59: 0 | W59: 0 | X59: 0 | Y59: 0 | Z59: 0 | AA59: 0 | AB59: 0 | AC59: 0 | AD59: 0 | AE59: 0 | AF59: 0 | AG59: 0 | AH59: 0 | AI59: 0 | AJ59: 0 | AK59: 0 | AL59: 0 | AM59: 0 | AN59: 0 | AO59: 0 | AP59: 0 | AQ59: 0 | AR59: 0 | AS59: 0 | AT59: 338 | AU59: 236 | AV59: 251 | AW59: =AW24 -> 238 | AX59: =AX24 -> 249 | AY59: 262 | AZ59: 300 | BA59: 309 | BB59: 308 | BC59: 367 | BD59: 389 | BE59: 387 | BF59: 398.6701 | BG59: 416.46138 | BH59: 418.5234 | BI59: 431.64394 | BJ59: 399.91217 | BK59: 392.96503
A60: EBITDA Ajustado (2) | B60: Adjusted EBITDA (2) | C60: 0 | D60: 0 | E60: 0 | F60: 0 | G60: 0 | H60: 0 | I60: 0 | J60: 0 | K60: 0 | L60: 0 | M60: 0 | N60: 0 | O60: 0 | P60: 0 | Q60: 0 | R60: 0 | S60: 0 | T60: 0 | U60: 0 | V60: 0 | W60: 0 | X60: 0 | Y60: 0 | Z60: 0 | AA60: 0 | AB60: 0 | AC60: 0 | AD60: 0 | AE60: 0 | AF60: 0 | AG60: 0 | AH60: 0 | AI60: 0 | AJ60: 0 | AK60: 0 | AL60: 0 | AM60: 0 | AN60: 0 | AO60: 0 | AP60: 0 | AQ60: 0 | AR60: 0 | AS60: 0 | AT60: =SUM(AT53:AT59) -> 147946 | AU60: =SUM(AU53:AU59) -> 73970 | AV60: =SUM(AV53:AV59) -> 106393 | AW60: =SUM(AW53:AW59) -> 139077 | AX60: =SUM(AX53:AX59) -> 166657 | AY60: =SUM(AY53:AY59) -> 151747 | AZ60: =SUM(AZ53:AZ59) -> 176192.51 | BA60: =SUM(BA53:BA59) -> 182259.12 | ... BK60: =SUM(BK53:BK59) -> 244288.4
A61: Depreciação e Amortização | B61: Depreciation and amortization | C61: 0 | D61: 0 | E61: 0 | F61: 0 | G61: 0 | H61: 0 | I61: 0 | J61: 0 | K61: 0 | L61: 0 | M61: 0 | N61: 0 | O61: 0 | P61: 0 | Q61: 0 | R61: 0 | S61: 0 | T61: 0 | U61: 0 | V61: 0 | W61: 0 | X61: 0 | Y61: 0 | Z61: 0 | AA61: 0 | AB61: 0 | AC61: 0 | AD61: 0 | AE61: 0 | AF61: 0 | AG61: 0 | AH61: 0 | AI61: 0 | AJ61: 0 | AK61: 0 | AL61: 0 | AM61: 0 | AN61: 0 | AO61: 0 | AP61: 0 | AQ61: 0 | AR61: 0 | AS61: 0 | AT61: -38205 | AU61: -37144 | AV61: -38727 | AW61: =AW26 -> -39679 | AX61: =AX26 -> -39834 | AY61: =AY26 -> -38634 | AZ61: =AZ26 -> -38860.009 | BA61: =BA26 -> -41155.866 | BB61: =BB26 -> -39931 | BC61: -44296 | BD61: -43481 | BE61: -43290 | BF61: -43297.379 | BG61: -45305.64 | BH61: -47348.299 | BI61: -47879.053 | BJ61: -55185.647 | BK61: -24621.013
A62: EBIT | B62: EBIT | C62: 0 | D62: 0 | E62: 0 | F62: 0 | G62: 0 | H62: 0 | I62: 0 | J62: 0 | K62: 0 | L62: 0 | M62: 0 | N62: 0 | O62: 0 | P62: 0 | Q62: 0 | R62: 0 | S62: 0 | T62: 0 | U62: 0 | V62: 0 | W62: 0 | X62: 0 | Y62: 0 | Z62: 0 | AA62: 0 | AB62: 0 | AC62: 0 | AD62: 0 | AE62: 0 | AF62: 0 | AG62: 0 | AH62: 0 | AI62: 0 | AJ62: 0 | AK62: 0 | AL62: 0 | AM62: 0 | AN62: 0 | AO62: 0 | AP62: 0 | AQ62: 0 | AR62: 0 | AS62: 0 | AT62: =SUM(AT60:AT61) -> 109741 | AU62: =SUM(AU60:AU61) -> 36826 | AV62: =SUM(AV60:AV61) -> 67666 | AW62: =SUM(AW60:AW61) -> 99398 | AX62: =SUM(AX60:AX61) -> 126823 | AY62: =SUM(AY60:AY61) -> 113113 | AZ62: =SUM(AZ60:AZ61) -> 137332.5 | BA62: =SUM(BA60:BA61) -> 141103.25 | ... BK62: =SUM(BK60:BK61) -> 219667.38
A63: Receitas Financeiras | B63: Financial revenue | C63: 0 | D63: 0 | E63: 0 | F63: 0 | G63: 0 | H63: 0 | I63: 0 | J63: 0 | K63: 0 | L63: 0 | M63: 0 | N63: 0 | O63: 0 | P63: 0 | Q63: 0 | R63: 0 | S63: 0 | T63: 0 | U63: 0 | V63: 0 | W63: 0 | X63: 0 | Y63: 0 | Z63: 0 | AA63: 0 | AB63: 0 | AC63: 0 | AD63: 0 | AE63: 0 | AF63: 0 | AG63: 0 | AH63: 0 | AI63: 0 | AJ63: 0 | AK63: 0 | AL63: 0 | AM63: 0 | AN63: 0 | AO63: 0 | AP63: 0 | AQ63: 0 | AR63: 0 | AS63: 0 | AT63: 25566 | AU63: 37148 | AV63: 450238 | AW63: =AW28 -> -153144 | AX63: =AX28 -> 40228 | AY63: =AY28 -> 45418.29 | AZ63: 21809 | BA63: =BA28 -> 36447.522 | BB63: 50264 | BC63: =BC28 -> 45617.397 | BD63: =BD28 -> 53182.586 | BE63: =BE28 -> 31527.061 | BF63: 28991.97 | BG63: 46379.133 | BH63: 35792.409 | BI63: 54368.716 | BJ63: 31468.606 | BK63: 40738.921
A64: Resultado operação SWAP | B64: Result from SWAP operation | C64: 0 | D64: 0 | E64: 0 | F64: 0 | G64: 0 | H64: 0 | I64: 0 | J64: 0 | K64: 0 | L64: 0 | M64: 0 | N64: 0 | O64: 0 | P64: 0 | Q64: 0 | R64: 0 | S64: 0 | T64: 0 | U64: 0 | V64: 0 | W64: 0 | X64: 0 | Y64: 0 | Z64: 0 | AA64: 0 | AB64: 0 | AC64: 0 | AD64: 0 | AE64: 0 | AF64: 0 | AG64: 0 | AH64: 0 | AI64: 0 | AJ64: 0 | AK64: 0 | AL64: 0 | AM64: 0 | AN64: 0 | AO64: 0 | AP64: 0 | AQ64: 0 | AR64: 0 | AS64: 0 | AT64: 0 | AU64: 0 | AV64: 0 | AW64: =AW29 -> 0 | AX64: =AX29 -> 0 | AY64: 0 | AZ64: 0 | BA64: 0 | BB64: 0 | BC64: 0 | BD64: 0 | BE64: 0 | BF64: 0 | BG64: 0 | BH64: 0 | BI64: 0 | BJ64: 0 | BK64: 0
A65: Despesas Financeiras | B65: Financial expenses | C65: 0 | D65: 0 | E65: 0 | F65: 0 | G65: 0 | H65: 0 | I65: 0 | J65: 0 | K65: 0 | L65: 0 | M65: 0 | N65: 0 | O65: 0 | P65: 0 | Q65: 0 | R65: 0 | S65: 0 | T65: 0 | U65: 0 | V65: 0 | W65: 0 | X65: 0 | Y65: 0 | Z65: 0 | AA65: 0 | AB65: 0 | AC65: 0 | AD65: 0 | AE65: 0 | AF65: 0 | AG65: 0 | AH65: 0 | AI65: 0 | AJ65: 0 | AK65: 0 | AL65: 0 | AM65: 0 | AN65: 0 | AO65: 0 | AP65: 0 | AQ65: 0 | AR65: 0 | AS65: 0 | AT65: -52507 | AU65: -44652 | AV65: -84716 | AW65: =AW30 -> -58389 | AX65: =AX30 -> -90123 | AY65: =AY30 -> -103711 | AZ65: -108766 | BA65: -117875 | BB65: -119011 | BC65: =BC30 -> -117079 | BD65: =BD30 -> -117129.62 | BE65: -109334 | BF65: -97747.78 | BG65: -97583.597 | BH65: -93014.068 | BI65: -112248.69 | BJ65: -91393.284 | BK65: -122778.52
A66: Valor justo de instrumento de capital | B66: Fair value of capital instrument | C66: 0 | D66: 0 | E66: 0 | F66: 0 | G66: 0 | H66: 0 | I66: 0 | J66: 0 | K66: 0 | L66: 0 | M66: 0 | N66: 0 | O66: 0 | P66: 0 | Q66: 0 | R66: 0 | S66: 0 | T66: 0 | U66: 0 | V66: 0 | W66: 0 | X66: 0 | Y66: 0 | Z66: 0 | AA66: 0 | AB66: 0 | AC66: 0 | AD66: 0 | AE66: 0 | AF66: 0 | AG66: 0 | AH66: 0 | AI66: 0 | AJ66: 0 | AK66: 0 | AL66: 0 | AM66: 0 | AN66: 0 | AO66: 0 | AP66: 0 | AQ66: 0 | AR66: 0 | AS66: 0 | AT66: 0 | AU66: 0 | AV66: 0 | AW66: =AW31 -> 0 | AX66: =AX31 -> 29047 | AY66: 0 | AZ66: 0 | BA66: 0 | BB66: 0 | BC66: 0 | BD66: 0 | BE66: 0 | BF66: 0 | BG66: 0 | BH66: 0 | BI66: 0 | BJ66: 0 | BK66: 0
A67: IR e CSLL | B67: Income Tax & Social Contribution | C67: 0 | D67: 0 | E67: 0 | F67: 0 | G67: 0 | H67: 0 | I67: 0 | J67: 0 | K67: 0 | L67: 0 | M67: 0 | N67: 0 | O67: 0 | P67: 0 | Q67: 0 | R67: 0 | S67: 0 | T67: 0 | U67: 0 | V67: 0 | W67: 0 | X67: 0 | Y67: 0 | Z67: 0 | AA67: 0 | AB67: 0 | AC67: 0 | AD67: 0 | AE67: 0 | AF67: 0 | AG67: 0 | AH67: 0 | AI67: 0 | AJ67: 0 | AK67: 0 | AL67: 0 | AM67: 0 | AN67: 0 | AO67: 0 | AP67: 0 | AQ67: 0 | AR67: 0 | AS67: 0 | AT67: -10679 | AU67: -8497 | AV67: -155919 | AW67: 44179 | AX67: -35792 | AY67: -15328 | AZ67: -3062 | BA67: -1793 | BB67: 29079 | BC67: -15750 | BD67: -14780 | BE67: -23303 | BF67: -16895.301 | BG67: -20272.402 | BH67: -21850.485 | BI67: -26583.751 | BJ67: -36012.105 | BK67: -23702.814
A68: IRPJ/CSLL corrente | B68: Current IRPJ/CSLL | C68: 0 | D68: 0 | E68: 0 | F68: 0 | G68: 0 | H68: 0 | I68: 0 | J68: 0 | K68: 0 | L68: 0 | M68: 0 | N68: 0 | O68: 0 | P68: 0 | Q68: 0 | R68: 0 | S68: 0 | T68: 0 | U68: 0 | V68: 0 | W68: 0 | X68: 0 | Y68: 0 | Z68: 0 | AA68: 0 | AB68: 0 | AC68: 0 | AD68: 0 | AE68: 0 | AF68: 0 | AG68: 0 | AH68: 0 | AI68: 0 | AJ68: 0 | AK68: 0 | AL68: 0 | AM68: 0 | AN68: 0 | AO68: 0 | AP68: 0 | AQ68: 0 | AR68: 0 | AS68: 0 | AV68: -11246.244 | AW68: -11730.512 | AX68: -12369.151 | AY68: -19565 | AZ68: -17873.56 | BA68: -19076.648 | BB68: -22008.654 | BC68: -21646 | BD68: -19921.171 | BE68: -15080.105 | BF68: -19921.347 | BG68: -22083.673 | BH68: -19192.054 | BI68: -15290.472 | BJ68: -24367.713 | BK68: -25780.234
A69: IRPJ/CSLL diferido | B69: Deferred IRPJ/CSLL | C69: 0 | D69: 0 | E69: 0 | F69: 0 | G69: 0 | H69: 0 | I69: 0 | J69: 0 | K69: 0 | L69: 0 | M69: 0 | N69: 0 | O69: 0 | P69: 0 | Q69: 0 | R69: 0 | S69: 0 | T69: 0 | U69: 0 | V69: 0 | W69: 0 | X69: 0 | Y69: 0 | Z69: 0 | AA69: 0 | AB69: 0 | AC69: 0 | AD69: 0 | AE69: 0 | AF69: 0 | AG69: 0 | AH69: 0 | AI69: 0 | AJ69: 0 | AK69: 0 | AL69: 0 | AM69: 0 | AN69: 0 | AO69: 0 | AP69: 0 | AQ69: 0 | AR69: 0 | AS69: 0 | AV69: -144672.76 | AW69: 55909.512 | AX69: -23422.849 | AY69: 4236.8125 | AZ69: 14811.362 | BA69: 17283.996 | BB69: 51085.605 | BC69: 5896.0476 | BD69: 5141.4149 | BE69: -8222.398 | BF69: 3026.0455 | BG69: 1811.2715 | BH69: -2658.4305 | BI69: -11293.279 | BJ69: -11644.392 | BK69: 2077.4195
A70: Participação dos minoritários | B70: Minority interest | C70: 0 | D70: 0 | E70: 0 | F70: 0 | G70: 0 | H70: 0 | I70: 0 | J70: 0 | K70: 0 | L70: 0 | M70: 0 | N70: 0 | O70: 0 | P70: 0 | Q70: 0 | R70: 0 | S70: 0 | T70: 0 | U70: 0 | V70: 0 | W70: 0 | X70: 0 | Y70: 0 | Z70: 0 | AA70: 0 | AB70: 0 | AC70: 0 | AD70: 0 | AE70: 0 | AF70: 0 | AG70: 0 | AH70: 0 | AI70: 0 | AJ70: 0 | AK70: 0 | AL70: 0 | AM70: 0 | AN70: 0 | AO70: 0 | AP70: 0 | AQ70: 0 | AR70: 0 | AS70: 0 | AT70: 0 | AU70: 0 | AV70: 0 | AW70: =AW35 -> 0 | AX70: =AX35 -> 0 | AY70: -979 | AZ70: -1512 | BA70: -1337 | BB70: -1425 | BC70: -990 | BD70: 1323 | BE70: -1507 | BF70: -400.545 | BG70: -25.215 | BH70: -26.61 | BI70: -33.722 | BJ70: -46.179 | BK70: -26.537
A71: Lucro Líquido Ajustado (2) | B71: Adjusted Net Income (2) | C71: 0 | D71: 0 | E71: 0 | F71: 0 | G71: 0 | H71: 0 | I71: 0 | J71: 0 | K71: 0 | L71: 0 | M71: 0 | N71: 0 | O71: 0 | P71: 0 | Q71: 0 | R71: 0 | S71: 0 | T71: 0 | U71: 0 | V71: 0 | W71: 0 | X71: 0 | Y71: 0 | Z71: 0 | AA71: 0 | AB71: 0 | AC71: 0 | AD71: 0 | AE71: 0 | AF71: 0 | AG71: 0 | AH71: 0 | AI71: 0 | AJ71: 0 | AK71: 0 | AL71: 0 | AM71: 0 | AN71: 0 | AO71: 0 | AP71: 0 | AQ71: 0 | AR71: 0 | AS71: 0 | AT71: =SUM(AT62:AT67,AT70) -> 72121 | AU71: =SUM(AU62:AU67,AU70) -> 20825 | AV71: =SUM(AV62:AV67,AV70) -> 277269 | AW71: =SUM(AW62:AW67,AW70) -> -67956 | AX71: =SUM(AX62:AX67,AX70) -> 70183 | AY71: =SUM(AY62:AY67,AY70) -> 38513.29 | AZ71: =SUM(AZ62:AZ67,AZ70) -> 45801.497 | BA71: =SUM(BA62:BA67,BA70) -> 56545.771 | ... BK71: =SUM(BK62:BK67,BK70) -> 113898.44
A72: Margem Líquida Ajustada | B72: Adjusted Net Margin | C72: 0 | D72: 0 | E72: 0 | F72: 0 | G72: 0 | H72: 0 | I72: 0 | J72: 0 | K72: 0 | L72: 0 | M72: 0 | N72: 0 | O72: 0 | P72: 0 | Q72: 0 | R72: 0 | S72: 0 | T72: 0 | U72: 0 | V72: 0 | W72: 0 | X72: 0 | Y72: 0 | Z72: 0 | AA72: 0 | AB72: 0 | AC72: 0 | AD72: 0 | AE72: 0 | AF72: 0 | AG72: 0 | AH72: 0 | AI72: 0 | AJ72: 0 | AK72: 0 | AL72: 0 | AM72: 0 | AN72: 0 | AO72: 0 | AP72: 0 | AQ72: 0 | AR72: 0 | AS72: 0 | AT72: =AT71/AT53 -> 0.42397432 | AU72: =AU71/AU53 -> 0.1467376 | AV72: =AV71/AV53 -> 1.6524763 | AW72: =AW71/AW53 -> -0.34364776 | AX72: =AX71/AX53 -> 0.27086702 | AY72: =AY71/AY53 -> 0.16537826 | AZ72: =AZ71/AZ53 -> 0.17306959 | BA72: =BA71/BA53 -> 0.21063553 | ... BK72: =BK71/BK53 -> 0.34517341
A73: FFO Ajustado (R$ mil) (1) | B73: Adjusted FFO (R$ '000) (1) | C73: 0 | D73: 0 | E73: 0 | F73: 0 | G73: 0 | H73: 0 | I73: 0 | J73: 0 | K73: 0 | L73: 0 | M73: 0 | N73: 0 | O73: 0 | P73: 0 | Q73: 0 | R73: 0 | S73: 0 | T73: 0 | U73: 0 | V73: 0 | W73: 0 | X73: 0 | Y73: 0 | Z73: 0 | AA73: 0 | AB73: 0 | AC73: 0 | AD73: 0 | AE73: 0 | AF73: 0 | AG73: 0 | AH73: 0 | AI73: 0 | AJ73: 0 | AK73: 0 | AL73: 0 | AM73: 0 | AN73: 0 | AO73: 0 | AP73: 0 | AQ73: 0 | AR73: 0 | AS73: 0 | AT73: =AT71-AT61 -> 110326 | AU73: =AU71-AU61 -> 57969 | AV73: =AV71-AV61 -> 315996 | AW73: =AW71-AW61 -> -28277 | AX73: =AX71-AX61 -> 110017 | AY73: =AY71-AY61 -> 77147.29 | AZ73: =AZ71-AZ61 -> 84661.506 | BA73: =BA71-BA61 -> 97701.637 | ... BK73: =BK71-BK61 -> 138519.45
A74: Margem FFO Ajustada | B74: Adjusted FFO Margin | C74: 0 | D74: 0 | E74: 0 | F74: 0 | G74: 0 | H74: 0 | I74: 0 | J74: 0 | K74: 0 | L74: 0 | M74: 0 | N74: 0 | O74: 0 | P74: 0 | Q74: 0 | R74: 0 | S74: 0 | T74: 0 | U74: 0 | V74: 0 | W74: 0 | X74: 0 | Y74: 0 | Z74: 0 | AA74: 0 | AB74: 0 | AC74: 0 | AD74: 0 | AE74: 0 | AF74: 0 | AG74: 0 | AH74: 0 | AI74: 0 | AJ74: 0 | AK74: 0 | AL74: 0 | AM74: 0 | AN74: 0 | AO74: 0 | AP74: 0 | AQ74: 0 | AR74: 0 | AS74: 0 | AT74: =AT73/AT53 -> 0.64856825 | AU74: =AU73/AU53 -> 0.40846251 | AV74: =AV73/AV53 -> 1.8832827 | AW74: =AW73/AW53 -> -0.1429944 | AX74: =AX73/AX53 -> 0.42460393 | AY74: =AY73/AY53 -> 0.33127486 | AZ74: =AZ73/AZ53 -> 0.31990945 | BA74: =BA73/BA53 -> 0.36394297 | ... BK74: =BK73/BK53 -> 0.4197883
A75: NOI³ | B75: NOI | C75: 0 | D75: 0 | E75: 0 | F75: 0 | G75: 0 | H75: 0 | I75: 0 | J75: 0 | K75: 0 | L75: 0 | M75: 0 | N75: 0 | O75: 0 | P75: 0 | Q75: 0 | R75: 0 | S75: 0 | T75: 0 | U75: 0 | V75: 0 | W75: 0 | X75: 0 | Y75: 0 | Z75: 0 | AA75: 0 | AB75: 0 | AC75: 0 | AD75: 0 | AE75: 0 | AF75: 0 | AG75: 0 | AH75: 0 | AI75: 0 | AJ75: 0 | AK75: 0 | AL75: 0 | AM75: 0 | AN75: 0 | AO75: 0 | AP75: 0 | AQ75: 0 | AR75: 0 | AS75: 0 | AT75: 0 | AU75: 0 | AV75: 0 | AW75: 0 | AX75: 0 | AY75: 156660.32 | AZ75: 195720.76 | BA75: 196662.5 | BB75: 262102.73 | BC75: 201386.58 | BD75: 237305.81 | BE75: 243550.97 | BF75: 302336.35 | BG75: 233822.61 | BH75: 253609.32 | BI75: 253125.08 | BJ75: 345444.58 | BK75: 254750.92
A76: Margem NOI4 | B76: NOI Margin | C76: 0 | D76: 0 | E76: 0 | F76: 0 | G76: 0 | H76: 0 | I76: 0 | J76: 0 | K76: 0 | L76: 0 | M76: 0 | N76: 0 | O76: 0 | P76: 0 | Q76: 0 | R76: 0 | S76: 0 | T76: 0 | U76: 0 | V76: 0 | W76: 0 | X76: 0 | Y76: 0 | Z76: 0 | AA76: 0 | AB76: 0 | AC76: 0 | AD76: 0 | AE76: 0 | AF76: 0 | AG76: 0 | AH76: 0 | AI76: 0 | AJ76: 0 | AK76: 0 | AL76: 0 | AM76: 0 | AN76: 0 | AO76: 0 | AP76: 0 | AQ76: 0 | AR76: 0 | AS76: 0 | AT76: 0 | AU76: 0 | AV76: 0 | AW76: 0 | AX76: 0 | AY76: 0.73383742 | AZ76: 0.91179013 | BA76: 0.8907191 | BB76: 0.90407539 | BC76: 0.76251639 | BD76: 0.92358599 | BE76: 0.94232066 | BF76: 0.91934852 | BG76: 0.9031017 | BH76: 0.93188665 | BI76: 0.92297828 | BJ76: 0.95195175 | BK76: 0.91764323
A78: (1) Linearização dos descontos líquida da amortização. | B78: (1) Straight-line effect on the discounts net of amortization.
A79: (2) Excluindo o efeito da linearização, efeitos não caixa da variação do preço da ação da Infracommerce e SWAP de ações. | B79: (2) Excluding the straight-line effect, non-cash effects of Infracommerce's share price variation and share SWAP.
A80: (3) Se refere apenas aos shoppings, considera a participação da Iguatemi nos empreendimentos e exclui imposto, corretagem e taxa de administração | B80: (3) Considers Iguatemi’s participation in the real estate assets and excludes tax, brokerage, and management fee
A81: (4) NOI dividido pela receita líquida de descontos dos shoppings | B81: (4) NOI divided by net revenue of discounts of malls.
A83: DRE Shoppings (R$ mil) | B83: Malls P&L (R$ ‘000) | C83: =C$5 -> 1Q10 | D83: =D$5 -> 2Q10 | E83: =E$5 -> 3Q10 | F83: =F$5 -> 4Q10 | G83: =G$5 -> 1Q11 | H83: =H$5 -> 2Q11 | I83: =I$5 -> 3Q11 | J83: =J$5 -> 4Q11 | ... BK83: =BK$5 -> 1Q25
A84: Aluguel Mínimo Mensal | B84: Minimum monthly rent | C84: 0 | D84: 0 | E84: 0 | F84: 0 | G84: 0 | H84: 0 | I84: 0 | J84: 0 | K84: 0 | L84: 0 | M84: 0 | N84: 0 | O84: 0 | P84: 0 | Q84: 0 | R84: 0 | S84: 0 | T84: 0 | U84: 0 | V84: 0 | W84: 0 | X84: 0 | Y84: 0 | Z84: 0 | AA84: 0 | AB84: 0 | AC84: 0 | AD84: 0 | AE84: 0 | AF84: 0 | AG84: 0 | AH84: 0 | AI84: 0 | AJ84: 0 | AK84: 0 | AL84: 0 | AM84: 0 | AN84: 0 | AO84: 0 | AP84: 0 | AQ84: 0 | AR84: 0 | AS84: 0 | AT84: 0 | AU84: 0 | AV84: 0 | AW84: 0 | AX84: 170717 | AY84: 173254 | AZ84: 177374.87 | BA84: 182763.4 | BB84: =BB8 -> 195193 | BC84: 202018 | BD84: 202277.05 | BE84: 202852.21 | BF84: 199147.69 | BG84: 202014.79 | BH84: 203537.35 | BI84: 203167.44 | BJ84: 212280.1 | BK84: 210484.18
A85: Aluguel Percentual | B85: Overage | C85: 0 | D85: 0 | E85: 0 | F85: 0 | G85: 0 | H85: 0 | I85: 0 | J85: 0 | K85: 0 | L85: 0 | M85: 0 | N85: 0 | O85: 0 | P85: 0 | Q85: 0 | R85: 0 | S85: 0 | T85: 0 | U85: 0 | V85: 0 | W85: 0 | X85: 0 | Y85: 0 | Z85: 0 | AA85: 0 | AB85: 0 | AC85: 0 | AD85: 0 | AE85: 0 | AF85: 0 | AG85: 0 | AH85: 0 | AI85: 0 | AJ85: 0 | AK85: 0 | AL85: 0 | AM85: 0 | AN85: 0 | AO85: 0 | AP85: 0 | AQ85: 0 | AR85: 0 | AS85: 0 | AT85: 0 | AU85: 0 | AV85: 0 | AW85: 0 | AX85: 22510 | AY85: 8471 | AZ85: 17370.785 | BA85: 11691.767 | BB85: =BB9 -> 16809 | BC85: 13215 | BD85: 18685.814 | BE85: 15986.064 | BF85: 23068.157 | BG85: 13044.797 | BH85: 22004.209 | BI85: 19557.135 | BJ85: 28290.027 | BK85: 15593.897
A86: Locação Temporária | B86: Temporary rent | C86: 0 | D86: 0 | E86: 0 | F86: 0 | G86: 0 | H86: 0 | I86: 0 | J86: 0 | K86: 0 | L86: 0 | M86: 0 | N86: 0 | O86: 0 | P86: 0 | Q86: 0 | R86: 0 | S86: 0 | T86: 0 | U86: 0 | V86: 0 | W86: 0 | X86: 0 | Y86: 0 | Z86: 0 | AA86: 0 | AB86: 0 | AC86: 0 | AD86: 0 | AE86: 0 | AF86: 0 | AG86: 0 | AH86: 0 | AI86: 0 | AJ86: 0 | AK86: 0 | AL86: 0 | AM86: 0 | AN86: 0 | AO86: 0 | AP86: 0 | AQ86: 0 | AR86: 0 | AS86: 0 | AT86: 0 | AU86: 0 | AV86: 0 | AW86: 0 | AX86: 19564 | AY86: 15311 | AZ86: 16208.871 | BA86: 18594.695 | BB86: =BB10 -> 23986 | BC86: 18429 | BD86: 21993.081 | BE86: 22145.503 | BF86: 32141.423 | BG86: 21921.01 | BH86: 25363.03 | BI86: 25688.416 | BJ86: 34795.488 | BK86: 23908.807
A87: Taxa de Administração | B87: Management Fee | C87: 0 | D87: 0 | E87: 0 | F87: 0 | G87: 0 | H87: 0 | I87: 0 | J87: 0 | K87: 0 | L87: 0 | M87: 0 | N87: 0 | O87: 0 | P87: 0 | Q87: 0 | R87: 0 | S87: 0 | T87: 0 | U87: 0 | V87: 0 | W87: 0 | X87: 0 | Y87: 0 | Z87: 0 | AA87: 0 | AB87: 0 | AC87: 0 | AD87: 0 | AE87: 0 | AF87: 0 | AG87: 0 | AH87: 0 | AI87: 0 | AJ87: 0 | AK87: 0 | AL87: 0 | AM87: 0 | AN87: 0 | AO87: 0 | AP87: 0 | AQ87: 0 | AR87: 0 | AS87: 0 | AT87: 0 | AU87: 0 | AV87: 0 | AW87: 0 | AX87: 15226 | AY87: 13817 | AZ87: 14543.913 | BA87: 14988.62 | BB87: =BB11 -> 17507 | BC87: 14843 | BD87: 15537.189 | BE87: 15545.071 | BF87: 17276.01 | BG87: 15223.785 | BH87: 16053.65 | BI87: 16104.987 | BJ87: 19873.853 | BK87: 19219.21
A88: Estacionamento | B88: Parking | C88: 0 | D88: 0 | E88: 0 | F88: 0 | G88: 0 | H88: 0 | I88: 0 | J88: 0 | K88: 0 | L88: 0 | M88: 0 | N88: 0 | O88: 0 | P88: 0 | Q88: 0 | R88: 0 | S88: 0 | T88: 0 | U88: 0 | V88: 0 | W88: 0 | X88: 0 | Y88: 0 | Z88: 0 | AA88: 0 | AB88: 0 | AC88: 0 | AD88: 0 | AE88: 0 | AF88: 0 | AG88: 0 | AH88: 0 | AI88: 0 | AJ88: 0 | AK88: 0 | AL88: 0 | AM88: 0 | AN88: 0 | AO88: 0 | AP88: 0 | AQ88: 0 | AR88: 0 | AS88: 0 | AT88: 0 | AU88: 0 | AV88: 0 | AW88: 0 | AX88: 40852 | AY88: 35387 | AZ88: 43599.864 | BA88: 42987.18 | BB88: =BB12 -> 48398 | BC88: 42978 | BD88: 50789.945 | BE88: 51204.946 | BF88: 58021.885 | BG88: 53271.913 | BH88: 54386.75 | BI88: 55120.792 | BJ88: 65534.905 | BK88: 60052.239
A89: Outros (Shopping) | B89: Others (Mall) | C89: 0 | D89: 0 | E89: 0 | F89: 0 | G89: 0 | H89: 0 | I89: 0 | J89: 0 | K89: 0 | L89: 0 | M89: 0 | N89: 0 | O89: 0 | P89: 0 | Q89: 0 | R89: 0 | S89: 0 | T89: 0 | U89: 0 | V89: 0 | W89: 0 | X89: 0 | Y89: 0 | Z89: 0 | AA89: 0 | AB89: 0 | AC89: 0 | AD89: 0 | AE89: 0 | AF89: 0 | AG89: 0 | AH89: 0 | AI89: 0 | AJ89: 0 | AK89: 0 | AL89: 0 | AM89: 0 | AN89: 0 | AO89: 0 | AP89: 0 | AQ89: 0 | AR89: 0 | AS89: 0 | AT89: 0 | AU89: 0 | AV89: 0 | AW89: 0 | AX89: 5534.9901 | AY89: 3217.2923 | AZ89: 4413.0312 | BA89: 3361.3006 | BB89: =BB13 -> 3167 | BC89: 4612.7472 | BD89: 4235.967 | BE89: 4454.7943 | BF89: 5424.923 | BG89: 10546.018 | BH89: 3832.178 | BI89: 5157.569 | BJ89: 6896.471 | BK89: 6577.463
A90: Receita Bruta | B90: Gross Revenue | C90: 0 | D90: 0 | E90: 0 | F90: 0 | G90: 0 | H90: 0 | I90: 0 | J90: 0 | K90: 0 | L90: 0 | M90: 0 | N90: 0 | O90: 0 | P90: 0 | Q90: 0 | R90: 0 | S90: 0 | T90: 0 | U90: 0 | V90: 0 | W90: 0 | X90: 0 | Y90: 0 | Z90: 0 | AA90: 0 | AB90: 0 | AC90: 0 | AD90: 0 | AE90: 0 | AF90: 0 | AG90: 0 | AH90: 0 | AI90: 0 | AJ90: 0 | AK90: 0 | AL90: 0 | AX90: =SUM(AX84:AX89) -> 274403.99 | AY90: =SUM(AY84:AY89) -> 249457.29 | AZ90: =SUM(AZ84:AZ89) -> 273511.33 | BA90: =SUM(BA84:BA89) -> 274386.97 | BB90: =SUM(BB84:BB89) -> 305060 | BC90: =SUM(BC84:BC89) -> 296095.75 | BD90: =SUM(BD84:BD89) -> 313519.04 | BE90: =SUM(BE84:BE89) -> 312188.59 | ... BK90: =SUM(BK84:BK89) -> 335835.79
A91: Impostos e descontos | B91: Taxes and discounts | C91: 0 | D91: 0 | E91: 0 | F91: 0 | G91: 0 | H91: 0 | I91: 0 | J91: 0 | K91: 0 | L91: 0 | M91: 0 | N91: 0 | O91: 0 | P91: 0 | Q91: 0 | R91: 0 | S91: 0 | T91: 0 | U91: 0 | V91: 0 | W91: 0 | X91: 0 | Y91: 0 | Z91: 0 | AA91: 0 | AB91: 0 | AC91: 0 | AD91: 0 | AE91: 0 | AF91: 0 | AG91: 0 | AH91: 0 | AI91: 0 | AJ91: 0 | AK91: 0 | AL91: 0 | AM91: 0 | AN91: 0 | AO91: 0 | AP91: 0 | AQ91: 0 | AR91: 0 | AS91: 0 | AT91: 0 | AU91: 0 | AV91: 0 | AW91: 0 | AX91: -53183 | AY91: -35976.326 | AZ91: -33933.142 | BA91: -33285.966 | BB91: -36864 | BC91: -31987.88 | BD91: -36325.305 | BE91: -32543 | BF91: -39204 | BG91: -30850.422 | BH91: -35778.192 | BI91: -31969.612 | BJ91: -38081.78 | BK91: -31861.778
A92: Linearização dos descontos | B92: Straight-line effect on discounts | C92: 0 | D92: 0 | E92: 0 | F92: 0 | G92: 0 | H92: 0 | I92: 0 | J92: 0 | K92: 0 | L92: 0 | M92: 0 | N92: 0 | O92: 0 | P92: 0 | Q92: 0 | R92: 0 | S92: 0 | T92: 0 | U92: 0 | V92: 0 | W92: 0 | X92: 0 | Y92: 0 | Z92: 0 | AA92: 0 | AB92: 0 | AC92: 0 | AD92: 0 | AE92: 0 | AF92: 0 | AG92: 0 | AH92: 0 | AI92: 0 | AJ92: 0 | AK92: 0 | AL92: 0 | AM92: 0 | AN92: 0 | AO92: 0 | AP92: 0 | AQ92: 0 | AR92: 0 | AS92: 0 | AT92: 0 | AU92: 0 | AV92: 0 | AW92: 0 | AX92: 60616 | AY92: 0 | AZ92: 0 | BA92: 0 | BB92: 0 | BC92: 0 | BD92: 0 | BE92: 0 | BF92: 0 | BG92: 0 | BH92: 0 | BI92: 0 | BJ92: 0
A93: Receita Líquida | B93: Net Revenue | C93: 0 | D93: 0 | E93: 0 | F93: 0 | G93: 0 | H93: 0 | I93: 0 | J93: 0 | K93: 0 | L93: 0 | M93: 0 | N93: 0 | O93: 0 | P93: 0 | Q93: 0 | R93: 0 | S93: 0 | T93: 0 | U93: 0 | V93: 0 | W93: 0 | X93: 0 | Y93: 0 | Z93: 0 | AA93: 0 | AB93: 0 | AC93: 0 | AD93: 0 | AE93: 0 | AF93: 0 | AG93: 0 | AH93: 0 | AI93: 0 | AJ93: 0 | AK93: 0 | AL93: 0 | AX93: =SUM(AX90:AX92) -> 281836.99 | AY93: =SUM(AY90:AY92) -> 213480.97 | AZ93: =SUM(AZ90:AZ92) -> 239578.19 | BA93: =SUM(BA90:BA92) -> 241101 | BB93: =SUM(BB90:BB92) -> 268196 | BC93: =SUM(BC90:BC92) -> 264107.87 | BD93: =SUM(BD90:BD92) -> 277193.74 | BE93: =SUM(BE90:BE92) -> 279645.59 | ... BK93: =SUM(BK90:BK92) -> 303974.02
A94: Custos | B94: Cost | C94: 0 | D94: 0 | E94: 0 | F94: 0 | G94: 0 | H94: 0 | I94: 0 | J94: 0 | K94: 0 | L94: 0 | M94: 0 | N94: 0 | O94: 0 | P94: 0 | Q94: 0 | R94: 0 | S94: 0 | T94: 0 | U94: 0 | V94: 0 | W94: 0 | X94: 0 | Y94: 0 | Z94: 0 | AA94: 0 | AB94: 0 | AC94: 0 | AD94: 0 | AE94: 0 | AF94: 0 | AG94: 0 | AH94: 0 | AI94: 0 | AJ94: 0 | AK94: 0 | AL94: 0 | AM94: 0 | AN94: 0 | AO94: 0 | AP94: 0 | AQ94: 0 | AR94: 0 | AS94: 0 | AT94: 0 | AU94: 0 | AV94: 0 | AW94: 0 | AX94: =SUM(AX19:AX20)-AX107 -> -61168.445 | AY94: -30774.809 | AZ94: -33941.279 | BA94: -35538.422 | BB94: -40369 | BC94: -36848.643 | BD94: -37098.771 | BE94: -34317 | BF94: -38800 | BG94: -35634.708 | BH94: -36781.278 | BI94: -35721.23 | BJ94: -28689.22 | BK94: -34522.631
A95: Despesas administrativas | B95: Administrative Expenses | C95: 0 | D95: 0 | E95: 0 | F95: 0 | G95: 0 | H95: 0 | I95: 0 | J95: 0 | K95: 0 | L95: 0 | M95: 0 | N95: 0 | O95: 0 | P95: 0 | Q95: 0 | R95: 0 | S95: 0 | T95: 0 | U95: 0 | V95: 0 | W95: 0 | X95: 0 | Y95: 0 | Z95: 0 | AA95: 0 | AB95: 0 | AC95: 0 | AD95: 0 | AE95: 0 | AF95: 0 | AG95: 0 | AH95: 0 | AI95: 0 | AJ95: 0 | AK95: 0 | AL95: 0 | AM95: 0 | AN95: 0 | AO95: 0 | AP95: 0 | AQ95: 0 | AR95: 0 | AS95: 0 | AT95: 0 | AU95: 0 | AV95: 0 | AW95: 0 | AY95: -22783 | AZ95: -28077 | BA95: -28271 | BB95: -36561 | BC95: -24736 | BD95: -29989.573 | BE95: -26312 | BF95: -30913 | BG95: -28226.276 | BH95: -28186.917 | BI95: -25340.357 | BJ95: -41827.402 | BK95: -35876.289
A96: Despesas Pré-operacionais | B96: Pre-Operating Expenses | C96: 0 | D96: 0 | E96: 0 | F96: 0 | G96: 0 | H96: 0 | I96: 0 | J96: 0 | K96: 0 | L96: 0 | M96: 0 | N96: 0 | O96: 0 | P96: 0 | Q96: 0 | R96: 0 | S96: 0 | T96: 0 | U96: 0 | V96: 0 | W96: 0 | X96: 0 | Y96: 0 | Z96: 0 | AA96: 0 | AB96: 0 | AC96: 0 | AD96: 0 | AE96: 0 | AF96: 0 | AG96: 0 | AH96: 0 | AI96: 0 | AJ96: 0 | AK96: 0 | AL96: 0 | AM96: 0 | AN96: 0 | AO96: 0 | AP96: 0 | AQ96: 0 | AR96: 0 | AS96: 0 | AT96: 0 | AU96: 0 | AV96: 0 | AW96: 0 | AX96: 0 | AY96: 0 | AZ96: 0 | BA96: 0 | BB96: 0 | BC96: 0 | BD96: 0 | BE96: 0 | BF96: 0 | BG96: -492.52125 | BH96: -622.4543 | BI96: -655.98226 | BJ96: -1155.6799 | BK96: -454.7689
A97: Outras Receitas (Desp.) Operacionais | B97: Other Operational Revenue (Expenses) | C97: 0 | D97: 0 | E97: 0 | F97: 0 | G97: 0 | H97: 0 | I97: 0 | J97: 0 | K97: 0 | L97: 0 | M97: 0 | N97: 0 | O97: 0 | P97: 0 | Q97: 0 | R97: 0 | S97: 0 | T97: 0 | U97: 0 | V97: 0 | W97: 0 | X97: 0 | Y97: 0 | Z97: 0 | AA97: 0 | AB97: 0 | AC97: 0 | AD97: 0 | AE97: 0 | AF97: 0 | AG97: 0 | AH97: 0 | AI97: 0 | AJ97: 0 | AK97: 0 | AL97: 0 | AM97: 0 | AN97: 0 | AO97: 0 | AP97: 0 | AQ97: 0 | AR97: 0 | AS97: 0 | AT97: 0 | AU97: 0 | AV97: 0 | AW97: 0 | AX97: -26290.873 | AY97: 2777.364 | AZ97: 11436.424 | BA97: 10172 | BB97: 25904 | BC97: 3288.9538 | BD97: 6393.906 | BE97: 31547 | BF97: 32705 | BG97: 3792.083 | BH97: 8710.296 | BI97: 15872.044 | BJ97: 48968.321 | BK97: 10246.852
A98: Resultado de Equivalência Patrimonial | B98: Income using the equity method | C98: 0 | D98: 0 | E98: 0 | F98: 0 | G98: 0 | H98: 0 | I98: 0 | J98: 0 | K98: 0 | L98: 0 | M98: 0 | N98: 0 | O98: 0 | P98: 0 | Q98: 0 | R98: 0 | S98: 0 | T98: 0 | U98: 0 | V98: 0 | W98: 0 | X98: 0 | Y98: 0 | Z98: 0 | AA98: 0 | AB98: 0 | AC98: 0 | AD98: 0 | AE98: 0 | AF98: 0 | AG98: 0 | AH98: 0 | AI98: 0 | AJ98: 0 | AK98: 0 | AL98: 0 | AM98: 0 | AN98: 0 | AO98: 0 | AP98: 0 | AQ98: 0 | AR98: 0 | AS98: 0 | AT98: 0 | AU98: 0 | AV98: 0 | AW98: 0 | AX98: 249 | AY98: 262 | AZ98: 300 | BA98: 309 | BB98: 308 | BC98: 367 | BD98: 389.04844 | BE98: 387 | BF98: 399 | BG98: 416.46138 | BH98: 418.5234 | BI98: 431.64394 | BJ98: 399.91217 | BK98: 392.96503
A99: EBITDA | B99: EBITDA | C99: 0 | D99: 0 | E99: 0 | F99: 0 | G99: 0 | H99: 0 | I99: 0 | J99: 0 | K99: 0 | L99: 0 | M99: 0 | N99: 0 | O99: 0 | P99: 0 | Q99: 0 | R99: 0 | S99: 0 | T99: 0 | U99: 0 | V99: 0 | W99: 0 | X99: 0 | Y99: 0 | Z99: 0 | AA99: 0 | AB99: 0 | AC99: 0 | AD99: 0 | AE99: 0 | AF99: 0 | AG99: 0 | AH99: 0 | AI99: 0 | AJ99: 0 | AK99: 0 | AL99: 0 | AX99: =SUM(AX93:AX98) -> 194626.67 | AY99: =SUM(AY93:AY98) -> 162962.52 | AZ99: =SUM(AZ93:AZ98) -> 189296.33 | BA99: =SUM(BA93:BA98) -> 187772.58 | BB99: =SUM(BB93:BB98) -> 217478 | BC99: =SUM(BC93:BC98) -> 206179.18 | BD99: =SUM(BD93:BD98) -> 216888.35 | BE99: =SUM(BE93:BE98) -> 250950.59 | ... BK99: =SUM(BK93:BK98) -> 243760.15
A100: Margem EBITDA | B100: EBITDA Margin | C100: 0 | D100: 0 | E100: 0 | F100: 0 | G100: 0 | H100: 0 | I100: 0 | J100: 0 | K100: 0 | L100: 0 | M100: 0 | N100: 0 | O100: 0 | P100: 0 | Q100: 0 | R100: 0 | S100: 0 | T100: 0 | U100: 0 | V100: 0 | W100: 0 | X100: 0 | Y100: 0 | Z100: 0 | AA100: 0 | AB100: 0 | AC100: 0 | AD100: 0 | AE100: 0 | AF100: 0 | AG100: 0 | AH100: 0 | AI100: 0 | AJ100: 0 | AK100: 0 | AL100: 0 | AX100: =AX99/AX93 -> 0.69056469 | AY100: =AY99/AY93 -> 0.76335855 | AZ100: =AZ99/AZ93 -> 0.7901234 | BA100: =BA99/BA93 -> 0.77881294 | BB100: =BB99/BB93 -> 0.81089203 | BC100: =BC99/BC93 -> 0.78066277 | BD100: =BD99/BD93 -> 0.78244318 | BE100: =BE99/BE93 -> 0.89738798 | ... BK100: =BK99/BK93 -> 0.80191113
A103: DRE Varejo (I-Retail e Iguatemi 365) | B103: Retail P&L - i-Retail and Iguatemi 365 (R$ ‘000) | C103: =C$5 -> 1Q10 | D103: =D$5 -> 2Q10 | E103: =E$5 -> 3Q10 | F103: =F$5 -> 4Q10 | G103: =G$5 -> 1Q11 | H103: =H$5 -> 2Q11 | I103: =I$5 -> 3Q11 | J103: =J$5 -> 4Q11 | ... BK103: =BK$5 -> 1Q25
A104: Receita Bruta | B104: Gross Revenue | C104: 0 | D104: 0 | E104: 0 | F104: 0 | G104: 0 | H104: 0 | I104: 0 | J104: 0 | K104: 0 | L104: 0 | M104: 0 | N104: 0 | O104: 0 | P104: 0 | Q104: 0 | R104: 0 | S104: 0 | T104: 0 | U104: 0 | V104: 0 | W104: 0 | X104: 0 | Y104: 0 | Z104: 0 | AA104: 0 | AB104: 0 | AC104: 0 | AD104: 0 | AE104: 0 | AF104: 0 | AG104: 0 | AH104: 0 | AI104: 0 | AJ104: 0 | AK104: 0 | AL104: 0 | AM104: 0 | AN104: 0 | AO104: 0 | AP104: 0 | AQ104: 0 | AR104: 0 | AS104: 0 | AT104: 0 | AU104: 0 | AV104: 0 | AW104: 0 | AX104: 48779 | AY104: 25985.708 | AZ104: 32345.758 | BA104: 35585.183 | BB104: 46092.255 | BC104: 30177.253 | BD104: 39487.921 | BE104: 29337.217 | BF104: 46995 | BG104: 25768.088 | BH104: 38095.537 | BI104: 41821.828 | BJ104: 62301.78 | BK104: 35605.001
A105: Impostos e descontos | B105: Taxes and Discounts | C105: 0 | D105: 0 | E105: 0 | F105: 0 | G105: 0 | H105: 0 | I105: 0 | J105: 0 | K105: 0 | L105: 0 | M105: 0 | N105: 0 | O105: 0 | P105: 0 | Q105: 0 | R105: 0 | S105: 0 | T105: 0 | U105: 0 | V105: 0 | W105: 0 | X105: 0 | Y105: 0 | Z105: 0 | AA105: 0 | AB105: 0 | AC105: 0 | AD105: 0 | AE105: 0 | AF105: 0 | AG105: 0 | AH105: 0 | AI105: 0 | AJ105: 0 | AK105: 0 | AL105: 0 | AM105: 0 | AN105: 0 | AO105: 0 | AP105: 0 | AQ105: 0 | AR105: 0 | AS105: 0 | AT105: 0 | AU105: 0 | AV105: 0 | AW105: 0 | AX105: -15138 | AY105: -6586.894 | AZ105: -7281.8876 | BA105: -8232.8005 | BB105: -10205.339 | BC105: -7780.1704 | BD105: -8680.834 | BE105: -7159.7301 | BF105: -12227 | BG105: -6877.559 | BH105: -8961.316 | BI105: -10893.234 | BJ105: -16646.203 | BK105: -9604.478
A106: Receita Líquida | B106: Net Revenue | C106: 0 | D106: 0 | E106: 0 | F106: 0 | G106: 0 | H106: 0 | I106: 0 | J106: 0 | K106: 0 | L106: 0 | M106: 0 | N106: 0 | O106: 0 | P106: 0 | Q106: 0 | R106: 0 | S106: 0 | T106: 0 | U106: 0 | V106: 0 | W106: 0 | X106: 0 | Y106: 0 | Z106: 0 | AA106: 0 | AB106: 0 | AC106: 0 | AD106: 0 | AE106: 0 | AF106: 0 | AG106: 0 | AH106: 0 | AI106: 0 | AJ106: 0 | AK106: 0 | AL106: 0 | AM106: 0 | AN106: 0 | AO106: 0 | AP106: 0 | AQ106: 0 | AR106: 0 | AS106: 0 | AT106: 0 | AU106: 0 | AV106: 0 | AW106: 0 | AX106: =SUM(AX104:AX105) -> 33641 | AY106: =SUM(AY104:AY105) -> 19398.814 | AZ106: =SUM(AZ104:AZ105) -> 25063.87 | BA106: =SUM(BA104:BA105) -> 27352.383 | BB106: =SUM(BB104:BB105) -> 35886.917 | BC106: =SUM(BC104:BC105) -> 22397.082 | BD106: =SUM(BD104:BD105) -> 30807.087 | BE106: =SUM(BE104:BE105) -> 22177.487 | ... BK106: =SUM(BK104:BK105) -> 26000.523
A107: Custos e Despesas | B107: Costs and Expenses | C107: 0 | D107: 0 | E107: 0 | F107: 0 | G107: 0 | H107: 0 | I107: 0 | J107: 0 | K107: 0 | L107: 0 | M107: 0 | N107: 0 | O107: 0 | P107: 0 | Q107: 0 | R107: 0 | S107: 0 | T107: 0 | U107: 0 | V107: 0 | W107: 0 | X107: 0 | Y107: 0 | Z107: 0 | AA107: 0 | AB107: 0 | AC107: 0 | AD107: 0 | AE107: 0 | AF107: 0 | AG107: 0 | AH107: 0 | AI107: 0 | AJ107: 0 | AK107: 0 | AL107: 0 | AM107: 0 | AN107: 0 | AO107: 0 | AP107: 0 | AQ107: 0 | AR107: 0 | AS107: 0 | AT107: 0 | AU107: 0 | AV107: 0 | AW107: 0 | AX107: -42253.555 | AY107: -31511.191 | AZ107: -37380.019 | BA107: -33161.578 | BB107: -44948.63 | BC107: -29765.357 | BD107: -41430.708 | BE107: -24329.035 | BF107: -29959 | BG107: -20631.134 | BH107: -27057.603 | BI107: -27681.933 | BJ107: -38687.349 | BK107: -26517.456
A108: Outras Receitas (Desp.) Operacionais | B108: Other Operational Revenues | C108: 0 | D108: 0 | E108: 0 | F108: 0 | G108: 0 | H108: 0 | I108: 0 | J108: 0 | K108: 0 | L108: 0 | M108: 0 | N108: 0 | O108: 0 | P108: 0 | Q108: 0 | R108: 0 | S108: 0 | T108: 0 | U108: 0 | V108: 0 | W108: 0 | X108: 0 | Y108: 0 | Z108: 0 | AA108: 0 | AB108: 0 | AC108: 0 | AD108: 0 | AE108: 0 | AF108: 0 | AG108: 0 | AH108: 0 | AI108: 0 | AJ108: 0 | AK108: 0 | AL108: 0 | AM108: 0 | AN108: 0 | AO108: 0 | AP108: 0 | AQ108: 0 | AR108: 0 | AS108: 0 | AT108: 0 | AU108: 0 | AV108: 0 | AW108: 0 | AX108: -107.12746 | AY108: 894.63598 | AZ108: -787.91396 | BA108: 297.17358 | BB108: -4504.4792 | BC108: 179.04624 | BD108: 2744.344 | BE108: -1024.269 | BF108: -150 | BG108: 1884.438 | BH108: -2019.993 | BI108: 188.252 | BJ108: 998.989 | BK108: 1045.184
A109: Resultado de Equivalência Patrimonial | B109: Asset Equivalence Result | C109: 0 | D109: 0 | E109: 0 | F109: 0 | G109: 0 | H109: 0 | I109: 0 | J109: 0 | K109: 0 | L109: 0 | M109: 0 | N109: 0 | O109: 0 | P109: 0 | Q109: 0 | R109: 0 | S109: 0 | T109: 0 | U109: 0 | V109: 0 | W109: 0 | X109: 0 | Y109: 0 | Z109: 0 | AA109: 0 | AB109: 0 | AC109: 0 | AD109: 0 | AE109: 0 | AF109: 0 | AG109: 0 | AH109: 0 | AI109: 0 | AJ109: 0 | AK109: 0 | AL109: 0 | AM109: 0 | AN109: 0 | AO109: 0 | AP109: 0 | AQ109: 0 | AR109: 0 | AS109: 0 | AT109: 0 | AU109: 0 | AV109: 0 | AW109: 0 | AX109: 0 | AY109: 0 | AZ109: 0 | BA109: 0 | BB109: 0 | BC109: 0 | BD109: 0 | BE109: 0 | BF109: 0 | BG109: 0 | BH109: 0 | BI109: 0 | BJ109: 0 | BK109: 0
A110: EBITDA | B110: EBITDA | C110: 0 | D110: 0 | E110: 0 | F110: 0 | G110: 0 | H110: 0 | I110: 0 | J110: 0 | K110: 0 | L110: 0 | M110: 0 | N110: 0 | O110: 0 | P110: 0 | Q110: 0 | R110: 0 | S110: 0 | T110: 0 | U110: 0 | V110: 0 | W110: 0 | X110: 0 | Y110: 0 | Z110: 0 | AA110: 0 | AB110: 0 | AC110: 0 | AD110: 0 | AE110: 0 | AF110: 0 | AG110: 0 | AH110: 0 | AI110: 0 | AJ110: 0 | AK110: 0 | AL110: 0 | AM110: 0 | AN110: 0 | AO110: 0 | AP110: 0 | AQ110: 0 | AR110: 0 | AS110: 0 | AT110: 0 | AU110: 0 | AV110: 0 | AW110: 0 | AX110: =SUM(AX106:AX109) -> -8719.6824 | AY110: =SUM(AY106:AY109) -> -11217.742 | AZ110: =SUM(AZ106:AZ109) -> -13104.063 | BA110: =SUM(BA106:BA109) -> -5512.0215 | BB110: =SUM(BB106:BB109) -> -13566.193 | BC110: =SUM(BC106:BC109) -> -7189.2285 | BD110: =SUM(BD106:BD109) -> -7879.277 | BE110: =SUM(BE106:BE109) -> -3175.8177 | ... BK110: =SUM(BK106:BK109) -> 528.251
...

Sheet Abertura DRE | P&L Breakdown
C4: IGUATEMI EMPRESA DE SHOPPING CENTERS S/A | G4: IGUATEMI EMPRESA DE SHOPPING CENTERS S/A | K4: IGUATEMI EMPRESA DE SHOPPING CENTERS S/A | O4: IGUATEMI EMPRESA DE SHOPPING CENTERS S/A | S4: IGUATEMI EMPRESA DE SHOPPING CENTERS S/A | W4: IGUATEMI EMPRESA DE SHOPPING CENTERS S/A | AA4: IGUATEMI EMPRESA DE SHOPPING CENTERS S/A | AE4: IGUATEMI EMPRESA DE SHOPPING CENTERS S/A | AI4: IGUATEMI EMPRESA DE SHOPPING CENTERS S/A | AM4: IGUATEMI EMPRESA DE SHOPPING CENTERS S/A | AQ4: IGUATEMI EMPRESA DE SHOPPING CENTERS S/A | AU4: IGUATEMI EMPRESA DE SHOPPING CENTERS S/A | AY4: IGUATEMI S.A. | BC4: IGUATEMI S.A. | BG4: IGUATEMI S.A.
A5: Aberturas DRE - Gerencial | B5: DRE Openings - Managerial | C5: ='Indicadores | Indicators'!C5 -> 1Q10 | D5: ='Indicadores | Indicators'!D5 -> 2Q10 | E5: ='Indicadores | Indicators'!E5 -> 3Q10 | F5: ='Indicadores | Indicators'!F5 -> 4Q10 | G5: ='Indicadores | Indicators'!G5 -> 1Q11 | H5: ='Indicadores | Indicators'!H5 -> 2Q11 | I5: ='Indicadores | Indicators'!I5 -> 3Q11 | J5: ='Indicadores | Indicators'!J5 -> 4Q11 | ... BH5: ='Indicadores | Indicators'!BH5 -> 2Q24 | BI5: 3Q24 | BJ5: 4Q24 | BK5: 1Q25
A7: Informação Gerencial (R$ mil) | B7: Managerial (R$ ’000) | C7: =C5 -> 1Q10 | D7: =D5 -> 2Q10 | E7: =E5 -> 3Q10 | F7: =F5 -> 4Q10 | G7: =G5 -> 1Q11 | H7: =H5 -> 2Q11 | I7: =I5 -> 3Q11 | J7: =J5 -> 4Q11 | ... BK7: =BK5 -> 1Q25
A8: Custos de Aluguéis e Serviços | B8: Rent and Services Costs | C8: -10000 | D8: -15577 | E8: -13451 | F8: -16097 | G8: -14367 | H8: -15888 | I8: -14753 | J8: -21881 | K8: -17212 | L8: -20150 | M8: -25800 | N8: -23859 | O8: -20764 | P8: -21348 | Q8: -20699 | R8: -28359 | S8: -24106 | T8: -28945 | U8: -29187 | V8: -31894.464 | W8: -29632.89 | X8: -31603.223 | Y8: -30344.399 | Z8: -35281.836 | AA8: -27267 | AB8: -32741 | AC8: -27822 | AD8: -32936 | AE8: -30195 | AF8: -32774 | AG8: -28932 | AH8: -29641 | AI8: -29332 | AJ8: -30714 | AK8: -29766 | AL8: -33037 | AM8: -33510 | AN8: -34773 | AO8: -35646 | AP8: -44158 | AQ8: -34790 | AR8: -27434 | AS8: -38998 | AT8: -52890 | AU8: -47286 | AV8: -54020 | AW8: -62302 | AX8: -77442 | AY8: =SUM(AY9:AY17) -> -63562 | AZ8: =SUM(AZ9:AZ17) -> -71323 | BA8: =SUM(BA9:BA17) -> -68698.931 | BB8: =SUM(BB9:BB17) -> -85318 | BC8: =SUM(BC9:BC17) -> -66614 | BD8: =SUM(BD9:BD17) -> -78529.479 | BE8: =SUM(BE9:BE17) -> -58646.28 | BF8: =SUM(BF9:BF17) -> -68760 | ... BK8: =SUM(BK9:BK17) -> -61040.02
A9: Pessoal | B9: Personnel | C9: 0 | D9: 0 | E9: 0 | F9: 0 | G9: 0 | H9: 0 | I9: 0 | J9: 0 | K9: 0 | L9: 0 | M9: 0 | N9: 0 | O9: 0 | P9: 0 | Q9: 0 | R9: 0 | S9: 0 | T9: 0 | U9: 0 | V9: 0 | W9: 0 | X9: 0 | Y9: 0 | Z9: 0 | AA9: -6869 | AB9: -7567 | AC9: -7642 | AD9: -8084 | AE9: -7629 | AF9: -7409 | AG9: -7024 | AH9: -8614 | AI9: -7924 | AJ9: -5774 | AK9: -5959 | AL9: -7096 | AM9: -6329 | AN9: -6699 | AO9: -6690 | AP9: -6918 | AQ9: -6356 | AR9: -6486 | AS9: -6664 | AT9: -6064 | AU9: -5373 | AV9: -5836 | AW9: -6115 | AX9: -5964 | AY9: -7397 | AZ9: -5961 | BA9: -9150 | BB9: -10275 | BC9: -9883 | BD9: -11291.842 | BE9: -9615.979 | BF9: -10377 | BG9: -8529 | BH9: -10873 | BI9: -9045.423 | BJ9: -9970.392 | BK9: -8053.927
A10: Remuneração baseado em ações | B10: Share-based Compensation | C10: 0 | D10: 0 | E10: 0 | F10: 0 | G10: 0 | H10: 0 | I10: 0 | J10: 0 | K10: 0 | L10: 0 | M10: 0 | N10: 0 | O10: 0 | P10: 0 | Q10: 0 | R10: 0 | S10: 0 | T10: 0 | U10: 0 | V10: 0 | W10: 0 | X10: 0 | Y10: 0 | Z10: 0 | AA10: 0 | AB10: 0 | AC10: 0 | AD10: 0 | AE10: 0 | AF10: 0 | AG10: 0 | AH10: 0 | AI10: 0 | AJ10: 0 | AK10: 0 | AL10: 0 | AM10: 0 | AN10: 0 | AO10: 0 | AP10: 0 | AQ10: 0 | AR10: 0 | AS10: 0 | AT10: 0 | AU10: 0 | AV10: 0 | AW10: 0 | AX10: 0 | AY10: 0 | AZ10: 0 | BA10: 0 | BB10: 0 | BC10: 0 | BD10: 0 | BE10: 0 | BF10: - | BG10: - | BH10: - | BI10: - | BJ10: - | BK10: -
A11: Serviços de terceiros | B11: Third party services | C11: 0 | D11: 0 | E11: 0 | F11: 0 | G11: 0 | H11: 0 | I11: 0 | J11: 0 | K11: 0 | L11: 0 | M11: 0 | N11: 0 | O11: 0 | P11: 0 | Q11: 0 | R11: 0 | S11: 0 | T11: 0 | U11: 0 | V11: 0 | W11: 0 | X11: 0 | Y11: 0 | Z11: 0 | AA11: -2121 | AB11: -2241 | AC11: -1967 | AD11: -2767 | AE11: -1688 | AF11: -3223 | AG11: -3032 | AH11: -2086 | AI11: -2090 | AJ11: -2080 | AK11: -2012 | AL11: -3178 | AM11: -2473 | AN11: -1841 | AO11: -2400 | AP11: -4548 | AQ11: -2734 | AR11: -442 | AS11: -1581 | AT11: -3331 | AU11: -1316 | AV11: -2786 | AW11: -3282 | AX11: -3043 | AY11: -1482 | AZ11: -3348 | BA11: -1893 | BB11: -2803 | BC11: -1354 | BD11: -1878.324 | BE11: -2049.205 | BF11: -3171 | BG11: -2694 | BH11: -2912 | BI11: -3878.0682 | BJ11: -4135.0409 | BK11: -3675.6564
A12: Aluguel e condomínio | B12: Rent and Condominium | C12: 0 | D12: 0 | E12: 0 | F12: 0 | G12: 0 | H12: 0 | I12: 0 | J12: 0 | K12: 0 | L12: 0 | M12: 0 | N12: 0 | O12: 0 | P12: 0 | Q12: 0 | R12: 0 | S12: 0 | T12: 0 | U12: 0 | V12: 0 | W12: 0 | X12: 0 | Y12: 0 | Z12: 0 | AA12: 0 | AB12: 0 | AC12: 0 | AD12: 0 | AE12: 0 | AF12: 0 | AG12: 0 | AH12: 0 | AI12: 0 | AJ12: 0 | AK12: 0 | AL12: 0 | AM12: 0 | AN12: 0 | AO12: 0 | AP12: 0 | AQ12: 0 | AR12: 0 | AS12: 0 | AT12: 0 | AU12: 0 | AV12: 0 | AW12: 0 | AX12: 0 | AY12: 0 | AZ12: 0 | BA12: 0 | BB12: 0 | BC12: 0 | BD12: 0 | BE12: 0 | BF12: - | BG12: - | BH12: - | BI12: - | BJ12: - | BK12: -
A13: Fundo de promoção | B13: Promotional fund | C13: 0 | D13: 0 | E13: 0 | F13: 0 | G13: 0 | H13: 0 | I13: 0 | J13: 0 | K13: 0 | L13: 0 | M13: 0 | N13: 0 | O13: 0 | P13: 0 | Q13: 0 | R13: 0 | S13: 0 | T13: 0 | U13: 0 | V13: 0 | W13: 0 | X13: 0 | Y13: 0 | Z13: 0 | AA13: -1966 | AB13: -2050 | AC13: 423 | AD13: -2478 | AE13: -696 | AF13: -690 | AG13: -584 | AH13: -797 | AI13: -545 | AJ13: -363 | AK13: -447 | AL13: -617 | AM13: -486 | AN13: -489 | AO13: -488 | AP13: -623 | AQ13: -472 | AR13: -95 | AS13: -313 | AT13: -615 | AU13: -494 | AV13: -406 | AW13: -562 | AX13: -734 | AY13: -634 | AZ13: -665 | BA13: -710 | BB13: -947 | BC13: -809 | BD13: -820.811 | BE13: -832.669 | BF13: -1197 | BG13: -853 | BH13: -802 | BI13: -825.481 | BJ13: -1026.307 | BK13: -795.967
A14: Estacionamento | B14: Parking | C14: 0 | D14: 0 | E14: 0 | F14: 0 | G14: 0 | H14: 0 | I14: 0 | J14: 0 | K14: 0 | L14: 0 | M14: 0 | N14: 0 | O14: 0 | P14: 0 | Q14: 0 | R14: 0 | S14: 0 | T14: 0 | U14: 0 | V14: 0 | W14: 0 | X14: 0 | Y14: 0 | Z14: 0 | AA14: -9202 | AB14: -9594 | AC14: -9508 | AD14: -10141 | AE14: -9017 | AF14: -9022 | AG14: -6295 | AH14: -4739 | AI14: -7390 | AJ14: -7092 | AK14: -6933 | AL14: -5364 | AM14: -8069 | AN14: -8335 | AO14: -8433 | AP14: -8803 | AQ14: -8187 | AR14: -6603 | AS14: -8160 | AT14: -8816 | AU14: -8841 | AV14: -6243 | AW14: -7477 | AX14: -9795 | AY14: -10322 | AZ14: -11904 | BA14: -10422 | BB14: -11847 | BC14: -10871 | BD14: -8501.68 | BE14: -9661.933 | BF14: -11681 | BG14: -10343 | BH14: -10671 | BI14: -11493.906 | BJ14: -6183.824 | BK14: -11360.865
A15: Impostos, taxas e despesas legais | B15: Taxes, fees, legal costs | C15: 0 | D15: 0 | E15: 0 | F15: 0 | G15: 0 | H15: 0 | I15: 0 | J15: 0 | K15: 0 | L15: 0 | M15: 0 | N15: 0 | O15: 0 | P15: 0 | Q15: 0 | R15: 0 | S15: 0 | T15: 0 | U15: 0 | V15: 0 | W15: 0 | X15: 0 | Y15: 0 | Z15: 0 | AA15: 0 | AB15: 0 | AC15: 0 | AD15: 0 | AE15: 0 | AF15: 0 | AG15: 0 | AH15: 0 | AI15: 0 | AJ15: 0 | AK15: 0 | AL15: 0 | AM15: 0 | AN15: 0 | AO15: 0 | AP15: 0 | AQ15: 0 | AR15: 0 | AS15: 0 | AT15: 0 | AU15: 0 | AV15: 0 | AW15: 0 | AX15: 0 | AY15: 0 | AZ15: 0 | BA15: 0 | BB15: 0 | BC15: 0 | BD15: 0 | BE15: 0 | BF15: 0 | BG15: 0 | BH15: 0 | BI15: 0 | BJ15: 0 | BK15: 0
A16: Outros | B16: Others | C16: 0 | D16: 0 | E16: 0 | F16: 0 | G16: 0 | H16: 0 | I16: 0 | J16: 0 | K16: 0 | L16: 0 | M16: 0 | N16: 0 | O16: 0 | P16: 0 | Q16: 0 | R16: 0 | S16: 0 | T16: 0 | U16: 0 | V16: 0 | W16: 0 | X16: 0 | Y16: 0 | Z16: 0 | AA16: -7109 | AB16: -11289 | AC16: -9128 | AD16: -9466 | AE16: -11165 | AF16: -12430 | AG16: -11997 | AH16: -13405 | AI16: -11383 | AJ16: -15405 | AK16: -14415 | AL16: -16782 | AM16: -16153 | AN16: -17409 | AO16: -17635 | AP16: -23266 | AQ16: -17041 | AR16: -13808 | AS16: -22280 | AT16: -34064 | AU16: -31262 | AV16: -38749 | AW16: -44866 | AX16: -15652.445 | AY16: -12215.809 | AZ16: -12065 | BA16: -13362.359 | BB16: -14497 | BC16: -13932 | BD16: -14606.114 | BE16: -12157.444 | BF16: -12375 | BG16: -13215 | BH16: -11524 | BI16: -10477.861 | BJ16: -7373.7005 | BK16: -10636.149
A17: Varejo (i-Retail e Iguatemi 365) | B17: Retail operations (i-Retail and Iguatemi 365) | C17: 0 | D17: 0 | E17: 0 | F17: 0 | G17: 0 | H17: 0 | I17: 0 | J17: 0 | K17: 0 | L17: 0 | M17: 0 | N17: 0 | O17: 0 | P17: 0 | Q17: 0 | R17: 0 | S17: 0 | T17: 0 | U17: 0 | V17: 0 | W17: 0 | X17: 0 | Y17: 0 | Z17: 0 | AA17: 0 | AB17: 0 | AC17: 0 | AD17: 0 | AE17: 0 | AF17: 0 | AG17: 0 | AH17: 0 | AI17: 0 | AJ17: 0 | AK17: 0 | AL17: 0 | AM17: 0 | AN17: 0 | AO17: 0 | AP17: 0 | AQ17: 0 | AR17: 0 | AS17: 0 | AT17: 0 | AU17: 0 | AV17: 0 | AW17: 0 | AX17: -42254 | AY17: -31511.191 | AZ17: -37380 | BA17: -33161.572 | BB17: -44949 | BC17: -29765 | BD17: -41430.708 | BE17: -24329.05 | BF17: -29959 | BG17: -20631 | BH17: -27058 | BI17: -27681.933 | BJ17: -38687.349 | BK17: -26517.456
A18: Despesas | B18: Expenses | C18: -11357 | D18: -12840 | E18: -12123 | F18: -19157 | G18: -13721 | H18: -15538 | I18: -25761 | J18: -21183 | K18: -13679 | L18: -17128 | M18: -24016 | N18: -23780 | O18: -14127 | P18: -17984 | Q18: -21442 | R18: -29107 | S18: -17269 | T18: -17803 | U18: -16662 | V18: -15098.066 | W18: -15055.106 | X18: -15160.318 | Y18: -13931.292 | Z18: -18838.386 | AA18: -13768 | AB18: -13240 | AC18: -10617 | AD18: -8388 | AE18: -11509 | AF18: -13910 | AG18: -11713 | AH18: -16403 | AI18: -16131 | AJ18: -17922 | AK18: -16703 | AL18: -24315 | AM18: -15011 | AN18: -19890 | AO18: -17998 | AP18: -19187 | AQ18: -16445 | AR18: -11495 | AS18: -13465 | AT18: -15192 | AU18: -16468 | AV18: -20416 | AW18: -19774 | AX18: -25980 | AY18: =SUM(AY19:AY26) -> -21505 | AZ18: =SUM(AZ19:AZ26) -> -28075.959 | BA18: =SUM(BA19:BA26) -> -28270.916 | BB18: =SUM(BB19:BB26) -> -36561 | BC18: =SUM(BC19:BC26) -> -24736 | BD18: =SUM(BD19:BD26) -> -29989.573 | BE18: =SUM(BE19:BE26) -> -26312.487 | BF18: =SUM(BF19:BF26) -> -30913 | ... BK18: =SUM(BK19:BK26) -> -35876.289
A19: Pessoal | B19: Personnel | C19: 0 | D19: 0 | E19: 0 | F19: 0 | G19: 0 | H19: 0 | I19: 0 | J19: 0 | K19: 0 | L19: 0 | M19: 0 | N19: 0 | O19: 0 | P19: 0 | Q19: 0 | R19: 0 | S19: 0 | T19: 0 | U19: 0 | V19: 0 | W19: 0 | X19: 0 | Y19: 0 | Z19: 0 | AA19: -8332 | AB19: -7744 | AC19: -6329 | AD19: -2414 | AE19: -6292 | AF19: -8576 | AG19: -7122 | AH19: -10126 | AI19: -10463 | AJ19: -10684 | AK19: -8553 | AL19: -15591 | AM19: -8279 | AN19: -12224 | AO19: -11531 | AP19: -10669 | AQ19: -6172 | AR19: -4692 | AS19: -6890 | AT19: -6233 | AU19: -8011 | AV19: -12693 | AW19: -10428 | AX19: -12737 | AY19: -10043 | AZ19: -17064 | BA19: -15452.648 | BB19: -21299 | BC19: -13892 | BD19: -16750.775 | BE19: -14052.299 | BF19: -20162 | BG19: -16572 | BH19: -15864 | BI19: -14475.485 | BJ19: -27462.831 | BK19: -22173.778
A20: Remuneração baseado em ações | B20: Share-based Compensation | C20: 0 | D20: 0 | E20: 0 | F20: 0 | G20: 0 | H20: 0 | I20: 0 | J20: 0 | K20: 0 | L20: 0 | M20: 0 | N20: 0 | O20: 0 | P20: 0 | Q20: 0 | R20: 0 | S20: 0 | T20: 0 | U20: 0 | V20: 0 | W20: 0 | X20: 0 | Y20: 0 | Z20: 0 | AA20: -347 | AB20: -348 | AC20: -348 | AD20: -348 | AE20: -66 | AF20: 0 | AG20: 0 | AH20: 0 | AI20: 0 | AJ20: -864 | AK20: -1295 | AL20: -1296 | AM20: -1371 | AN20: -1870 | AO20: -1620 | AP20: -1620 | AQ20: -2097 | AR20: -2096 | AS20: -1950 | AT20: -1948 | AU20: -2137 | AV20: -2137 | AW20: -2138 | AX20: -5748 | AY20: -3552 | AZ20: -3552 | BA20: -3068.25 | BB20: -3391 | BC20: -3552 | BD20: -3552 | BE20: -3552 | BF20: -3755 | BG20: -3552 | BH20: -3552 | BI20: -3552 | BJ20: -5139 | BK20: -3948.75
A21: Serviços de terceiros | B21: Third party services | C21: 0 | D21: 0 | E21: 0 | F21: 0 | G21: 0 | H21: 0 | I21: 0 | J21: 0 | K21: 0 | L21: 0 | M21: 0 | N21: 0 | O21: 0 | P21: 0 | Q21: 0 | R21: 0 | S21: 0 | T21: 0 | U21: 0 | V21: 0 | W21: 0 | X21: 0 | Y21: 0 | Z21: 0 | AA21: -2062 | AB21: -2359 | AC21: -1238 | AD21: -2533 | AE21: -2113 | AF21: -2159 | AG21: -1925 | AH21: -3207 | AI21: -2634 | AJ21: -2867 | AK21: -3817 | AL21: -3687 | AM21: -2111 | AN21: -3682 | AO21: -3058 | AP21: -4120 | AQ21: -5494 | AR21: -2514 | AS21: -2514 | AT21: -4699 | AU21: -3821 | AV21: -3591 | AW21: -4483 | AX21: -4331 | AY21: -4558 | AZ21: -4351.766 | BA21: -5696.944 | BB21: -8246 | BC21: -3557 | BD21: -6412.373 | BE21: -3373.002 | BF21: -3102 | BG21: -4497 | BH21: -4509 | BI21: -3597.3521 | BJ21: -5097.5355 | BK21: -5096.614
A22: Aluguel e condomínio | B22: Rent and Condominium | C22: 0 | D22: 0 | E22: 0 | F22: 0 | G22: 0 | H22: 0 | I22: 0 | J22: 0 | K22: 0 | L22: 0 | M22: 0 | N22: 0 | O22: 0 | P22: 0 | Q22: 0 | R22: 0 | S22: 0 | T22: 0 | U22: 0 | V22: 0 | W22: 0 | X22: 0 | Y22: 0 | Z22: 0 | AA22: 0 | AB22: 0 | AC22: 0 | AD22: 0 | AE22: 0 | AF22: 0 | AG22: 0 | AH22: 0 | AI22: 0 | AJ22: 0 | AK22: 0 | AL22: 0 | AM22: 0 | AN22: 0 | AO22: 0 | AP22: 0 | AQ22: 0 | AR22: 0 | AS22: 0 | AT22: 0 | AU22: 0 | AV22: 0 | AW22: 0 | AX22: 0 | AY22: 0 | AZ22: 0 | BA22: 0 | BB22: 0 | BC22: 0 | BD22: 0 | BE22: 0 | BF22: - | BG22: - | BH22: - | BI22: - | BJ22: - | BK22: -
A23: Fundo de promoção | B23: Promotional fund | C23: 0 | D23: 0 | E23: 0 | F23: 0 | G23: 0 | H23: 0 | I23: 0 | J23: 0 | K23: 0 | L23: 0 | M23: 0 | N23: 0 | O23: 0 | P23: 0 | Q23: 0 | R23: 0 | S23: 0 | T23: 0 | U23: 0 | V23: 0 | W23: 0 | X23: 0 | Y23: 0 | Z23: 0 | AA23: 0 | AB23: 0 | AC23: 0 | AD23: 0 | AE23: 0 | AF23: 0 | AG23: 0 | AH23: 0 | AI23: 0 | AJ23: 0 | AK23: 0 | AL23: 0 | AM23: 0 | AN23: 0 | AO23: 0 | AP23: 0 | AQ23: 0 | AR23: 0 | AS23: 0 | AT23: 0 | AU23: 0 | AV23: 0 | AW23: 0 | AX23: 0 | AY23: 0 | AZ23: 0 | BA23: 0 | BB23: 0 | BC23: 0 | BD23: 0 | BE23: 0 | BF23: - | BG23: - | BH23: - | BI23: - | BJ23: - | BK23: -
A24: Estacionamento | B24: Parking | C24: 0 | D24: 0 | E24: 0 | F24: 0 | G24: 0 | H24: 0 | I24: 0 | J24: 0 | K24: 0 | L24: 0 | M24: 0 | N24: 0 | O24: 0 | P24: 0 | Q24: 0 | R24: 0 | S24: 0 | T24: 0 | U24: 0 | V24: 0 | W24: 0 | X24: 0 | Y24: 0 | Z24: 0 | AA24: 0 | AB24: 0 | AC24: 0 | AD24: 0 | AE24: 0 | AF24: 0 | AG24: 0 | AH24: 0 | AI24: 0 | AJ24: 0 | AK24: 0 | AL24: 0 | AM24: 0 | AN24: 0 | AO24: 0 | AP24: 0 | AQ24: 0 | AR24: 0 | AS24: 0 | AT24: 0 | AU24: 0 | AV24: 0 | AW24: 0 | AX24: 0 | AY24: 0 | AZ24: 0 | BA24: 0 | BB24: 0 | BC24: 0 | BD24: 0 | BE24: 0 | BF24: - | BG24: - | BH24: - | BI24: - | BJ24: - | BK24: -
A25: Impostos, taxas e despesas legais | B25: Taxes, fees, legal expenses | C25: 0 | D25: 0 | E25: 0 | F25: 0 | G25: 0 | H25: 0 | I25: 0 | J25: 0 | K25: 0 | L25: 0 | M25: 0 | N25: 0 | O25: 0 | P25: 0 | Q25: 0 | R25: 0 | S25: 0 | T25: 0 | U25: 0 | V25: 0 | W25: 0 | X25: 0 | Y25: 0 | Z25: 0 | AA25: 0 | AB25: 0 | AC25: 0 | AD25: 0 | AE25: 0 | AF25: 0 | AG25: 0 | AH25: 0 | AI25: 0 | AJ25: 0 | AK25: 0 | AL25: 0 | AM25: 0 | AN25: 0 | AO25: 0 | AP25: 0 | AQ25: 0 | AR25: 0 | AS25: 0 | AT25: 0 | AU25: 0 | AV25: 0 | AW25: 0 | AX25: 0 | AY25: 0 | AZ25: 0 | BA25: 0 | BB25: 0 | BC25: 0 | BD25: 0 | BE25: 0 | BF25: - | BG25: - | BH25: - | BI25: - | BJ25: - | BK25: -
A26: Outros | B26: Others | C26: 0 | D26: 0 | E26: 0 | F26: 0 | G26: 0 | H26: 0 | I26: 0 | J26: 0 | K26: 0 | L26: 0 | M26: 0 | N26: 0 | O26: 0 | P26: 0 | Q26: 0 | R26: 0 | S26: 0 | T26: 0 | U26: 0 | V26: 0 | W26: 0 | X26: 0 | Y26: 0 | Z26: 0 | AA26: -3027 | AB26: -2789 | AC26: -2702 | AD26: -3093 | AE26: -3038 | AF26: -3175 | AG26: -2666 | AH26: -3070 | AI26: -3034 | AJ26: -3507 | AK26: -3038 | AL26: -3741 | AM26: -3250 | AN26: -2114 | AO26: -1789 | AP26: -2778 | AQ26: -2682 | AR26: -2193 | AS26: -2111 | AT26: -2312 | AU26: -2499 | AV26: -1995 | AW26: -2725 | AX26: -3164 | AY26: -3352 | AZ26: -3108.193 | BA26: -4053.074 | BB26: -3625 | BC26: -3735 | BD26: -3274.425 | BE26: -5335.186 | BF26: -3894 | BG26: -3605.2757 | BH26: -4263 | BI26: -3715.52 | BJ26: -4128.0353 | BK26: -4657.1466
A27: Subtotal | B27: Subtotal | C27: -21357 | D27: -28417 | E27: -25574 | F27: -35254 | G27: -28088 | H27: -31426 | I27: -40514 | J27: -43064 | K27: -30891 | L27: -37278 | M27: -49816 | N27: -47639 | O27: -34891 | P27: -39332 | Q27: -42141 | R27: -57465 | S27: -41375 | T27: -46748 | U27: -45849 | V27: -46992.53 | W27: -44687.996 | X27: -46763.541 | Y27: -44275.691 | Z27: -54120.222 | AA27: -41035 | AB27: -45981 | AC27: -38439 | AD27: -41324 | AE27: -41704 | AF27: -46684 | AG27: -40645 | AH27: -46044 | AI27: -45463 | AJ27: -48636 | AK27: -46469 | AL27: -57352 | AM27: -48521 | AN27: -54663 | AO27: -53644 | AP27: -63345 | AQ27: -51235 | AR27: -38929 | AS27: -52463 | AT27: -68082 | AU27: -63754 | AV27: -74436 | AW27: -82076 | AX27: -103422 | AY27: =AY18+AY8 -> -85067 | AZ27: =AZ18+AZ8 -> -99398.959 | BA27: =BA18+BA8 -> -96969.847 | BB27: =BB18+BB8 -> -121879 | BC27: =BC18+BC8 -> -91350 | BD27: =BD18+BD8 -> -108519.05 | BE27: =BE18+BE8 -> -84958.767 | BF27: =BF18+BF8 -> -99673 | ... BK27: =BK18+BK8 -> -96916.309
A28: Depreciação e Amortização | B28: Depreciation and Amortization | C28: -4414 | D28: -5537 | E28: -5209 | F28: -5275 | G28: -5056 | H28: -6010 | I28: -6523 | J28: -8142 | K28: -8357 | L28: -9509 | M28: -11208 | N28: -11594 | O28: -11892 | P28: -12057 | Q28: -13260 | R28: -16879 | S28: -18574 | T28: -21824 | U28: -23180 | V28: -23856.775 | W28: -24335.447 | X28: -25184.539 | Y28: -25917.826 | Z28: -27306.866 | AA28: -27847 | AB28: -27223 | AC28: -26751 | AD28: -26500 | AE28: -26479 | AF28: -26381 | AG28: -26743 | AH28: -26729 | AI28: -27069 | AJ28: -27274 | AK28: -27468 | AL28: -27830 | AM28: -31104 | AN28: -31524 | AO28: -31948 | AP28: -33446 | AQ28: -37005 | AR28: -37281 | AS28: -36509 | AT28: -38205 | AU28: -37144 | AV28: -38727 | AW28: -39679 | AX28: -39834 | AY28: -38635 | AZ28: -38860.009 | BA28: -41155.866 | BB28: -39931 | BC28: -44296 | BD28: -43481.479 | BE28: -43290.25 | BF28: -43297 | BG28: -45306 | BH28: -47348 | BI28: -47879.053 | BJ28: -55185.647 | BK28: -24621.013
A29: Total | B29: Total | C29: -25771 | D29: -33954 | E29: -30783 | F29: -40529 | G29: -33144 | H29: -37436 | I29: -47037 | J29: -51206 | K29: -39248 | L29: -46787 | M29: -61024 | N29: -59233 | O29: -46782 | P29: -51389 | Q29: -55401 | R29: -74344 | S29: -59949 | T29: -68572 | U29: -69029 | V29: -70849.305 | W29: -69023.444 | X29: -71948.08 | Y29: -70193.516 | Z29: -81427.087 | AA29: -68882 | AB29: -73204 | AC29: -65190 | AD29: -67824 | AE29: -68183 | AF29: -73065 | AG29: -67388 | AH29: -72773 | AI29: -72532 | AJ29: -75910 | AK29: -73937 | AL29: -85182 | AM29: -79625 | AN29: -86187 | AO29: -85592 | AP29: -96791 | AQ29: -88240 | AR29: -76210 | AS29: -88972 | AT29: -106287 | AU29: -100898 | AV29: -113163 | AW29: -121755 | AX29: -143256 | AY29: =SUM(AY27:AY28) -> -123702 | AZ29: =SUM(AZ27:AZ28) -> -138258.97 | BA29: =SUM(BA27:BA28) -> -138125.71 | BB29: =SUM(BB27:BB28) -> -161810 | BC29: =SUM(BC27:BC28) -> -135646 | BD29: =SUM(BD27:BD28) -> -152000.53 | BE29: =SUM(BE27:BE28) -> -128249.02 | BF29: =SUM(BF27:BF28) -> -142970 | ... BK29: =SUM(BK27:BK28) -> -121537.32
A32: Outras Receitas e Despesas Operacionais (R$ mil) (1) | B32: Other Operational Revenues (Expenses) (R$ ‘000) | C32: =C7 -> 1Q10 | D32: =D7 -> 2Q10 | E32: =E7 -> 3Q10 | F32: =F7 -> 4Q10 | G32: =G7 -> 1Q11 | H32: =H7 -> 2Q11 | I32: =I7 -> 3Q11 | J32: =J7 -> 4Q11 | ... BK32: =BK7 -> 1Q25
A33: Desenvolvimento imobiliário (2) | B33: Property development (1) | C33: - | D33: 8000 | E33: 11800 | F33: - | G33: - | H33: 10700 | I33: - | J33: 4517.2868 | K33: - | L33: 24300 | M33: - | N33: 6363.6114 | O33: 14100 | P33: - | Q33: - | R33: 11300 | S33: 7000 | T33: - | U33: 6500 | V33: 9300 | W33: - | X33: - | Y33: 6780 | Z33: 12400 | AA33: - | AB33: - | AC33: - | AD33: - | AE33: - | AF33: - | AG33: - | AH33: - | AI33: - | AJ33: - | AK33: - | AL33: 14750 | AM33: 0 | AN33: 0 | AO33: 20116 | AP33: 0 | AQ33: 0 | AR33: 0 | AS33: 0 | AT33: 18925 | AU33: 0 | AV33: 0 | AW33: 19865 | AX33: 7829 | AY33: 0 | AZ33: 0 | BA33: 0 | BB33: 23439 | BC33: - | BD33: - | BE33: 3333 | BF33: 31157 | BG33: 0 | BH33: 0 | BI33: 0 | BJ33: 35000 | BK33: 0
A34: Outros | B34: Other | C34: 189 | D34: 3402 | E34: 1486 | F34: 7077 | G34: 509 | H34: -2178 | I34: 20824 | J34: 14203.713 | K34: 1156 | L34: -1721 | M34: 110636 | N34: 20130.389 | O34: 318 | P34: 2481 | Q34: 6765 | R34: 22904 | S34: 1693 | T34: 3084 | U34: 3824 | V34: 14293 | W34: -1460 | X34: 12520 | Y34: 12604 | Z34: 13613 | AA34: 9354 | AB34: 4534 | AC34: 5010 | AD34: 91 | AE34: -180 | AF34: 7444 | AG34: 4499 | AH34: 10526 | AI34: 2493 | AJ34: 5852 | AK34: 9828 | AL34: 871 | AM34: 4636 | AN34: 4369 | AO34: 19375 | AP34: 52013 | AQ34: -2984 | AR34: -7394 | AS34: 4066 | AT34: 26658 | AU34: -4432 | AV34: 12788 | AW34: 3301 | AX34: 3003.1275 | AY34: -2902.636 | AZ34: 8688.914 | BA34: 3370 | BB34: -4929.5208 | BC34: 982.95376 | BD34: -1460.344 | BE34: 5773.269 | BF34: -3899 | BG34: 1058.06 | BH34: 2656 | BI34: 5463 | BJ34: 6222.171 | BK34: 7794.491
A35: Revenda de ponto e Linearização Revenda de ponto | B35: Key Money and Straight-line effect over Key Money | C35: - | D35: - | E35: - | F35: - | G35: - | H35: - | I35: - | J35: - | K35: - | L35: - | M35: - | N35: - | O35: - | P35: - | Q35: - | R35: - | S35: - | T35: - | U35: - | V35: - | W35: - | X35: - | Y35: - | Z35: - | AA35: - | AB35: - | AC35: - | AD35: - | AE35: - | AF35: - | AG35: - | AH35: - | AI35: - | AJ35: - | AK35: - | AL35: - | AM35: - | AN35: - | AO35: - | AP35: - | AQ35: - | AR35: - | AS35: - | AT35: - | AU35: - | AV35: - | AW35: - | AX35: -37123 | AY35: 3793 | AZ35: 4217 | BA35: 4588 | BB35: 5221 | BC35: 4070 | BD35: 4404 | BE35: 5000 | BF35: 5838 | BG35: 4791 | BH35: 5071 | BI35: 0 | BJ35: 0 | BK35: 5845.606
